Workbook
Name \0: #REF!
Name \00: #REF!
Name \a: #REF!
Name \AA: [1]LIQUIDACION!#REF!
Name \b: [2]STRSUMM0!#REF!
Name \bb: [2]STRSUMM0!#REF!
Name \E: #REF!
Name \EE: #REF!
Name \eliminar: [3]RESUM96!#REF!
Name \eliminar1: [3]RESUM96!#REF!
Name \G: #REF!
Name \k: '[4]7422CW00'!#REF!
Name \l: [5]STRSUMM0!#REF!
Name \M: #REF!
Name \ñ: '[6]7422CW00'!#REF!
Name \P: #REF!
Name \q: #REF!
Name \R: #REF!
Name \s: #REF!
Name \V: #REF!
Name \X: 'MC 1'!ERR
Name \X: 'MC 2-3-4'!ERR
Name \X: 'MC 5'!ERR
Name \X: [0]!ERR
Name \Z: 'MC 1'!ERR
Name \Z: 'MC 2-3-4'!ERR
Name \Z: 'MC 5'!ERR
Name \Z: [0]!ERR
Name _______________________________________f: #REF!
Name ______________________________________f: #REF!
Name _____________________________________f: #REF!
Name ____________________________________f: #REF!
Name ____________________________________PJ50: #REF!
Name ___________________________________f: #REF!
Name __________________________________f: #REF!
Name _________________________________f: #REF!
Name ________________________________f: #REF!
Name _______________________________f: #REF!
Name ______________________________f: #REF!
Name ______________________________IPC2002: #REF!
Name _____________________________f: #REF!
Name ____________________________f: #REF!
Name ___________________________f: #REF!
Name __________________________f: #REF!
Name _________________________f: #REF!
Name ________________________f: #REF!
Name _______________________f: #REF!
Name ______________________f: #REF!
Name _____________________f: #REF!
Name ____________________f: #REF!
Name ___________________f: #REF!
Name __________________f: #REF!
Name __________________MAT38: #REF!
Name __________________MAT39: #REF!
Name __________________MAT40: #REF!
Name __________________MV4: #REF!
Name __________________POR1: #REF!
Name __________________POR2: #REF!
Name __________________POR3: #REF!
Name __________________POR4: #REF!

Sheet MC 5
C5: =+[42]DATOS!C$7 -> MEJORAMIENTO DE VIVIENDA CON ENFOQUE DIFERENCIAL PARA POBLACIÓN VULNERABLE EN EL MUNICIPIO DE CUBARÁ, BOYACÁ (2026).
C7: Formato Memoria de Cantidades de Obra
C8: Entidad Proponente: | E8: Alcaldía de Cubara
C9: Entidad Ejecutora: | E9: SECRETARÍA DE PLANEACIÓN Y OBRAS PUBLICAS
C10: Fecha: | E10: =+[42]DATOS!F$5 -> 46143 | K10: Departamento: | M10: BOYACÁ
C11: Etapa: | E11: Año Calendario: | G11: =+[42]DATOS!E$5 -> 2026 | H11: Año del Proyectó: | I11: =+[42]DATOS!E$5 -> 2026 | K11: Municipio: | M11: CUBARA
C13: MEMORIAS DE CANTIDADES DE OBRA
C15: Ítem | D15: Actividad | F15: Und. | I15: Localización de los Elementos | J15: Formula de Cálculo | L15: Dimensiones | R15: Cantidades
C16: =+'PRESUPUESTO OFICIAL '!C61 -> 5.01 | D16: =+VLOOKUP(C16,'PRESUPUESTO OFICIAL '!$C$11:$H$103,2) -> SUMINISTRO E INSTALACIÓN DE ALIMENTADOR PARCIAL MONOFÁSICO EN CABLE DE COBRE No.12 AWG ( F,N,T). (INCLUYE TUBO PVC DE 1/2") | F16: =+VLOOKUP(C16,'PRESUPUESTO OFICIAL '!$C$11:$H$103,3) -> M | L16: A (m2) Area | M16: P(m) Perímetro | N16: a (m) Ancho | O16: L (m) Largo | P16: h (m) Alto - Espesor | Q16: V (m3) Volumen | R16: C (Und) Cant. De elementos | S16: Cant. Parcial | U16: =+C16 -> 5.01 | V16: =+S64 -> 341.62
A18: 1 | I18: BANEFICIARIO 1 | J18: =+VLOOKUP(K18,$AH$22:$AJ$58,2,) -> M=(Largo) x Cant | K18: =+F16 -> M | O18: =+S18 -> 0 | S18: =+HLOOKUP(A18,[238]Hoja1!$2:$78,48,FALSE) -> 0 | X18: =+N18*O18 -> 0
A19: 2 | I19: BANEFICIARIO 2 | J19: =+VLOOKUP(K19,$AH$22:$AJ$58,2,) -> M=(Largo) x Cant | K19: =+K18 -> M | O19: =+S19 -> 7 | R19: 1 | S19: =+HLOOKUP(A19,[238]Hoja1!$2:$78,48,FALSE) -> 7 | X19: =+N19*O19 -> 0 | Y19: =+X19 -L19 -> 0
A20: 3 | I20: BANEFICIARIO 3 | J20: =+VLOOKUP(K20,$AH$22:$AJ$58,2,) -> M=(Largo) x Cant | K20: =+K19 -> M | O20: =+S20 -> 7 | R20: 1 | S20: =+HLOOKUP(A20,[238]Hoja1!$2:$78,48,FALSE) -> 7 | X20: =+N20*O20 -> 0 | Y20: =+X20 -L20 -> 0
A21: 4 | I21: BANEFICIARIO 4 | J21: =+VLOOKUP(K21,$AH$22:$AJ$58,2,) -> M=(Largo) x Cant | K21: =+K20 -> M | O21: =+S21 -> 7 | R21: 1 | S21: =+HLOOKUP(A21,[238]Hoja1!$2:$78,48,FALSE) -> 7 | X21: =+N21*O21 -> 0 | Y21: =+X21 -L21 -> 0 | AK21: M2 | AL21: A=(Ancho x Largo)* Cant
A22: 5 | I22: BANEFICIARIO 5 | J22: =+VLOOKUP(K22,$AH$22:$AJ$58,2,) -> M=(Largo) x Cant | K22: =+K21 -> M | O22: =+S22 -> 7 | R22: 1 | S22: =+HLOOKUP(A22,[238]Hoja1!$2:$78,48,FALSE) -> 7 | X22: =+N22*O22 -> 0 | Y22: =+X22 -L22 -> 0 | AH22: M2 | AI22: A=(Ancho x Largo)* Cant | AK22: M3 | AL22: V=(Ancho x Largo x Alto)* Cant
A23: 6 | I23: BANEFICIARIO 6 | J23: =+VLOOKUP(K23,$AH$22:$AJ$58,2,) -> M=(Largo) x Cant | K23: =+K22 -> M | O23: =+S23 -> 12.2 | R23: 1 | S23: =+HLOOKUP(A23,[238]Hoja1!$2:$78,48,FALSE) -> 12.2 | X23: =+N23*O23 -> 0 | Y23: =+X23 -L23 -> 0 | AH23: M3 | AI23: V=(Ancho x Largo x Alto)* Cant | AK23: M | AL23: M=(Largo) x Cant
A24: 7 | I24: BANEFICIARIO 7 | J24: =+VLOOKUP(K24,$AH$22:$AJ$58,2,) -> M=(Largo) x Cant | K24: =+K18 -> M | O24: =+S24 -> 0 | S24: =+HLOOKUP(A24,[238]Hoja1!$2:$78,48,FALSE) -> 0 | X24: =+N24*O24 -> 0 | Y24: =+X24 -L24 -> 0 | AH24: M | AI24: M=(Largo) x Cant | AK24: UND | AL24: UND= Cant de elementos
A25: 8 | I25: BANEFICIARIO 8 | J25: =+VLOOKUP(K25,$AH$22:$AJ$58,2,) -> M=(Largo) x Cant | K25: =+K24 -> M | O25: =+S25 -> 12 | R25: 1 | S25: =+HLOOKUP(A25,[238]Hoja1!$2:$78,48,FALSE) -> 12 | X25: =+N25*O25 -> 0 | Y25: =+X25 -L25 -> 0 | AH25: UND | AI25: UND= Cant de elementos
A26: 9 | I26: BANEFICIARIO 9 | J26: =+VLOOKUP(K26,$AH$22:$AJ$58,2,) -> M=(Largo) x Cant | K26: =+K25 -> M | O26: =+S26 -> 7 | R26: 1 | S26: =+HLOOKUP(A26,[238]Hoja1!$2:$78,48,FALSE) -> 7 | X26: =+N26*O26 -> 0 | Y26: =+X26 -L26 -> 0 | AH26: KG | AI26: Kilogramos x Cant. Elementos
A27: 10 | I27: BANEFICIARIO 10 | J27: =+VLOOKUP(K27,$AH$22:$AJ$58,2,) -> M=(Largo) x Cant | K27: =+K26 -> M | O27: =+S27 -> 0 | S27: =+HLOOKUP(A27,[238]Hoja1!$2:$78,48,FALSE) -> 0 | X27: =+N27*O27 -> 0 | Y27: =+X27 -L27 -> 0
A28: 11 | I28: BANEFICIARIO 11 | J28: =+VLOOKUP(K28,$AH$22:$AJ$58,2,) -> M=(Largo) x Cant | K28: =+K27 -> M | O28: =+S28 -> 127.82 | R28: 1 | S28: =+HLOOKUP(A28,[238]Hoja1!$2:$78,48,FALSE) -> 127.82 | X28: =+N28*O28 -> 0 | Y28: =+X28 -L28 -> 0
A29: 12 | I29: BANEFICIARIO 12 | J29: =+VLOOKUP(K29,$AH$22:$AJ$58,2,) -> M=(Largo) x Cant | K29: =+K23 -> M | O29: =+S29 -> 0 | S29: =+HLOOKUP(A29,[238]Hoja1!$2:$78,48,FALSE) -> 0 | X29: =+N29*O29 -> 0 | Y29: =+X29 -L29 -> 0 | AH29: M | AI29: M=(Largo) x Cant | AK29: UND | AL29: UND= Cant de elementos
A30: 13 | I30: BANEFICIARIO 13 | J30: =+VLOOKUP(K30,$AH$22:$AJ$58,2,) -> M=(Largo) x Cant | K30: =+K25 -> M | O30: =+S30 -> 0 | S30: =+HLOOKUP(A30,[238]Hoja1!$2:$78,48,FALSE) -> 0 | X30: =+N30*O30 -> 0 | Y30: =+X30 -L30 -> 0 | AH30: UND | AI30: UND= Cant de elementos
A31: 14 | I31: BANEFICIARIO 14 | J31: =+VLOOKUP(K31,$AH$22:$AJ$58,2,) -> M=(Largo) x Cant | K31: =+K30 -> M | O31: =+S31 -> 7 | R31: 1 | S31: =+HLOOKUP(A31,[238]Hoja1!$2:$78,48,FALSE) -> 7 | X31: =+N31*O31 -> 0 | Y31: =+X31 -L31 -> 0
A32: 15 | I32: BANEFICIARIO 15 | J32: =+VLOOKUP(K32,$AH$22:$AJ$58,2,) -> M=(Largo) x Cant | K32: =+K31 -> M | O32: =+S32 -> 0 | S32: =+HLOOKUP(A32,[238]Hoja1!$2:$78,48,FALSE) -> 0 | X32: =+N32*O32 -> 0 | Y32: =+X32 -L32 -> 0
A33: 16 | I33: BANEFICIARIO 16 | J33: =+VLOOKUP(K33,$AH$22:$AJ$58,2,) -> M=(Largo) x Cant | K33: =+K32 -> M | O33: =+S33 -> 11 | R33: 1 | S33: =+HLOOKUP(A33,[238]Hoja1!$2:$78,48,FALSE) -> 11 | X33: =+N33*O33 -> 0 | Y33: =+X33 -L33 -> 0
A34: 17 | I34: BANEFICIARIO 17 | J34: =+VLOOKUP(K34,$AH$22:$AJ$58,2,) -> M=(Largo) x Cant | K34: =+K33 -> M | O34: =+S34 -> 0 | S34: =+HLOOKUP(A34,[238]Hoja1!$2:$78,48,FALSE) -> 0 | X34: =+N34*O34 -> 0 | Y34: =+X34 -L34 -> 0
A35: 18 | I35: BANEFICIARIO 18 | J35: =+VLOOKUP(K35,$AH$22:$AJ$58,2,) -> M=(Largo) x Cant | K35: =+K34 -> M | O35: =+S35 -> 12.2 | R35: 1 | S35: =+HLOOKUP(A35,[238]Hoja1!$2:$78,48,FALSE) -> 12.2 | X35: =+N35*O35 -> 0 | Y35: =+X35 -L35 -> 0
A36: 19 | I36: BANEFICIARIO 19 | J36: =+VLOOKUP(K36,$AH$22:$AJ$58,2,) -> M=(Largo) x Cant | K36: =+K35 -> M | O36: =+S36 -> 7 | R36: 1 | S36: =+HLOOKUP(A36,[238]Hoja1!$2:$78,48,FALSE) -> 7 | X36: =+N36*O36 -> 0 | Y36: =+X36 -L36 -> 0
A37: 20 | I37: BANEFICIARIO 20 | J37: =+VLOOKUP(K37,$AH$22:$AJ$58,2,) -> M=(Largo) x Cant | K37: =+K36 -> M | O37: =+S37 -> 12 | R37: 1 | S37: =+HLOOKUP(A37,[238]Hoja1!$2:$78,48,FALSE) -> 12 | X37: =+N37*O37 -> 0 | Y37: =+X37 -L37 -> 0
A38: 21 | I38: BANEFICIARIO 21 | J38: =+VLOOKUP(K38,$AH$22:$AJ$58,2,) -> M=(Largo) x Cant | K38: =+K37 -> M | O38: =+S38 -> 0 | S38: =+HLOOKUP(A38,[238]Hoja1!$2:$78,48,FALSE) -> 0 | X38: =+N38*O38 -> 0 | Y38: =+X38 -L38 -> 0
A39: 22 | I39: BANEFICIARIO 22 | J39: =+VLOOKUP(K39,$AH$22:$AJ$58,2,) -> M=(Largo) x Cant | K39: =+K38 -> M | O39: =+S39 -> 7 | R39: 1 | S39: =+HLOOKUP(A39,[238]Hoja1!$2:$78,48,FALSE) -> 7 | X39: =+N39*O39 -> 0 | Y39: =+X39 -L39 -> 0
A40: 23 | I40: BANEFICIARIO 23 | J40: =+VLOOKUP(K40,$AH$22:$AJ$58,2,) -> M=(Largo) x Cant | K40: =+K39 -> M | O40: =+S40 -> 0 | S40: =+HLOOKUP(A40,[238]Hoja1!$2:$78,48,FALSE) -> 0 | X40: =+N40*O40 -> 0 | Y40: =+X40 -L40 -> 0
A41: 24 | I41: BANEFICIARIO 24 | J41: =+VLOOKUP(K41,$AH$22:$AJ$58,2,) -> M=(Largo) x Cant | K41: =+K40 -> M | O41: =+S41 -> 6 | R41: 1 | S41: =+HLOOKUP(A41,[238]Hoja1!$2:$78,48,FALSE) -> 6 | X41: =+N41*O41 -> 0 | Y41: =+X41 -L41 -> 0 | AH41: UND | AI41: UND= Cant de elementos
A42: 25 | I42: BANEFICIARIO 25 | J42: =+VLOOKUP(K42,$AH$22:$AJ$58,2,) -> M=(Largo) x Cant | K42: =+K41 -> M | O42: =+S42 -> 10 | R42: 1 | S42: =+HLOOKUP(A42,[238]Hoja1!$2:$78,48,FALSE) -> 10 | X42: =+N42*O42 -> 0 | Y42: =+X42 -L42 -> 0
A43: 26 | I43: BANEFICIARIO 26 | J43: =+VLOOKUP(K43,$AH$22:$AJ$58,2,) -> M=(Largo) x Cant | K43: =+K32 -> M | O43: =+S43 -> 0 | S43: =+HLOOKUP(A43,[238]Hoja1!$2:$78,48,FALSE) -> 0 | X43: =+N43*O43 -> 0 | Y43: =+X43 -L43 -> 0
A44: 27 | I44: BANEFICIARIO 27 | J44: =+VLOOKUP(K44,$AH$22:$AJ$58,2,) -> M=(Largo) x Cant | K44: =+K43 -> M | O44: =+S44 -> 7 | R44: 1 | S44: =+HLOOKUP(A44,[238]Hoja1!$2:$78,48,FALSE) -> 7 | X44: =+N44*O44 -> 0 | Y44: =+X44 -L44 -> 0
A45: 28 | I45: BANEFICIARIO 28 | J45: =+VLOOKUP(K45,$AH$22:$AJ$58,2,) -> M=(Largo) x Cant | K45: =+K44 -> M | O45: =+S45 -> 0 | S45: =+HLOOKUP(A45,[238]Hoja1!$2:$78,48,FALSE) -> 0 | X45: =+N45*O45 -> 0 | Y45: =+X45 -L45 -> 0
A46: 29 | I46: BANEFICIARIO 29 | J46: =+VLOOKUP(K46,$AH$22:$AJ$58,2,) -> M=(Largo) x Cant | K46: =+K45 -> M | O46: =+S46 -> 0 | S46: =+HLOOKUP(A46,[238]Hoja1!$2:$78,48,FALSE) -> 0 | X46: =+N46*O46 -> 0 | Y46: =+X46 -L46 -> 0
A47: 30 | I47: BANEFICIARIO 30 | J47: =+VLOOKUP(K47,$AH$22:$AJ$58,2,) -> M=(Largo) x Cant | K47: =+K46 -> M | O47: =+S47 -> 12 | R47: 1 | S47: =+HLOOKUP(A47,[238]Hoja1!$2:$78,48,FALSE) -> 12 | X47: =+N47*O47 -> 0 | Y47: =+X47 -L47 -> 0
A48: 31 | I48: BANEFICIARIO 31 | J48: =+VLOOKUP(K48,$AH$22:$AJ$58,2,) -> M=(Largo) x Cant | K48: =+K47 -> M | O48: =+S48 -> 0 | S48: =+HLOOKUP(A48,[238]Hoja1!$2:$78,48,FALSE) -> 0 | X48: =+N48*O48 -> 0 | Y48: =+X48 -L48 -> 0 | AH48: UND | AI48: UND= Cant de elementos
A49: 32 | I49: BANEFICIARIO 32 | J49: =+VLOOKUP(K49,$AH$22:$AJ$58,2,) -> M=(Largo) x Cant | K49: =+K48 -> M | O49: =+S49 -> 12.2 | R49: 1 | S49: =+HLOOKUP(A49,[238]Hoja1!$2:$78,48,FALSE) -> 12.2 | X49: =+N49*O49 -> 0 | Y49: =+X49 -L49 -> 0
A50: 33 | I50: BANEFICIARIO 33 | J50: =+VLOOKUP(K50,$AH$22:$AJ$58,2,) -> M=(Largo) x Cant | K50: =+K49 -> M | O50: =+S50 -> 0 | S50: =+HLOOKUP(A50,[238]Hoja1!$2:$78,48,FALSE) -> 0 | X50: =+N50*O50 -> 0 | Y50: =+X50 -L50 -> 0
A51: 34 | I51: BANEFICIARIO 34 | J51: =+VLOOKUP(K51,$AH$22:$AJ$58,2,) -> M=(Largo) x Cant | K51: =+K50 -> M | O51: =+S51 -> 0 | S51: =+HLOOKUP(A51,[238]Hoja1!$2:$78,48,FALSE) -> 0 | X51: =+N51*O51 -> 0 | Y51: =+X51 -L51 -> 0
A52: 35 | I52: BANEFICIARIO 35 | J52: =+VLOOKUP(K52,$AH$22:$AJ$58,2,) -> M=(Largo) x Cant | K52: =+K51 -> M | O52: =+S52 -> 0 | S52: =+HLOOKUP(A52,[238]Hoja1!$2:$78,48,FALSE) -> 0 | X52: =+N52*O52 -> 0 | Y52: =+X52 -L52 -> 0
A53: 36 | I53: BANEFICIARIO 36 | J53: =+VLOOKUP(K53,$AH$22:$AJ$58,2,) -> M=(Largo) x Cant | K53: =+K42 -> M | O53: =+S53 -> 12.2 | R53: 1 | S53: =+HLOOKUP(A53,[238]Hoja1!$2:$78,48,FALSE) -> 12.2 | X53: =+N53*O53 -> 0 | Y53: =+X53 -L53 -> 0
A54: 37 | I54: BANEFICIARIO 37 | J54: =+VLOOKUP(K54,$AH$22:$AJ$58,2,) -> M=(Largo) x Cant | K54: =+K53 -> M | O54: =+S54 -> 16.4 | R54: 1 | S54: =+HLOOKUP(A54,[238]Hoja1!$2:$78,48,FALSE) -> 16.4 | X54: =+N54*O54 -> 0 | Y54: =+X54 -L54 -> 0
A55: 38 | I55: BANEFICIARIO 38 | J55: =+VLOOKUP(K55,$AH$22:$AJ$58,2,) -> M=(Largo) x Cant | K55: =+K54 -> M | O55: =+S55 -> 0 | S55: =+HLOOKUP(A55,[238]Hoja1!$2:$78,48,FALSE) -> 0 | X55: =+N55*O55 -> 0 | Y55: =+X55 -L55 -> 0
A56: 39 | I56: BANEFICIARIO 39 | J56: =+VLOOKUP(K56,$AH$22:$AJ$58,2,) -> M=(Largo) x Cant | K56: =+K55 -> M | O56: =+S56 -> 0 | S56: =+HLOOKUP(A56,[238]Hoja1!$2:$78,48,FALSE) -> 0 | X56: =+N56*O56 -> 0 | Y56: =+X56 -L56 -> 0
A57: 40 | I57: BANEFICIARIO 40 | J57: =+VLOOKUP(K57,$AH$22:$AJ$58,2,) -> M=(Largo) x Cant | K57: =+K56 -> M | O57: =+S57 -> 12.2 | R57: 1 | S57: =+HLOOKUP(A57,[238]Hoja1!$2:$78,48,FALSE) -> 12.2 | X57: =+N57*O57 -> 0 | Y57: =+X57 -L57 -> 0
A58: 41 | I58: BANEFICIARIO 41 | J58: =+VLOOKUP(K58,$AH$22:$AJ$58,2,) -> M=(Largo) x Cant | K58: =+K57 -> M | O58: =+S58 -> 10.4 | R58: 1 | S58: =+HLOOKUP(A58,[238]Hoja1!$2:$78,48,FALSE) -> 10.4 | X58: =+N58*O58 -> 0 | Y58: =+X58 -L58 -> 0 | AH58: UND | AI58: UND= Cant de elementos
A59: 42 | I59: BANEFICIARIO 42 | J59: =+VLOOKUP(K59,$AH$22:$AJ$58,2,) -> M=(Largo) x Cant | K59: =+K58 -> M | O59: =+S59 -> 0 | S59: =+HLOOKUP(A59,[238]Hoja1!$2:$78,48,FALSE) -> 0 | X59: =+N59*O59 -> 0 | Y59: =+X59 -L59 -> 0
A60: 43 | I60: BANEFICIARIO 43 | J60: =+VLOOKUP(K60,$AH$22:$AJ$58,2,) -> M=(Largo) x Cant | K60: =+K59 -> M | O60: =+S60 -> 0 | S60: =+HLOOKUP(A60,[238]Hoja1!$2:$78,48,FALSE) -> 0 | X60: =+N60*O60 -> 0 | Y60: =+X60 -L60 -> 0
O62: Cantidad Parcial Hoja1de1 | S62: =ROUND(SUM(S18:S61),2) -> 341.62
C64: #REF! | O64: Cantidad Total | S64: =S62 -> 341.62
C67: Proyectó | K67: Vo. Bo. Secretario
C70: __________________________________ | E70: __________________________________ | G70: __________________________________ | I70: __________________________________ | K70: _________________________________________
C71: =+[42]DATOS!D$8 -> HELMER EDUARDO BECERRA SANTANDER | E71: CARLOS ANDRES SANABRIA RODRIGUEZ | G71: CARLOS ANDRES SANABRIA RODRIGUEZ | I71: CARLOS ANDRES SANABRIA RODRIGUEZ | K71: =+[42]DATOS!D$11 -> JESUS IVAN QUIÑONES RUEDA
C72: =+[42]DATOS!D9 -> APOYO SEC. DE PLANEACION Y OBRAS PÚBLICAS | E72: Apoyo a la Secretaria de Planeacion y Obras Publicas | G72: Apoyo a la Secretaria de Planeacion y Obras Publicas | I72: Apoyo a la Secretaria de Planeacion y Obras Publicas | K72: =+[42]DATOS!D12 -> SECRETARIO DE PLANEACION Y OBRAS PÚBLICAS
C80: =+[42]DATOS!C$7 -> MEJORAMIENTO DE VIVIENDA CON ENFOQUE DIFERENCIAL PARA POBLACIÓN VULNERABLE EN EL MUNICIPIO DE CUBARÁ, BOYACÁ (2026).
C82: Formato Memoria de Cantidades de Obra
C83: Entidad Proponente: | E83: Alcaldía de Cubara
C84: Entidad Ejecutora: | E84: SECRETARÍA DE PLANEACIÓN Y OBRAS PUBLICAS
C85: Fecha: | E85: =+[42]DATOS!F$5 -> 46143 | K85: Departamento: | M85: BOYACÁ
C86: Etapa: | E86: Año Calendario: | G86: =+[42]DATOS!E$5 -> 2026 | H86: Año del Proyectó: | I86: =+[42]DATOS!E$5 -> 2026 | K86: Municipio: | M86: CUBARA
C88: MEMORIAS DE CANTIDADES DE OBRA
C90: Ítem | D90: Actividad | F90: Und. | I90: Localización de los Elementos | J90: Formula de Cálculo | L90: Dimensiones | R90: Cantidades
C91: =+'PRESUPUESTO OFICIAL '!C62 -> 5.02 | D91: =+VLOOKUP(C91,'PRESUPUESTO OFICIAL '!$C$11:$H$103,2) -> SUMINISTRO E INSTALACION DE INTERRUPTOR SENCILLO | F91: =+VLOOKUP(C91,'PRESUPUESTO OFICIAL '!$C$11:$H$103,3) -> UND | L91: A (m2) Area | M91: P(m) Perímetro | N91: a (m) Ancho | O91: L (m) Largo | P91: h (m) Alto - Espesor | Q91: V (m3) Volumen | R91: C (Und) Cant. De elementos | S91: Cant. Parcial | U91: =+C91 -> 5.02 | V91: =+S139 -> 21
A93: 1 | I93: BANEFICIARIO 1 | J93: =+VLOOKUP(K93,$AH$22:$AJ$58,2,) -> UND= Cant de elementos | K93: =+F91 -> UND | R93: =+S93 -> 0 | S93: =+HLOOKUP(A93,[238]Hoja1!$2:$78,49,FALSE) -> 0 | X93: =+N93*O93*P93*R93 -> 0 | Y93: =+X93-S93 -> 0
A94: 2 | I94: BANEFICIARIO 2 | J94: =+VLOOKUP(K94,$AH$22:$AJ$58,2,) -> UND= Cant de elementos | K94: =+K93 -> UND | R94: =+S94 -> 0 | S94: =+HLOOKUP(A94,[238]Hoja1!$2:$78,49,FALSE) -> 0 | X94: =+N94*O94*P94*R94 -> 0 | Y94: =+X94-L94 -> 0
A95: 3 | I95: BANEFICIARIO 3 | J95: =+VLOOKUP(K95,$AH$22:$AJ$58,2,) -> UND= Cant de elementos | K95: =+K94 -> UND | R95: =+S95 -> 0 | S95: =+HLOOKUP(A95,[238]Hoja1!$2:$78,49,FALSE) -> 0 | X95: =+N95*O95*P95*R95 -> 0 | Y95: =+X95-L95 -> 0
A96: 4 | I96: BANEFICIARIO 4 | J96: =+VLOOKUP(K96,$AH$22:$AJ$58,2,) -> UND= Cant de elementos | K96: =+K95 -> UND | R96: =+S96 -> 0 | S96: =+HLOOKUP(A96,[238]Hoja1!$2:$78,49,FALSE) -> 0 | X96: =+N96*O96*P96*R96 -> 0 | Y96: =+X96-L96 -> 0
A97: 5 | I97: BANEFICIARIO 5 | J97: =+VLOOKUP(K97,$AH$22:$AJ$58,2,) -> UND= Cant de elementos | K97: =+K96 -> UND | R97: =+S97 -> 0 | S97: =+HLOOKUP(A97,[238]Hoja1!$2:$78,49,FALSE) -> 0 | X97: =+N97*O97*P97*R97 -> 0 | Y97: =+X97-L97 -> 0
A98: 6 | I98: BANEFICIARIO 6 | J98: =+VLOOKUP(K98,$AH$22:$AJ$58,2,) -> UND= Cant de elementos | K98: =+K97 -> UND | R98: =+S98 -> 1 | S98: =+HLOOKUP(A98,[238]Hoja1!$2:$78,49,FALSE) -> 1 | X98: =+N98*O98*P98*R98 -> 0 | Y98: =+X98-L98 -> 0
A99: 7 | I99: BANEFICIARIO 7 | J99: =+VLOOKUP(K99,$AH$22:$AJ$58,2,) -> UND= Cant de elementos | K99: =+K93 -> UND | R99: =+S99 -> 0 | S99: =+HLOOKUP(A99,[238]Hoja1!$2:$78,49,FALSE) -> 0 | X99: =+N99*O99*P99*R99 -> 0 | Y99: =+X99-L99 -> 0
A100: 8 | I100: BANEFICIARIO 8 | J100: =+VLOOKUP(K100,$AH$22:$AJ$58,2,) -> UND= Cant de elementos | K100: =+K99 -> UND | R100: =+S100 -> 1 | S100: =+HLOOKUP(A100,[238]Hoja1!$2:$78,49,FALSE) -> 1 | X100: =+N100*O100*P100*R100 -> 0 | Y100: =+X100-L100 -> 0
A101: 9 | I101: BANEFICIARIO 9 | J101: =+VLOOKUP(K101,$AH$22:$AJ$58,2,) -> UND= Cant de elementos | K101: =+K100 -> UND | R101: =+S101 -> 0 | S101: =+HLOOKUP(A101,[238]Hoja1!$2:$78,49,FALSE) -> 0 | X101: =+N101*O101*P101*R101 -> 0 | Y101: =+X101-L101 -> 0
A102: 10 | I102: BANEFICIARIO 10 | J102: =+VLOOKUP(K102,$AH$22:$AJ$58,2,) -> UND= Cant de elementos | K102: =+K101 -> UND | R102: =+S102 -> 0 | S102: =+HLOOKUP(A102,[238]Hoja1!$2:$78,49,FALSE) -> 0 | X102: =+N102*O102*P102*R102 -> 0 | Y102: =+X102-L102 -> 0
A103: 11 | I103: BANEFICIARIO 11 | J103: =+VLOOKUP(K103,$AH$22:$AJ$58,2,) -> UND= Cant de elementos | K103: =+K102 -> UND | R103: =+S103 -> 8 | S103: =+HLOOKUP(A103,[238]Hoja1!$2:$78,49,FALSE) -> 8 | X103: =+N103*O103*P103*R103 -> 0 | Y103: =+X103-L103 -> 0
A104: 12 | I104: BANEFICIARIO 12 | J104: =+VLOOKUP(K104,$AH$22:$AJ$58,2,) -> UND= Cant de elementos | K104: =+K98 -> UND | R104: =+S104 -> 0 | S104: =+HLOOKUP(A104,[238]Hoja1!$2:$78,49,FALSE) -> 0 | X104: =+N104*O104*P104*R104 -> 0 | Y104: =+X104-L104 -> 0
A105: 13 | I105: BANEFICIARIO 13 | J105: =+VLOOKUP(K105,$AH$22:$AJ$58,2,) -> UND= Cant de elementos | K105: =+K100 -> UND | R105: =+S105 -> 0 | S105: =+HLOOKUP(A105,[238]Hoja1!$2:$78,49,FALSE) -> 0 | X105: =+N105*O105*P105*R105 -> 0 | Y105: =+X105-L105 -> 0
A106: 14 | I106: BANEFICIARIO 14 | J106: =+VLOOKUP(K106,$AH$22:$AJ$58,2,) -> UND= Cant de elementos | K106: =+K105 -> UND | R106: =+S106 -> 0 | S106: =+HLOOKUP(A106,[238]Hoja1!$2:$78,49,FALSE) -> 0 | X106: =+N106*O106*P106*R106 -> 0 | Y106: =+X106-L106 -> 0
A107: 15 | I107: BANEFICIARIO 15 | J107: =+VLOOKUP(K107,$AH$22:$AJ$58,2,) -> UND= Cant de elementos | K107: =+K106 -> UND | R107: =+S107 -> 0 | S107: =+HLOOKUP(A107,[238]Hoja1!$2:$78,49,FALSE) -> 0 | X107: =+N107*O107*P107*R107 -> 0 | Y107: =+X107-L107 -> 0
A108: 16 | I108: BANEFICIARIO 16 | J108: =+VLOOKUP(K108,$AH$22:$AJ$58,2,) -> UND= Cant de elementos | K108: =+K107 -> UND | R108: =+S108 -> 1 | S108: =+HLOOKUP(A108,[238]Hoja1!$2:$78,49,FALSE) -> 1 | X108: =+N108*O108*P108*R108 -> 0 | Y108: =+X108-L108 -> 0
A109: 17 | I109: BANEFICIARIO 17 | J109: =+VLOOKUP(K109,$AH$22:$AJ$58,2,) -> UND= Cant de elementos | K109: =+K108 -> UND | R109: =+S109 -> 0 | S109: =+HLOOKUP(A109,[238]Hoja1!$2:$78,49,FALSE) -> 0 | X109: =+N109*O109*P109*R109 -> 0 | Y109: =+X109-L109 -> 0
A110: 18 | I110: BANEFICIARIO 18 | J110: =+VLOOKUP(K110,$AH$22:$AJ$58,2,) -> UND= Cant de elementos | K110: =+K109 -> UND | R110: =+S110 -> 1 | S110: =+HLOOKUP(A110,[238]Hoja1!$2:$78,49,FALSE) -> 1 | X110: =+N110*O110*P110*R110 -> 0 | Y110: =+X110-L110 -> 0
A111: 19 | I111: BANEFICIARIO 19 | J111: =+VLOOKUP(K111,$AH$22:$AJ$58,2,) -> UND= Cant de elementos | K111: =+K110 -> UND | R111: =+S111 -> 0 | S111: =+HLOOKUP(A111,[238]Hoja1!$2:$78,49,FALSE) -> 0 | X111: =+N111*O111*P111*R111 -> 0 | Y111: =+X111-L111 -> 0
A112: 20 | I112: BANEFICIARIO 20 | J112: =+VLOOKUP(K112,$AH$22:$AJ$58,2,) -> UND= Cant de elementos | K112: =+K111 -> UND | R112: =+S112 -> 1 | S112: =+HLOOKUP(A112,[238]Hoja1!$2:$78,49,FALSE) -> 1 | X112: =+N112*O112*P112*R112 -> 0 | Y112: =+X112-L112 -> 0
A113: 21 | I113: BANEFICIARIO 21 | J113: =+VLOOKUP(K113,$AH$22:$AJ$58,2,) -> UND= Cant de elementos | K113: =+K112 -> UND | R113: =+S113 -> 0 | S113: =+HLOOKUP(A113,[238]Hoja1!$2:$78,49,FALSE) -> 0 | X113: =+N113*O113*P113*R113 -> 0 | Y113: =+X113-L113 -> 0
A114: 22 | I114: BANEFICIARIO 22 | J114: =+VLOOKUP(K114,$AH$22:$AJ$58,2,) -> UND= Cant de elementos | K114: =+K113 -> UND | R114: =+S114 -> 0 | S114: =+HLOOKUP(A114,[238]Hoja1!$2:$78,49,FALSE) -> 0 | X114: =+N114*O114*P114*R114 -> 0 | Y114: =+X114-L114 -> 0
A115: 23 | I115: BANEFICIARIO 23 | J115: =+VLOOKUP(K115,$AH$22:$AJ$58,2,) -> UND= Cant de elementos | K115: =+K114 -> UND | R115: =+S115 -> 0 | S115: =+HLOOKUP(A115,[238]Hoja1!$2:$78,49,FALSE) -> 0 | X115: =+N115*O115*P115*R115 -> 0 | Y115: =+X115-L115 -> 0
A116: 24 | I116: BANEFICIARIO 24 | J116: =+VLOOKUP(K116,$AH$22:$AJ$58,2,) -> UND= Cant de elementos | K116: =+K115 -> UND | R116: =+S116 -> 0 | S116: =+HLOOKUP(A116,[238]Hoja1!$2:$78,49,FALSE) -> 0 | X116: =+N116*O116*P116*R116 -> 0 | Y116: =+X116-L116 -> 0
A117: 25 | I117: BANEFICIARIO 25 | J117: =+VLOOKUP(K117,$AH$22:$AJ$58,2,) -> UND= Cant de elementos | K117: =+K116 -> UND | R117: =+S117 -> 0 | S117: =+HLOOKUP(A117,[238]Hoja1!$2:$78,49,FALSE) -> 0 | X117: =+N117*O117*P117*R117 -> 0 | Y117: =+X117-L117 -> 0
A118: 26 | I118: BANEFICIARIO 26 | J118: =+VLOOKUP(K118,$AH$22:$AJ$58,2,) -> UND= Cant de elementos | K118: =+K107 -> UND | R118: =+S118 -> 0 | S118: =+HLOOKUP(A118,[238]Hoja1!$2:$78,49,FALSE) -> 0 | X118: =+N118*O118*P118*R118 -> 0 | Y118: =+X118-L118 -> 0
A119: 27 | I119: BANEFICIARIO 27 | J119: =+VLOOKUP(K119,$AH$22:$AJ$58,2,) -> UND= Cant de elementos | K119: =+K118 -> UND | R119: =+S119 -> 0 | S119: =+HLOOKUP(A119,[238]Hoja1!$2:$78,49,FALSE) -> 0 | X119: =+N119*O119*P119*R119 -> 0 | Y119: =+X119-L119 -> 0
A120: 28 | I120: BANEFICIARIO 28 | J120: =+VLOOKUP(K120,$AH$22:$AJ$58,2,) -> UND= Cant de elementos | K120: =+K119 -> UND | R120: =+S120 -> 0 | S120: =+HLOOKUP(A120,[238]Hoja1!$2:$78,49,FALSE) -> 0 | X120: =+N120*O120*P120*R120 -> 0 | Y120: =+X120-L120 -> 0
A121: 29 | I121: BANEFICIARIO 29 | J121: =+VLOOKUP(K121,$AH$22:$AJ$58,2,) -> UND= Cant de elementos | K121: =+K120 -> UND | R121: =+S121 -> 0 | S121: =+HLOOKUP(A121,[238]Hoja1!$2:$78,49,FALSE) -> 0 | X121: =+N121*O121*P121*R121 -> 0 | Y121: =+X121-L121 -> 0
A122: 30 | I122: BANEFICIARIO 30 | J122: =+VLOOKUP(K122,$AH$22:$AJ$58,2,) -> UND= Cant de elementos | K122: =+K121 -> UND | R122: =+S122 -> 1 | S122: =+HLOOKUP(A122,[238]Hoja1!$2:$78,49,FALSE) -> 1 | X122: =+N122*O122*P122*R122 -> 0 | Y122: =+X122-L122 -> 0
A123: 31 | I123: BANEFICIARIO 31 | J123: =+VLOOKUP(K123,$AH$22:$AJ$58,2,) -> UND= Cant de elementos | K123: =+K122 -> UND | R123: =+S123 -> 0 | S123: =+HLOOKUP(A123,[238]Hoja1!$2:$78,49,FALSE) -> 0 | X123: =+N123*O123*P123*R123 -> 0 | Y123: =+X123-L123 -> 0
A124: 32 | I124: BANEFICIARIO 32 | J124: =+VLOOKUP(K124,$AH$22:$AJ$58,2,) -> UND= Cant de elementos | K124: =+K123 -> UND | R124: =+S124 -> 1 | S124: =+HLOOKUP(A124,[238]Hoja1!$2:$78,49,FALSE) -> 1 | X124: =+N124*O124*P124*R124 -> 0 | Y124: =+X124-L124 -> 0
A125: 33 | I125: BANEFICIARIO 33 | J125: =+VLOOKUP(K125,$AH$22:$AJ$58,2,) -> UND= Cant de elementos | K125: =+K124 -> UND | R125: =+S125 -> 0 | S125: =+HLOOKUP(A125,[238]Hoja1!$2:$78,49,FALSE) -> 0 | X125: =+N125*O125*P125*R125 -> 0 | Y125: =+X125-L125 -> 0
...

Sheet MC 2-3-4
D5: =+[42]DATOS!C$7 -> MEJORAMIENTO DE VIVIENDA CON ENFOQUE DIFERENCIAL PARA POBLACIÓN VULNERABLE EN EL MUNICIPIO DE CUBARÁ, BOYACÁ (2026).
D7: Formato Memoria de Cantidades de Obra
D8: Entidad Proponente: | F8: Alcaldía de Cubara
D9: Entidad Ejecutora: | F9: SECRETARÍA DE PLANEACIÓN Y OBRAS PUBLICAS
D10: Fecha: | F10: =+[42]DATOS!F$5 -> 46143 | L10: Departamento: | N10: BOYACÁ
D11: Etapa: | F11: Año Calendario: | H11: =+[42]DATOS!E$5 -> 2026 | I11: Año del Proyectó: | J11: =+[42]DATOS!E$5 -> 2026 | L11: Municipio: | N11: CUBARA
D13: MEMORIAS DE CANTIDADES DE OBRA
D15: Ítem | E15: Actividad | G15: Und. | J15: Localización de los Elementos | K15: Formula de Cálculo | M15: Dimensiones | S15: Cantidades
D16: =+'PRESUPUESTO OFICIAL '!C30 -> 2.01 | E16: =+VLOOKUP(D16,'PRESUPUESTO OFICIAL '!$C$11:$H$103,2) -> SOLADO CONCRETO f'c = 2000 psi (14 MPa), ESPESOR 0.05 M | G16: =+VLOOKUP(D16,'PRESUPUESTO OFICIAL '!$C$11:$H$103,3) -> M2 | M16: A (m2) Area | N16: P(m) Perímetro | O16: a (m) Ancho | P16: L (m) Largo | Q16: h (m) Alto - Espesor | R16: V (m3) Volumen | S16: C (Und) Cant. De elementos | T16: Cant. Parcial | V16: =+D16 -> 2.01 | W16: =+T64 -> 17.4
A18: =+D16 -> 2.01 | B18: 1 | J18: BANEFICIARIO 1 | K18: =+VLOOKUP(L18,$AH$22:$AJ$58,2,) -> A=(Ancho x Largo)* Cant | L18: =+G16 -> M2 | M18: =+HLOOKUP(B18,[238]Hoja1!$2:$78,23,FALSE) -> 1 | O18: 0.5 | P18: =0.5*4 -> 2 | S18: =IF(M18=0," ",1) -> 1 | T18: =+S18*M18 -> 1 | Y18: =+O18*P18 -> 1
A19: =+A18 -> 2.01 | B19: 2 | J19: BANEFICIARIO 2 | K19: =+VLOOKUP(L19,$AH$22:$AJ$58,2,) -> A=(Ancho x Largo)* Cant | L19: =+L18 -> M2 | M19: =+HLOOKUP(B19,[238]Hoja1!$2:$78,23,FALSE) -> 0 | T19: =+S19*M19 -> 0 | Y19: =+O19*P19 -> 0 | Z19: =+Y19 -M19 -> 0
A20: =+A19 -> 2.01 | B20: 3 | J20: BANEFICIARIO 3 | K20: =+VLOOKUP(L20,$AH$22:$AJ$58,2,) -> A=(Ancho x Largo)* Cant | L20: =+L19 -> M2 | M20: =+HLOOKUP(B20,[238]Hoja1!$2:$78,23,FALSE) -> 0 | T20: =+S20*M20 -> 0 | Y20: =+O20*P20 -> 0 | Z20: =+Y20 -M20 -> 0
A21: =+A20 -> 2.01 | B21: 4 | J21: BANEFICIARIO 4 | K21: =+VLOOKUP(L21,$AH$22:$AJ$58,2,) -> A=(Ancho x Largo)* Cant | L21: =+L20 -> M2 | M21: =+HLOOKUP(B21,[238]Hoja1!$2:$78,23,FALSE) -> 0 | T21: =+S21*M21 -> 0 | Y21: =+O21*P21 -> 0 | Z21: =+Y21 -M21 -> 0 | AK21: M2 | AL21: A=(Ancho x Largo)* Cant
A22: =+A21 -> 2.01 | B22: 5 | J22: BANEFICIARIO 5 | K22: =+VLOOKUP(L22,$AH$22:$AJ$58,2,) -> A=(Ancho x Largo)* Cant | L22: =+L21 -> M2 | M22: =+HLOOKUP(B22,[238]Hoja1!$2:$78,23,FALSE) -> 0 | T22: =+S22*M22 -> 0 | Y22: =+O22*P22 -> 0 | Z22: =+Y22 -M22 -> 0 | AH22: M2 | AI22: A=(Ancho x Largo)* Cant | AK22: M3 | AL22: V=(Ancho x Largo x Alto)* Cant
A23: =+A22 -> 2.01 | B23: 6 | J23: BANEFICIARIO 6 | K23: =+VLOOKUP(L23,$AH$22:$AJ$58,2,) -> A=(Ancho x Largo)* Cant | L23: =+L22 -> M2 | M23: =+HLOOKUP(B23,[238]Hoja1!$2:$78,23,FALSE) -> 0 | T23: =+S23*M23 -> 0 | Y23: =+O23*P23 -> 0 | Z23: =+Y23 -M23 -> 0 | AH23: M3 | AI23: V=(Ancho x Largo x Alto)* Cant | AK23: M | AL23: M=(Largo) x Cant
A24: =+A23 -> 2.01 | B24: 7 | J24: BANEFICIARIO 7 | K24: =+VLOOKUP(L24,$AH$22:$AJ$58,2,) -> A=(Ancho x Largo)* Cant | L24: =+L18 -> M2 | M24: =+HLOOKUP(B24,[238]Hoja1!$2:$78,23,FALSE) -> 0 | T24: =+S24*M24 -> 0 | Y24: =+O24*P24 -> 0 | Z24: =+Y24 -M24 -> 0 | AH24: M | AI24: M=(Largo) x Cant | AK24: UND | AL24: UND= Cant de elementos
A25: =+A24 -> 2.01 | B25: 8 | J25: BANEFICIARIO 8 | K25: =+VLOOKUP(L25,$AH$22:$AJ$58,2,) -> A=(Ancho x Largo)* Cant | L25: =+L24 -> M2 | M25: =+HLOOKUP(B25,[238]Hoja1!$2:$78,23,FALSE) -> 3.66 | O25: =+M25/0.3 -> 12.2 | P25: 0.3 | S25: =IF(M25=0,"0",1) -> 1 | T25: =+S25*M25 -> 3.66 | Y25: =+O25*P25 -> 3.66 | Z25: =+Y25 -M25 -> 0 | AH25: UND | AI25: UND= Cant de elementos
A26: =+A25 -> 2.01 | B26: 9 | J26: BANEFICIARIO 9 | K26: =+VLOOKUP(L26,$AH$22:$AJ$58,2,) -> A=(Ancho x Largo)* Cant | L26: =+L25 -> M2 | M26: =+HLOOKUP(B26,[238]Hoja1!$2:$78,23,FALSE) -> 0 | T26: =+S26*M26 -> 0 | Y26: =+O26*P26 -> 0 | Z26: =+Y26 -M26 -> 0 | AH26: KG | AI26: Kilogramos x Cant. Elementos
A27: =+A26 -> 2.01 | B27: 10 | J27: BANEFICIARIO 10 | K27: =+VLOOKUP(L27,$AH$22:$AJ$58,2,) -> A=(Ancho x Largo)* Cant | L27: =+L26 -> M2 | M27: =+HLOOKUP(B27,[238]Hoja1!$2:$78,23,FALSE) -> 0 | T27: =+S27*M27 -> 0 | Y27: =+O27*P27 -> 0 | Z27: =+Y27 -M27 -> 0
A28: =+A27 -> 2.01 | B28: 11 | J28: BANEFICIARIO 11 | K28: =+VLOOKUP(L28,$AH$22:$AJ$58,2,) -> A=(Ancho x Largo)* Cant | L28: =+L27 -> M2 | M28: =+HLOOKUP(B28,[238]Hoja1!$2:$78,23,FALSE) -> 0 | T28: =+S28*M28 -> 0 | Y28: =+O28*P28 -> 0 | Z28: =+Y28 -M28 -> 0
A29: =+A28 -> 2.01 | B29: 12 | J29: BANEFICIARIO 12 | K29: =+VLOOKUP(L29,$AH$22:$AJ$58,2,) -> A=(Ancho x Largo)* Cant | L29: =+L23 -> M2 | M29: =+HLOOKUP(B29,[238]Hoja1!$2:$78,23,FALSE) -> 0 | T29: =+S29*M29 -> 0 | Y29: =+O29*P29 -> 0 | Z29: =+Y29 -M29 -> 0 | AH29: M | AI29: M=(Largo) x Cant | AK29: UND | AL29: UND= Cant de elementos
A30: =+A29 -> 2.01 | B30: 13 | J30: BANEFICIARIO 13 | K30: =+VLOOKUP(L30,$AH$22:$AJ$58,2,) -> A=(Ancho x Largo)* Cant | L30: =+L25 -> M2 | M30: =+HLOOKUP(B30,[238]Hoja1!$2:$78,23,FALSE) -> 0 | T30: =+S30*M30 -> 0 | Y30: =+O30*P30 -> 0 | Z30: =+Y30 -M30 -> 0 | AH30: UND | AI30: UND= Cant de elementos
A31: =+A30 -> 2.01 | B31: 14 | J31: BANEFICIARIO 14 | K31: =+VLOOKUP(L31,$AH$22:$AJ$58,2,) -> A=(Ancho x Largo)* Cant | L31: =+L30 -> M2 | M31: =+HLOOKUP(B31,[238]Hoja1!$2:$78,23,FALSE) -> 0 | T31: =+S31*M31 -> 0 | Y31: =+O31*P31 -> 0 | Z31: =+Y31 -M31 -> 0
A32: =+A31 -> 2.01 | B32: 15 | J32: BANEFICIARIO 15 | K32: =+VLOOKUP(L32,$AH$22:$AJ$58,2,) -> A=(Ancho x Largo)* Cant | L32: =+L31 -> M2 | M32: =+HLOOKUP(B32,[238]Hoja1!$2:$78,23,FALSE) -> 1.5 | O32: 0.5 | P32: =0.5*6 -> 3 | S32: =IF(M32=0,"0",1) -> 1 | T32: =+S32*M32 -> 1.5 | Y32: =+O32*P32 -> 1.5 | Z32: =+Y32 -M32 -> 0
A33: =+A32 -> 2.01 | B33: 16 | J33: BANEFICIARIO 16 | K33: =+VLOOKUP(L33,$AH$22:$AJ$58,2,) -> A=(Ancho x Largo)* Cant | L33: =+L32 -> M2 | M33: =+HLOOKUP(B33,[238]Hoja1!$2:$78,23,FALSE) -> 4.968 | O33: 0.3 | P33: 16.56 | S33: =IF(M33=0,"0",1) -> 1 | T33: =+S33*M33 -> 4.968 | Y33: =+O33*P33 -> 4.968 | Z33: =+Y33 -M33 -> 0
A34: =+A33 -> 2.01 | B34: 17 | J34: BANEFICIARIO 17 | K34: =+VLOOKUP(L34,$AH$22:$AJ$58,2,) -> A=(Ancho x Largo)* Cant | L34: =+L33 -> M2 | M34: =+HLOOKUP(B34,[238]Hoja1!$2:$78,23,FALSE) -> 0 | T34: =+S34*M34 -> 0 | Y34: =+O34*P34 -> 0 | Z34: =+Y34 -M34 -> 0
A35: =+A34 -> 2.01 | B35: 18 | J35: BANEFICIARIO 18 | K35: =+VLOOKUP(L35,$AH$22:$AJ$58,2,) -> A=(Ancho x Largo)* Cant | L35: =+L34 -> M2 | M35: =+HLOOKUP(B35,[238]Hoja1!$2:$78,23,FALSE) -> 0 | T35: =+S35*M35 -> 0 | Y35: =+O35*P35 -> 0 | Z35: =+Y35 -M35 -> 0
A36: =+A35 -> 2.01 | B36: 19 | J36: BANEFICIARIO 19 | K36: =+VLOOKUP(L36,$AH$22:$AJ$58,2,) -> A=(Ancho x Largo)* Cant | L36: =+L35 -> M2 | M36: =+HLOOKUP(B36,[238]Hoja1!$2:$78,23,FALSE) -> 0 | T36: =+S36*M36 -> 0 | Y36: =+O36*P36 -> 0 | Z36: =+Y36 -M36 -> 0
A37: =+A36 -> 2.01 | B37: 20 | J37: BANEFICIARIO 20 | K37: =+VLOOKUP(L37,$AH$22:$AJ$58,2,) -> A=(Ancho x Largo)* Cant | L37: =+L36 -> M2 | M37: =+HLOOKUP(B37,[238]Hoja1!$2:$78,23,FALSE) -> 0 | T37: =+S37*M37 -> 0 | Y37: =+O37*P37 -> 0 | Z37: =+Y37 -M37 -> 0
A38: =+A37 -> 2.01 | B38: 21 | J38: BANEFICIARIO 21 | K38: =+VLOOKUP(L38,$AH$22:$AJ$58,2,) -> A=(Ancho x Largo)* Cant | L38: =+L37 -> M2 | M38: =+HLOOKUP(B38,[238]Hoja1!$2:$78,23,FALSE) -> 2.1925 | S38: =IF(M38=0,"0",1) -> 1 | T38: =+S38*M38 -> 2.1925 | Y38: =+O38*P38 -> 0 | Z38: =+Y38 -M38 -> -2.1925
A39: =+A38 -> 2.01 | B39: 22 | J39: BANEFICIARIO 22 | K39: =+VLOOKUP(L39,$AH$22:$AJ$58,2,) -> A=(Ancho x Largo)* Cant | L39: =+L38 -> M2 | M39: =+HLOOKUP(B39,[238]Hoja1!$2:$78,23,FALSE) -> 0 | T39: =+S39*M39 -> 0 | Y39: =+O39*P39 -> 0 | Z39: =+Y39 -M39 -> 0
A40: =+A39 -> 2.01 | B40: 23 | J40: BANEFICIARIO 23 | K40: =+VLOOKUP(L40,$AH$22:$AJ$58,2,) -> A=(Ancho x Largo)* Cant | L40: =+L39 -> M2 | M40: =+HLOOKUP(B40,[238]Hoja1!$2:$78,23,FALSE) -> 0 | T40: =+S40*M40 -> 0 | Y40: =+O40*P40 -> 0 | Z40: =+Y40 -M40 -> 0
A41: =+A40 -> 2.01 | B41: 24 | J41: BANEFICIARIO 24 | K41: =+VLOOKUP(L41,$AH$22:$AJ$58,2,) -> A=(Ancho x Largo)* Cant | L41: =+L40 -> M2 | M41: =+HLOOKUP(B41,[238]Hoja1!$2:$78,23,FALSE) -> 0 | T41: =+S41*M41 -> 0 | Y41: =+O41*P41 -> 0 | Z41: =+Y41 -M41 -> 0 | AH41: UND | AI41: UND= Cant de elementos
A42: =+A41 -> 2.01 | B42: 25 | J42: BANEFICIARIO 25 | K42: =+VLOOKUP(L42,$AH$22:$AJ$58,2,) -> A=(Ancho x Largo)* Cant | L42: =+L41 -> M2 | M42: =+HLOOKUP(B42,[238]Hoja1!$2:$78,23,FALSE) -> 3.33 | O42: 0.3 | P42: =+M42/0.3 -> 11.1 | S42: =IF(M42=0,"0",1) -> 1 | T42: =+S42*M42 -> 3.33 | Y42: =+O42*P42 -> 3.33 | Z42: =+Y42 -M42 -> 0
A43: =+A42 -> 2.01 | B43: 26 | J43: BANEFICIARIO 26 | K43: =+VLOOKUP(L43,$AH$22:$AJ$58,2,) -> A=(Ancho x Largo)* Cant | L43: =+L32 -> M2 | M43: =+HLOOKUP(B43,[238]Hoja1!$2:$78,23,FALSE) -> 0 | T43: =+S43*M43 -> 0 | Y43: =+O43*P43 -> 0 | Z43: =+Y43 -M43 -> 0
A44: =+A43 -> 2.01 | B44: 27 | J44: BANEFICIARIO 27 | K44: =+VLOOKUP(L44,$AH$22:$AJ$58,2,) -> A=(Ancho x Largo)* Cant | L44: =+L43 -> M2 | M44: =+HLOOKUP(B44,[238]Hoja1!$2:$78,23,FALSE) -> 0 | T44: =+S44*M44 -> 0 | Y44: =+O44*P44 -> 0 | Z44: =+Y44 -M44 -> 0
A45: =+A44 -> 2.01 | B45: 28 | J45: BANEFICIARIO 28 | K45: =+VLOOKUP(L45,$AH$22:$AJ$58,2,) -> A=(Ancho x Largo)* Cant | L45: =+L44 -> M2 | M45: =+HLOOKUP(B45,[238]Hoja1!$2:$78,23,FALSE) -> 0 | T45: =+S45*M45 -> 0 | Y45: =+O45*P45 -> 0 | Z45: =+Y45 -M45 -> 0
A46: =+A45 -> 2.01 | B46: 29 | J46: BANEFICIARIO 29 | K46: =+VLOOKUP(L46,$AH$22:$AJ$58,2,) -> A=(Ancho x Largo)* Cant | L46: =+L45 -> M2 | M46: =+HLOOKUP(B46,[238]Hoja1!$2:$78,23,FALSE) -> 0 | T46: =+S46*M46 -> 0 | Y46: =+O46*P46 -> 0 | Z46: =+Y46 -M46 -> 0
A47: =+A46 -> 2.01 | B47: 30 | J47: BANEFICIARIO 30 | K47: =+VLOOKUP(L47,$AH$22:$AJ$58,2,) -> A=(Ancho x Largo)* Cant | L47: =+L46 -> M2 | M47: =+HLOOKUP(B47,[238]Hoja1!$2:$78,23,FALSE) -> 0 | T47: =+S47*M47 -> 0 | Y47: =+O47*P47 -> 0 | Z47: =+Y47 -M47 -> 0
A48: =+A47 -> 2.01 | B48: 31 | J48: BANEFICIARIO 31 | K48: =+VLOOKUP(L48,$AH$22:$AJ$58,2,) -> A=(Ancho x Largo)* Cant | L48: =+L47 -> M2 | M48: =+HLOOKUP(B48,[238]Hoja1!$2:$78,23,FALSE) -> 0.75 | O48: 0.5 | P48: =0.5*3 -> 1.5 | S48: =IF(M48=0,"0",1) -> 1 | T48: =+S48*M48 -> 0.75 | Y48: =+O48*P48 -> 0.75 | Z48: =+Y48 -M48 -> 0 | AH48: UND | AI48: UND= Cant de elementos
A49: =+A48 -> 2.01 | B49: 32 | J49: BANEFICIARIO 32 | K49: =+VLOOKUP(L49,$AH$22:$AJ$58,2,) -> A=(Ancho x Largo)* Cant | L49: =+L48 -> M2 | M49: =+HLOOKUP(B49,[238]Hoja1!$2:$78,23,FALSE) -> 0 | T49: =+S49*M49 -> 0 | Y49: =+O49*P49 -> 0 | Z49: =+Y49 -M49 -> 0
A50: =+A49 -> 2.01 | B50: 33 | J50: BANEFICIARIO 33 | K50: =+VLOOKUP(L50,$AH$22:$AJ$58,2,) -> A=(Ancho x Largo)* Cant | L50: =+L49 -> M2 | M50: =+HLOOKUP(B50,[238]Hoja1!$2:$78,23,FALSE) -> 0 | T50: =+S50*M50 -> 0 | Y50: =+O50*P50 -> 0 | Z50: =+Y50 -M50 -> 0
A51: =+A50 -> 2.01 | B51: 34 | J51: BANEFICIARIO 34 | K51: =+VLOOKUP(L51,$AH$22:$AJ$58,2,) -> A=(Ancho x Largo)* Cant | L51: =+L50 -> M2 | M51: =+HLOOKUP(B51,[238]Hoja1!$2:$78,23,FALSE) -> 0 | T51: =+S51*M51 -> 0 | Y51: =+O51*P51 -> 0 | Z51: =+Y51 -M51 -> 0
A52: =+A51 -> 2.01 | B52: 35 | J52: BANEFICIARIO 35 | K52: =+VLOOKUP(L52,$AH$22:$AJ$58,2,) -> A=(Ancho x Largo)* Cant | L52: =+L51 -> M2 | M52: =+HLOOKUP(B52,[238]Hoja1!$2:$78,23,FALSE) -> 0 | T52: =+S52*M52 -> 0 | Y52: =+O52*P52 -> 0 | Z52: =+Y52 -M52 -> 0
A53: =+A52 -> 2.01 | B53: 36 | J53: BANEFICIARIO 36 | K53: =+VLOOKUP(L53,$AH$22:$AJ$58,2,) -> A=(Ancho x Largo)* Cant | L53: =+L42 -> M2 | M53: =+HLOOKUP(B53,[238]Hoja1!$2:$78,23,FALSE) -> 0 | T53: =+S53*M53 -> 0 | Y53: =+O53*P53 -> 0 | Z53: =+Y53 -M53 -> 0
A54: =+A53 -> 2.01 | B54: 37 | J54: BANEFICIARIO 37 | K54: =+VLOOKUP(L54,$AH$22:$AJ$58,2,) -> A=(Ancho x Largo)* Cant | L54: =+L53 -> M2 | M54: =+HLOOKUP(B54,[238]Hoja1!$2:$78,23,FALSE) -> 0 | T54: =+S54*M54 -> 0 | Y54: =+O54*P54 -> 0 | Z54: =+Y54 -M54 -> 0
A55: =+A54 -> 2.01 | B55: 38 | J55: BANEFICIARIO 38 | K55: =+VLOOKUP(L55,$AH$22:$AJ$58,2,) -> A=(Ancho x Largo)* Cant | L55: =+L54 -> M2 | M55: =+HLOOKUP(B55,[238]Hoja1!$2:$78,23,FALSE) -> 0 | T55: =+S55*M55 -> 0 | Y55: =+O55*P55 -> 0 | Z55: =+Y55 -M55 -> 0
A56: =+A55 -> 2.01 | B56: 39 | J56: BANEFICIARIO 39 | K56: =+VLOOKUP(L56,$AH$22:$AJ$58,2,) -> A=(Ancho x Largo)* Cant | L56: =+L55 -> M2 | M56: =+HLOOKUP(B56,[238]Hoja1!$2:$78,23,FALSE) -> 0 | T56: =+S56*M56 -> 0 | Y56: =+O56*P56 -> 0 | Z56: =+Y56 -M56 -> 0
A57: =+A56 -> 2.01 | B57: 40 | J57: BANEFICIARIO 40 | K57: =+VLOOKUP(L57,$AH$22:$AJ$58,2,) -> A=(Ancho x Largo)* Cant | L57: =+L56 -> M2 | M57: =+HLOOKUP(B57,[238]Hoja1!$2:$78,23,FALSE) -> 0 | T57: =+S57*M57 -> 0 | Y57: =+O57*P57 -> 0 | Z57: =+Y57 -M57 -> 0
A58: =+A57 -> 2.01 | B58: 41 | J58: BANEFICIARIO 41 | K58: =+VLOOKUP(L58,$AH$22:$AJ$58,2,) -> A=(Ancho x Largo)* Cant | L58: =+L57 -> M2 | M58: =+HLOOKUP(B58,[238]Hoja1!$2:$78,23,FALSE) -> 0 | T58: =+S58*M58 -> 0 | Y58: =+O58*P58 -> 0 | Z58: =+Y58 -M58 -> 0 | AH58: UND | AI58: UND= Cant de elementos
A59: =+A58 -> 2.01 | B59: 42 | J59: BANEFICIARIO 42 | K59: =+VLOOKUP(L59,$AH$22:$AJ$58,2,) -> A=(Ancho x Largo)* Cant | L59: =+L58 -> M2 | M59: =+HLOOKUP(B59,[238]Hoja1!$2:$78,23,FALSE) -> 0 | T59: =+S59*M59 -> 0 | Y59: =+O59*P59 -> 0 | Z59: =+Y59 -M59 -> 0
A60: =+A59 -> 2.01 | B60: 43 | J60: BANEFICIARIO 43 | K60: =+VLOOKUP(L60,$AH$22:$AJ$58,2,) -> A=(Ancho x Largo)* Cant | L60: =+L59 -> M2 | M60: =+HLOOKUP(B60,[238]Hoja1!$2:$78,23,FALSE) -> 0 | T60: =+S60*M60 -> 0 | Y60: =+O60*P60 -> 0 | Z60: =+Y60 -M60 -> 0
P62: Cantidad Parcial Hoja1de1 | T62: =ROUND(SUM(T18:T61),2) -> 17.4
D64: #REF! | P64: Cantidad Total | T64: =T62 -> 17.4
D67: Proyectó | L67: Vo. Bo. Secretario
D70: __________________________________ | F70: __________________________________ | H70: __________________________________ | J70: __________________________________ | L70: _________________________________________
D71: =+[42]DATOS!D$8 -> HELMER EDUARDO BECERRA SANTANDER | F71: CARLOS ANDRES SANABRIA RODRIGUEZ | H71: CARLOS ANDRES SANABRIA RODRIGUEZ | J71: CARLOS ANDRES SANABRIA RODRIGUEZ | L71: =+[42]DATOS!D$11 -> JESUS IVAN QUIÑONES RUEDA
D72: =+[42]DATOS!D9 -> APOYO SEC. DE PLANEACION Y OBRAS PÚBLICAS | F72: Apoyo a la Secretaria de Planeacion y Obras Publicas | H72: Apoyo a la Secretaria de Planeacion y Obras Publicas | J72: Apoyo a la Secretaria de Planeacion y Obras Publicas | L72: =+[42]DATOS!D12 -> SECRETARIO DE PLANEACION Y OBRAS PÚBLICAS
D80: =+[42]DATOS!C$7 -> MEJORAMIENTO DE VIVIENDA CON ENFOQUE DIFERENCIAL PARA POBLACIÓN VULNERABLE EN EL MUNICIPIO DE CUBARÁ, BOYACÁ (2026).
D82: Formato Memoria de Cantidades de Obra
D83: Entidad Proponente: | F83: Alcaldía de Cubara
D84: Entidad Ejecutora: | F84: SECRETARÍA DE PLANEACIÓN Y OBRAS PUBLICAS
D85: Fecha: | F85: =+[42]DATOS!F$5 -> 46143 | L85: Departamento: | N85: BOYACÁ
D86: Etapa: | F86: Año Calendario: | H86: =+[42]DATOS!E$5 -> 2026 | I86: Año del Proyectó: | J86: =+[42]DATOS!E$5 -> 2026 | L86: Municipio: | N86: CUBARA
D88: MEMORIAS DE CANTIDADES DE OBRA
D90: Ítem | E90: Actividad | G90: Und. | J90: Localización de los Elementos | K90: Formula de Cálculo | M90: Dimensiones | S90: Cantidades
D91: =+'PRESUPUESTO OFICIAL '!C31 -> 2.02 | E91: =+VLOOKUP(D91,'PRESUPUESTO OFICIAL '!$C$11:$H$103,2) -> ZAPATA CUADRADA EN CONCRETO f'c = 3000 PSI (21MPa). | G91: =+VLOOKUP(D91,'PRESUPUESTO OFICIAL '!$C$11:$H$103,3) -> M3 | M91: A (m2) Area | N91: P(m) Perímetro | O91: a (m) Ancho | P91: L (m) Largo | Q91: h (m) Alto - Espesor | R91: V (m3) Volumen | S91: C (Und) Cant. De elementos | T91: Cant. Parcial | V91: =+D91 -> 2.02 | W91: =+T139 -> 1.09
A93: =+D91 -> 2.02 | B93: 1 | J93: BANEFICIARIO 1 | K93: =+VLOOKUP(L93,$AH$22:$AJ$58,2,) -> V=(Ancho x Largo x Alto)* Cant | L93: =+G91 -> M3 | O93: 0.5 | P93: 0.5 | Q93: 0.15 | R93: =+Q93*P93*O93 -> 0.0375 | S93: 4 | T93: =+S93*Q93*P93*O93 -> 0.15 | Y93: =+O93*P93*Q93*S93 -> 0.15 | Z93: =+Y93-T93 -> 0
A94: =+A93 -> 2.02 | B94: 2 | J94: BANEFICIARIO 2 | K94: =+VLOOKUP(L94,$AH$22:$AJ$58,2,) -> V=(Ancho x Largo x Alto)* Cant | L94: =+L93 -> M3 | R94: =+HLOOKUP(B94,[238]Hoja1!$2:$78,24,FALSE) -> 0 | T94: =+S94*Q94*P94*O94 -> 0 | Y94: =+O94*P94*Q94*S94 -> 0 | Z94: =+Y94-M94 -> 0
A95: =+A94 -> 2.02 | B95: 3 | J95: BANEFICIARIO 3 | K95: =+VLOOKUP(L95,$AH$22:$AJ$58,2,) -> V=(Ancho x Largo x Alto)* Cant | L95: =+L94 -> M3 | R95: =+HLOOKUP(B95,[238]Hoja1!$2:$78,24,FALSE) -> 0 | T95: =+S95*Q95*P95*O95 -> 0 | Y95: =+O95*P95*Q95*S95 -> 0 | Z95: =+Y95-M95 -> 0
A96: =+A95 -> 2.02 | B96: 4 | J96: BANEFICIARIO 4 | K96: =+VLOOKUP(L96,$AH$22:$AJ$58,2,) -> V=(Ancho x Largo x Alto)* Cant | L96: =+L95 -> M3 | R96: =+HLOOKUP(B96,[238]Hoja1!$2:$78,24,FALSE) -> 0 | T96: =+S96*Q96*P96*O96 -> 0 | Y96: =+O96*P96*Q96*S96 -> 0 | Z96: =+Y96-M96 -> 0
A97: =+A96 -> 2.02 | B97: 5 | J97: BANEFICIARIO 5 | K97: =+VLOOKUP(L97,$AH$22:$AJ$58,2,) -> V=(Ancho x Largo x Alto)* Cant | L97: =+L96 -> M3 | R97: =+HLOOKUP(B97,[238]Hoja1!$2:$78,24,FALSE) -> 0 | T97: =+S97*Q97*P97*O97 -> 0 | Y97: =+O97*P97*Q97*S97 -> 0 | Z97: =+Y97-M97 -> 0
A98: =+A97 -> 2.02 | B98: 6 | J98: BANEFICIARIO 6 | K98: =+VLOOKUP(L98,$AH$22:$AJ$58,2,) -> V=(Ancho x Largo x Alto)* Cant | L98: =+L97 -> M3 | R98: =+HLOOKUP(B98,[238]Hoja1!$2:$78,24,FALSE) -> 0 | T98: =+S98*Q98*P98*O98 -> 0 | Y98: =+O98*P98*Q98*S98 -> 0 | Z98: =+Y98-M98 -> 0
A99: =+A98 -> 2.02 | B99: 7 | J99: BANEFICIARIO 7 | K99: =+VLOOKUP(L99,$AH$22:$AJ$58,2,) -> V=(Ancho x Largo x Alto)* Cant | L99: =+L93 -> M3 | O99: 0.5 | P99: 0.5 | Q99: 0.2 | R99: =+Q99*P99*O99 -> 0.05 | S99: 6 | T99: =+S99*Q99*P99*O99 -> 0.3 | Y99: =+O99*P99*Q99*S99 -> 0.3 | Z99: =+Y99-M99 -> 0.3
A100: =+A99 -> 2.02 | B100: 8 | J100: BANEFICIARIO 8 | K100: =+VLOOKUP(L100,$AH$22:$AJ$58,2,) -> V=(Ancho x Largo x Alto)* Cant | L100: =+L99 -> M3 | R100: =+HLOOKUP(B100,[238]Hoja1!$2:$78,24,FALSE) -> 0 | T100: =+S100*Q100*P100*O100 -> 0 | Y100: =+O100*P100*Q100*S100 -> 0 | Z100: =+Y100-M100 -> 0
A101: =+A100 -> 2.02 | B101: 9 | J101: BANEFICIARIO 9 | K101: =+VLOOKUP(L101,$AH$22:$AJ$58,2,) -> V=(Ancho x Largo x Alto)* Cant | L101: =+L100 -> M3 | R101: =+HLOOKUP(B101,[238]Hoja1!$2:$78,24,FALSE) -> 0 | T101: =+S101*Q101*P101*O101 -> 0 | Y101: =+O101*P101*Q101*S101 -> 0 | Z101: =+Y101-M101 -> 0
A102: =+A101 -> 2.02 | B102: 10 | J102: BANEFICIARIO 10 | K102: =+VLOOKUP(L102,$AH$22:$AJ$58,2,) -> V=(Ancho x Largo x Alto)* Cant | L102: =+L101 -> M3 | R102: =+HLOOKUP(B102,[238]Hoja1!$2:$78,24,FALSE) -> 0 | T102: =+S102*Q102*P102*O102 -> 0 | Y102: =+O102*P102*Q102*S102 -> 0 | Z102: =+Y102-M102 -> 0
A103: =+A102 -> 2.02 | B103: 11 | J103: BANEFICIARIO 11 | K103: =+VLOOKUP(L103,$AH$22:$AJ$58,2,) -> V=(Ancho x Largo x Alto)* Cant | L103: =+L102 -> M3 | R103: =+HLOOKUP(B103,[238]Hoja1!$2:$78,24,FALSE) -> 0 | T103: =+S103*Q103*P103*O103 -> 0 | Y103: =+O103*P103*Q103*S103 -> 0 | Z103: =+Y103-M103 -> 0
A104: =+A103 -> 2.02 | B104: 12 | J104: BANEFICIARIO 12 | K104: =+VLOOKUP(L104,$AH$22:$AJ$58,2,) -> V=(Ancho x Largo x Alto)* Cant | L104: =+L98 -> M3 | R104: =+HLOOKUP(B104,[238]Hoja1!$2:$78,24,FALSE) -> 0 | T104: =+S104*Q104*P104*O104 -> 0 | Y104: =+O104*P104*Q104*S104 -> 0 | Z104: =+Y104-M104 -> 0
A105: =+A104 -> 2.02 | B105: 13 | J105: BANEFICIARIO 13 | K105: =+VLOOKUP(L105,$AH$22:$AJ$58,2,) -> V=(Ancho x Largo x Alto)* Cant | L105: =+L100 -> M3 | R105: =+HLOOKUP(B105,[238]Hoja1!$2:$78,24,FALSE) -> 0 | T105: =+S105*Q105*P105*O105 -> 0 | Y105: =+O105*P105*Q105*S105 -> 0 | Z105: =+Y105-M105 -> 0
A106: =+A105 -> 2.02 | B106: 14 | J106: BANEFICIARIO 14 | K106: =+VLOOKUP(L106,$AH$22:$AJ$58,2,) -> V=(Ancho x Largo x Alto)* Cant | L106: =+L105 -> M3 | R106: =+HLOOKUP(B106,[238]Hoja1!$2:$78,24,FALSE) -> 0 | T106: =+S106*Q106*P106*O106 -> 0 | Y106: =+O106*P106*Q106*S106 -> 0 | Z106: =+Y106-M106 -> 0
A107: =+A106 -> 2.02 | B107: 15 | J107: BANEFICIARIO 15 | K107: =+VLOOKUP(L107,$AH$22:$AJ$58,2,) -> V=(Ancho x Largo x Alto)* Cant | L107: =+L106 -> M3 | O107: 0.5 | P107: 0.5 | Q107: 0.2 | R107: =+Q107*P107*O107 -> 0.05 | S107: 6 | T107: =+S107*Q107*P107*O107 -> 0.3 | Y107: =+O107*P107*Q107*S107 -> 0.3 | Z107: =+Y107-M107 -> 0.3
A108: =+A107 -> 2.02 | B108: 16 | J108: BANEFICIARIO 16 | K108: =+VLOOKUP(L108,$AH$22:$AJ$58,2,) -> V=(Ancho x Largo x Alto)* Cant | L108: =+L107 -> M3 | R108: =+HLOOKUP(B108,[238]Hoja1!$2:$78,24,FALSE) -> 0 | T108: =+S108*Q108*P108*O108 -> 0 | Y108: =+O108*P108*Q108*S108 -> 0 | Z108: =+Y108-M108 -> 0
A109: =+A108 -> 2.02 | B109: 17 | J109: BANEFICIARIO 17 | K109: =+VLOOKUP(L109,$AH$22:$AJ$58,2,) -> V=(Ancho x Largo x Alto)* Cant | L109: =+L108 -> M3 | R109: =+HLOOKUP(B109,[238]Hoja1!$2:$78,24,FALSE) -> 0 | T109: =+S109*Q109*P109*O109 -> 0 | Y109: =+O109*P109*Q109*S109 -> 0 | Z109: =+Y109-M109 -> 0
A110: =+A109 -> 2.02 | B110: 18 | J110: BANEFICIARIO 18 | K110: =+VLOOKUP(L110,$AH$22:$AJ$58,2,) -> V=(Ancho x Largo x Alto)* Cant | L110: =+L109 -> M3 | R110: =+HLOOKUP(B110,[238]Hoja1!$2:$78,24,FALSE) -> 0 | T110: =+S110*Q110*P110*O110 -> 0 | Y110: =+O110*P110*Q110*S110 -> 0 | Z110: =+Y110-M110 -> 0
A111: =+A110 -> 2.02 | B111: 19 | J111: BANEFICIARIO 19 | K111: =+VLOOKUP(L111,$AH$22:$AJ$58,2,) -> V=(Ancho x Largo x Alto)* Cant | L111: =+L110 -> M3 | R111: =+HLOOKUP(B111,[238]Hoja1!$2:$78,24,FALSE) -> 0 | T111: =+S111*Q111*P111*O111 -> 0 | Y111: =+O111*P111*Q111*S111 -> 0 | Z111: =+Y111-M111 -> 0
A112: =+A111 -> 2.02 | B112: 20 | J112: BANEFICIARIO 20 | K112: =+VLOOKUP(L112,$AH$22:$AJ$58,2,) -> V=(Ancho x Largo x Alto)* Cant | L112: =+L111 -> M3 | R112: =+HLOOKUP(B112,[238]Hoja1!$2:$78,24,FALSE) -> 0 | T112: =+S112*Q112*P112*O112 -> 0 | Y112: =+O112*P112*Q112*S112 -> 0 | Z112: =+Y112-M112 -> 0
A113: =+A112 -> 2.02 | B113: 21 | J113: BANEFICIARIO 21 | K113: =+VLOOKUP(L113,$AH$22:$AJ$58,2,) -> V=(Ancho x Largo x Alto)* Cant | L113: =+L112 -> M3 | O113: 0.6 | P113: 0.6 | Q113: 0.2 | R113: =+Q113*P113*O113 -> 0.072 | S113: 2 | T113: =+S113*Q113*P113*O113 -> 0.144 | Y113: =+O113*P113*Q113*S113 -> 0.144 | Z113: =+Y113-M113 -> 0.144
A114: =+A113 -> 2.02 | B114: 22 | J114: BANEFICIARIO 22 | K114: =+VLOOKUP(L114,$AH$22:$AJ$58,2,) -> V=(Ancho x Largo x Alto)* Cant | L114: =+L113 -> M3 | R114: =+HLOOKUP(B114,[238]Hoja1!$2:$78,24,FALSE) -> 0 | T114: =+S114*Q114*P114*O114 -> 0 | Y114: =+O114*P114*Q114*S114 -> 0 | Z114: =+Y114-M114 -> 0
A115: =+A114 -> 2.02 | B115: 23 | J115: BANEFICIARIO 23 | K115: =+VLOOKUP(L115,$AH$22:$AJ$58,2,) -> V=(Ancho x Largo x Alto)* Cant | L115: =+L114 -> M3 | O115: 0.5 | P115: 0.5 | Q115: 0.2 | R115: =+Q115*P115*O115 -> 0.05 | S115: 4 | T115: =+S115*Q115*P115*O115 -> 0.2 | Y115: =+O115*P115*Q115*S115 -> 0.2 | Z115: =+Y115-M115 -> 0.2
A116: =+A115 -> 2.02 | B116: 24 | J116: BANEFICIARIO 24 | K116: =+VLOOKUP(L116,$AH$22:$AJ$58,2,) -> V=(Ancho x Largo x Alto)* Cant | L116: =+L115 -> M3 | R116: =+HLOOKUP(B116,[238]Hoja1!$2:$78,24,FALSE) -> 0 | T116: =+S116*Q116*P116*O116 -> 0 | Y116: =+O116*P116*Q116*S116 -> 0 | Z116: =+Y116-M116 -> 0
A117: =+A116 -> 2.02 | B117: 25 | J117: BANEFICIARIO 25 | K117: =+VLOOKUP(L117,$AH$22:$AJ$58,2,) -> V=(Ancho x Largo x Alto)* Cant | L117: =+L116 -> M3 | R117: =+HLOOKUP(B117,[238]Hoja1!$2:$78,24,FALSE) -> 0 | T117: =+S117*Q117*P117*O117 -> 0 | Y117: =+O117*P117*Q117*S117 -> 0 | Z117: =+Y117-M117 -> 0
A118: =+A117 -> 2.02 | B118: 26 | J118: BANEFICIARIO 26 | K118: =+VLOOKUP(L118,$AH$22:$AJ$58,2,) -> V=(Ancho x Largo x Alto)* Cant | L118: =+L107 -> M3 | R118: =+HLOOKUP(B118,[238]Hoja1!$2:$78,24,FALSE) -> 0 | T118: =+S118*Q118*P118*O118 -> 0 | Y118: =+O118*P118*Q118*S118 -> 0 | Z118: =+Y118-M118 -> 0
A119: =+A118 -> 2.02 | B119: 27 | J119: BANEFICIARIO 27 | K119: =+VLOOKUP(L119,$AH$22:$AJ$58,2,) -> V=(Ancho x Largo x Alto)* Cant | L119: =+L118 -> M3 | R119: =+HLOOKUP(B119,[238]Hoja1!$2:$78,24,FALSE) -> 0 | T119: =+S119*Q119*P119*O119 -> 0 | Y119: =+O119*P119*Q119*S119 -> 0 | Z119: =+Y119-M119 -> 0
A120: =+A119 -> 2.02 | B120: 28 | J120: BANEFICIARIO 28 | K120: =+VLOOKUP(L120,$AH$22:$AJ$58,2,) -> V=(Ancho x Largo x Alto)* Cant | L120: =+L119 -> M3 | R120: =+HLOOKUP(B120,[238]Hoja1!$2:$78,24,FALSE) -> 0 | T120: =+S120*Q120*P120*O120 -> 0 | Y120: =+O120*P120*Q120*S120 -> 0 | Z120: =+Y120-M120 -> 0
A121: =+A120 -> 2.02 | B121: 29 | J121: BANEFICIARIO 29 | K121: =+VLOOKUP(L121,$AH$22:$AJ$58,2,) -> V=(Ancho x Largo x Alto)* Cant | L121: =+L120 -> M3 | R121: =+HLOOKUP(B121,[238]Hoja1!$2:$78,24,FALSE) -> 0 | T121: =+S121*Q121*P121*O121 -> 0 | Y121: =+O121*P121*Q121*S121 -> 0 | Z121: =+Y121-M121 -> 0
A122: =+A121 -> 2.02 | B122: 30 | J122: BANEFICIARIO 30 | K122: =+VLOOKUP(L122,$AH$22:$AJ$58,2,) -> V=(Ancho x Largo x Alto)* Cant | L122: =+L121 -> M3 | R122: =+HLOOKUP(B122,[238]Hoja1!$2:$78,24,FALSE) -> 0 | T122: =+S122*Q122*P122*O122 -> 0 | Y122: =+O122*P122*Q122*S122 -> 0 | Z122: =+Y122-M122 -> 0
A123: =+A122 -> 2.02 | B123: 31 | J123: BANEFICIARIO 31 | K123: =+VLOOKUP(L123,$AH$22:$AJ$58,2,) -> V=(Ancho x Largo x Alto)* Cant | L123: =+L122 -> M3 | R123: =+HLOOKUP(B123,[238]Hoja1!$2:$78,24,FALSE) -> 0 | T123: =+S123*Q123*P123*O123 -> 0 | Y123: =+O123*P123*Q123*S123 -> 0 | Z123: =+Y123-M123 -> 0
A124: =+A123 -> 2.02 | B124: 32 | J124: BANEFICIARIO 32 | K124: =+VLOOKUP(L124,$AH$22:$AJ$58,2,) -> V=(Ancho x Largo x Alto)* Cant | L124: =+L123 -> M3 | R124: =+HLOOKUP(B124,[238]Hoja1!$2:$78,24,FALSE) -> 0 | T124: =+S124*Q124*P124*O124 -> 0 | Y124: =+O124*P124*Q124*S124 -> 0 | Z124: =+Y124-M124 -> 0
A125: =+A124 -> 2.02 | B125: 33 | J125: BANEFICIARIO 33 | K125: =+VLOOKUP(L125,$AH$22:$AJ$58,2,) -> V=(Ancho x Largo x Alto)* Cant | L125: =+L124 -> M3 | R125: =+HLOOKUP(B125,[238]Hoja1!$2:$78,24,FALSE) -> 0 | T125: =+S125*Q125*P125*O125 -> 0 | Y125: =+O125*P125*Q125*S125 -> 0 | Z125: =+Y125-M125 -> 0
...

Sheet MC 1
D5: =+[42]DATOS!C$7 -> MEJORAMIENTO DE VIVIENDA CON ENFOQUE DIFERENCIAL PARA POBLACIÓN VULNERABLE EN EL MUNICIPIO DE CUBARÁ, BOYACÁ (2026).
D7: Formato Memoria de Cantidades de Obra
D8: Entidad Proponente: | F8: Alcaldía de Cubara
D9: Entidad Ejecutora: | F9: SECRETARÍA DE PLANEACIÓN Y OBRAS PUBLICAS
D10: Fecha: | F10: =+[42]DATOS!F$5 -> 46143 | L10: Departamento: | N10: BOYACÁ
D11: Etapa: | F11: Año Calendario: | H11: =+[42]DATOS!E$5 -> 2026 | I11: Año del Proyectó: | J11: =+[42]DATOS!E$5 -> 2026 | L11: Municipio: | N11: CUBARA
D13: MEMORIAS DE CANTIDADES DE OBRA
D15: Ítem | E15: Actividad | G15: Und. | J15: Localización de los Elementos | K15: Formula de Cálculo | M15: Dimensiones | S15: Cantidades
A16: ITEM | B16: NUMERO | D16: =+'PRESUPUESTO OFICIAL '!C12 -> 1.01 | E16: =+VLOOKUP(D16,'PRESUPUESTO OFICIAL '!$C$11:$H$103,2) -> LOCALIZACIÓN Y REPLANTEO DE OBRA ARQUITECTÓNICA (NO INCLUYE COMISIÓN TOPOGRÁFICA) | G16: =+VLOOKUP(D16,'PRESUPUESTO OFICIAL '!$C$11:$H$103,3) -> M2 | M16: A (m2) Area | N16: P(m) Perímetro | O16: a (m) Ancho | P16: L (m) Largo | Q16: h (m) Alto - Espesor | R16: V (m3) Volumen | S16: C (Und) Cant. De elementos | T16: Cant. Parcial | V16: =+D16 -> 1.01 | W16: =+T64 -> 1318.48
AS17: NUMERO
A18: 1.01 | B18: 1 | J18: BANEFICIARIO 1 | K18: =+VLOOKUP(L18,$AH$22:$AJ$58,2,) -> A=(Ancho x Largo)* Cant | L18: =+G16 -> M2 | M18: =+HLOOKUP(B18,[238]Hoja1!$2:$78,5,FALSE) -> 43.2 | O18: 6.8 | P18: =+M18/6.8 -> 6.3529412 | S18: =IF(M18=0,"0",1) -> 1 | T18: =+S18*M18 -> 43.2 | U18: 1 | Y18: =+O18*P18 -> 43.2 | AS18: 1 | AT18: 2 | AU18: 3 | AV18: 4 | AW18: 5
A19: =+A18 -> 1.01 | B19: 2 | J19: BANEFICIARIO 2 | K19: =+VLOOKUP(L19,$AH$22:$AJ$58,2,) -> A=(Ancho x Largo)* Cant | L19: =+L18 -> M2 | M19: =+HLOOKUP(B19,[238]Hoja1!$2:$78,5,FALSE) -> 6.12 | O19: =+M19/2.65 -> 2.309434 | P19: 2.65 | S19: =IF(M19=0,"0",1) -> 1 | T19: =+S19*M19 -> 6.12 | Y19: =+O19*P19 -> 6.12 | Z19: =+Y19 -M19 -> 0 | AP19: ITEM | AQ19: 1.01 | AS19: =+$A:$A=AQ19 -> TRUE | AT19: =IFERROR(INDEX('MC 1'!$T:$T,MATCH(1,('MC 1'!$A:$A=$C19)*('MC 1'!$B:$B=$F$5),0)),"")
A20: =+A19 -> 1.01 | B20: 3 | J20: BANEFICIARIO 3 | K20: =+VLOOKUP(L20,$AH$22:$AJ$58,2,) -> A=(Ancho x Largo)* Cant | L20: =+L19 -> M2 | M20: =+HLOOKUP(B20,[238]Hoja1!$2:$78,5,FALSE) -> 6.12 | O20: =+M20/2.65 -> 2.309434 | P20: 2.65 | S20: =IF(M20=0,"0",1) -> 1 | T20: =+S20*M20 -> 6.12 | Y20: =+O20*P20 -> 6.12 | Z20: =+Y20 -M20 -> 0 | AQ20: 1.02 | AS20: =+$A:$A=AQ20 -> FALSE | AT20: =IFERROR(INDEX('MC 1'!$T:$T,MATCH(1,('MC 1'!$A:$A=$C20)*('MC 1'!$B:$B=$E$5),0)),"")
A21: =+A20 -> 1.01 | B21: 4 | J21: BANEFICIARIO 4 | K21: =+VLOOKUP(L21,$AH$22:$AJ$58,2,) -> A=(Ancho x Largo)* Cant | L21: =+L20 -> M2 | M21: =+HLOOKUP(B21,[238]Hoja1!$2:$78,5,FALSE) -> 6.12 | O21: =+M21/2.65 -> 2.309434 | P21: 2.65 | S21: =IF(M21=0,"0",1) -> 1 | T21: =+S21*M21 -> 6.12 | Y21: =+O21*P21 -> 6.12 | Z21: =+Y21 -M21 -> 0 | AK21: M2 | AL21: A=(Ancho x Largo)* Cant | AQ21: 1.03 | AS21: =+$A:$A=AQ21 -> FALSE | AT21: =IFERROR(INDEX('MC 1'!$T:$T,MATCH(1,('MC 1'!$A:$A=$C21)*('MC 1'!$B:$B=$E$5),0)),"")
A22: =+A21 -> 1.01 | B22: 5 | J22: BANEFICIARIO 5 | K22: =+VLOOKUP(L22,$AH$22:$AJ$58,2,) -> A=(Ancho x Largo)* Cant | L22: =+L21 -> M2 | M22: =+HLOOKUP(B22,[238]Hoja1!$2:$78,5,FALSE) -> 6.12 | O22: =+M22/2.65 -> 2.309434 | P22: 2.65 | S22: =IF(M22=0,"0",1) -> 1 | T22: =+S22*M22 -> 6.12 | Y22: =+O22*P22 -> 6.12 | Z22: =+Y22 -M22 -> 0 | AH22: M2 | AI22: A=(Ancho x Largo)* Cant | AK22: M3 | AL22: V=(Ancho x Largo x Alto)* Cant | AQ22: 1.04 | AS22: =+$A:$A=AQ22 -> FALSE | AT22: =IFERROR(INDEX('MC 1'!$T:$T,MATCH(1,('MC 1'!$A:$A=$C22)*('MC 1'!$B:$B=$E$5),0)),"")
A23: =+A22 -> 1.01 | B23: 6 | J23: BANEFICIARIO 6 | K23: =+VLOOKUP(L23,$AH$22:$AJ$58,2,) -> A=(Ancho x Largo)* Cant | L23: =+L22 -> M2 | M23: =+HLOOKUP(B23,[238]Hoja1!$2:$78,5,FALSE) -> 7.08 | O23: 2.4 | P23: 2.95 | S23: =IF(M23=0,"0",1) -> 1 | T23: =+S23*M23 -> 7.08 | Y23: =+O23*P23 -> 7.08 | Z23: =+Y23 -M23 -> 0 | AE23: NUMERO | AH23: M3 | AI23: V=(Ancho x Largo x Alto)* Cant | AK23: M | AL23: M=(Largo) x Cant | AQ23: 1.05 | AS23: =+$A:$A=AQ23 -> FALSE | AT23: =IFERROR(INDEX('MC 1'!$T:$T,MATCH(1,('MC 1'!$A:$A=$C23)*('MC 1'!$B:$B=$E$5),0)),"")
A24: =+A23 -> 1.01 | B24: 7 | J24: BANEFICIARIO 7 | K24: =+VLOOKUP(L24,$AH$22:$AJ$58,2,) -> A=(Ancho x Largo)* Cant | L24: =+L18 -> M2 | M24: =+HLOOKUP(B24,[238]Hoja1!$2:$78,5,FALSE) -> 50.76 | O24: =+M24/5.4 -> 9.4 | P24: 5.4 | S24: =IF(M24=0,"0",1) -> 1 | T24: =+S24*M24 -> 50.76 | Y24: =+O24*P24 -> 50.76 | Z24: =+Y24 -M24 -> 0 | AE24: 2 | AH24: M | AI24: M=(Largo) x Cant | AK24: UND | AL24: UND= Cant de elementos | AQ24: 1.06 | AS24: =+$A:$A=AQ24 -> FALSE | AT24: =IFERROR(INDEX('MC 1'!$T:$T,MATCH(1,('MC 1'!$A:$A=$C24)*('MC 1'!$B:$B=$E$5),0)),"")
A25: =+A24 -> 1.01 | B25: 8 | J25: BANEFICIARIO 8 | K25: =+VLOOKUP(L25,$AH$22:$AJ$58,2,) -> A=(Ancho x Largo)* Cant | L25: =+L24 -> M2 | M25: =+HLOOKUP(B25,[238]Hoja1!$2:$78,5,FALSE) -> 9.3 | O25: =+M25/3.15 -> 2.952381 | P25: 3.15 | S25: =IF(M25=0,"0",1) -> 1 | T25: =+S25*M25 -> 9.3 | Y25: =+O25*P25 -> 9.3 | Z25: =+Y25 -M25 -> 0 | AB25: ITEM | AC25: 1.02 | AE25: =IFERROR(INDEX('MC 1'!$T:$T,MATCH(1,('MC 1'!$A:$A=$AC25)*('MC 1'!$B:$B=$AE$24),0)),"") | AH25: UND | AI25: UND= Cant de elementos | AQ25: 1.07 | AS25: =IFERROR(INDEX('MC 1'!$T:$T,MATCH(1,('MC 1'!$A:$A=$C25)*('MC 1'!$B:$B=$E$5),0)),"") | AT25: =IFERROR(INDEX('MC 1'!$T:$T,MATCH(1,('MC 1'!$A:$A=$C25)*('MC 1'!$B:$B=$E$5),0)),"")
A26: =+A25 -> 1.01 | B26: 9 | J26: BANEFICIARIO 9 | K26: =+VLOOKUP(L26,$AH$22:$AJ$58,2,) -> A=(Ancho x Largo)* Cant | L26: =+L25 -> M2 | M26: =+HLOOKUP(B26,[238]Hoja1!$2:$78,5,FALSE) -> 6.12 | O26: =+M26/2.65 -> 2.309434 | P26: 2.65 | S26: =IF(M26=0,"0",1) -> 1 | T26: =+S26*M26 -> 6.12 | Y26: =+O26*P26 -> 6.12 | Z26: =+Y26 -M26 -> 0 | AQ26: 1.08 | AS26: =IFERROR(INDEX('MC 1'!$T:$T,MATCH(1,('MC 1'!$A:$A=$C26)*('MC 1'!$B:$B=$E$5),0)),"") | AT26: =IFERROR(INDEX('MC 1'!$T:$T,MATCH(1,('MC 1'!$A:$A=$C26)*('MC 1'!$B:$B=$E$5),0)),"")
A27: =+A26 -> 1.01 | B27: 10 | J27: BANEFICIARIO 10 | K27: =+VLOOKUP(L27,$AH$22:$AJ$58,2,) -> A=(Ancho x Largo)* Cant | L27: =+L26 -> M2 | M27: =+HLOOKUP(B27,[238]Hoja1!$2:$78,5,FALSE) -> 44.02 | O27: =+M27/7.1 -> 6.2 | P27: 7.1 | S27: =IF(M27=0,"0",1) -> 1 | T27: =+S27*M27 -> 44.02 | Y27: =+O27*P27 -> 44.02 | Z27: =+Y27 -M27 -> 0 | AQ27: 1.09 | AS27: =IFERROR(INDEX('MC 1'!$T:$T,MATCH(1,('MC 1'!$A:$A=$C27)*('MC 1'!$B:$B=$E$5),0)),"") | AT27: =IFERROR(INDEX('MC 1'!$T:$T,MATCH(1,('MC 1'!$A:$A=$C27)*('MC 1'!$B:$B=$E$5),0)),"")
A28: =+A27 -> 1.01 | B28: 11 | J28: BANEFICIARIO 11 | K28: =+VLOOKUP(L28,$AH$22:$AJ$58,2,) -> A=(Ancho x Largo)* Cant | L28: =+L27 -> M2 | M28: =+HLOOKUP(B28,[238]Hoja1!$2:$78,5,FALSE) -> 0 | T28: =+S28*M28 -> 0 | Y28: =+O28*P28 -> 0 | Z28: =+Y28 -M28 -> 0 | AQ28: 1.1 | AS28: =IFERROR(INDEX('MC 1'!$T:$T,MATCH(1,('MC 1'!$A:$A=$C28)*('MC 1'!$B:$B=$E$5),0)),"") | AT28: =IFERROR(INDEX('MC 1'!$T:$T,MATCH(1,('MC 1'!$A:$A=$C28)*('MC 1'!$B:$B=$E$5),0)),"")
A29: =+A28 -> 1.01 | B29: 12 | J29: BANEFICIARIO 12 | K29: =+VLOOKUP(L29,$AH$22:$AJ$58,2,) -> A=(Ancho x Largo)* Cant | L29: =+L23 -> M2 | M29: =+HLOOKUP(B29,[238]Hoja1!$2:$78,5,FALSE) -> 63.51 | O29: =+M29/8.7 -> 7.3 | P29: 8.7 | S29: =IF(M29=0,"0",1) -> 1 | T29: =+S29*M29 -> 63.51 | Y29: =+O29*P29 -> 63.51 | Z29: =+Y29 -M29 -> 0 | AH29: M | AI29: M=(Largo) x Cant | AK29: UND | AL29: UND= Cant de elementos | AQ29: 1.11 | AS29: =IFERROR(INDEX('MC 1'!$T:$T,MATCH(1,('MC 1'!$A:$A=$C29)*('MC 1'!$B:$B=$E$5),0)),"") | AT29: =IFERROR(INDEX('MC 1'!$T:$T,MATCH(1,('MC 1'!$A:$A=$C29)*('MC 1'!$B:$B=$E$5),0)),"")
A30: =+A29 -> 1.01 | B30: 13 | J30: BANEFICIARIO 13 | K30: =+VLOOKUP(L30,$AH$22:$AJ$58,2,) -> A=(Ancho x Largo)* Cant | L30: =+L25 -> M2 | M30: =+HLOOKUP(B30,[238]Hoja1!$2:$78,5,FALSE) -> 36.08 | O30: =+M30/8.8 -> 4.1 | P30: 8.8 | S30: =IF(M30=0,"0",1) -> 1 | T30: =+S30*M30 -> 36.08 | Y30: =+O30*P30 -> 36.08 | Z30: =+Y30 -M30 -> 0 | AH30: UND | AI30: UND= Cant de elementos | AQ30: 1.12 | AS30: =IFERROR(INDEX('MC 1'!$T:$T,MATCH(1,('MC 1'!$A:$A=$C30)*('MC 1'!$B:$B=$E$5),0)),"") | AT30: =IFERROR(INDEX('MC 1'!$T:$T,MATCH(1,('MC 1'!$A:$A=$C30)*('MC 1'!$B:$B=$E$5),0)),"")
A31: =+A30 -> 1.01 | B31: 14 | J31: BANEFICIARIO 14 | K31: =+VLOOKUP(L31,$AH$22:$AJ$58,2,) -> A=(Ancho x Largo)* Cant | L31: =+L30 -> M2 | M31: =+HLOOKUP(B31,[238]Hoja1!$2:$78,5,FALSE) -> 6.12 | O31: =+M31/2.65 -> 2.309434 | P31: 2.65 | S31: =IF(M31=0,"0",1) -> 1 | T31: =+S31*M31 -> 6.12 | Y31: =+O31*P31 -> 6.12 | Z31: =+Y31 -M31 -> 0 | AQ31: 1.13 | AS31: =IFERROR(INDEX('MC 1'!$T:$T,MATCH(1,('MC 1'!$A:$A=$C31)*('MC 1'!$B:$B=$E$5),0)),"") | AT31: =IFERROR(INDEX('MC 1'!$T:$T,MATCH(1,('MC 1'!$A:$A=$C31)*('MC 1'!$B:$B=$E$5),0)),"")
A32: =+A31 -> 1.01 | B32: 15 | J32: BANEFICIARIO 15 | K32: =+VLOOKUP(L32,$AH$22:$AJ$58,2,) -> A=(Ancho x Largo)* Cant | L32: =+L31 -> M2 | M32: =+HLOOKUP(B32,[238]Hoja1!$2:$78,5,FALSE) -> 43.27 | O32: =+M32/8.5 -> 5.0905882 | P32: 8.5 | S32: =IF(M32=0,"0",1) -> 1 | T32: =+S32*M32 -> 43.27 | Y32: =+O32*P32 -> 43.27 | Z32: =+Y32 -M32 -> 0 | AQ32: 1.14 | AS32: =IFERROR(INDEX('MC 1'!$T:$T,MATCH(1,('MC 1'!$A:$A=$C32)*('MC 1'!$B:$B=$E$5),0)),"") | AT32: =IFERROR(INDEX('MC 1'!$T:$T,MATCH(1,('MC 1'!$A:$A=$C32)*('MC 1'!$B:$B=$E$5),0)),"")
A33: =+A32 -> 1.01 | B33: 16 | J33: BANEFICIARIO 16 | K33: =+VLOOKUP(L33,$AH$22:$AJ$58,2,) -> A=(Ancho x Largo)* Cant | L33: =+L32 -> M2 | M33: =+HLOOKUP(B33,[238]Hoja1!$2:$78,5,FALSE) -> 15.6 | O33: =+M33/5.1 -> 3.0588235 | P33: 5.1 | S33: =IF(M33=0,"0",1) -> 1 | T33: =+S33*M33 -> 15.6 | Y33: =+O33*P33 -> 15.6 | Z33: =+Y33 -M33 -> 0 | AQ33: 1.15 | AS33: =IFERROR(INDEX('MC 1'!$T:$T,MATCH(1,('MC 1'!$A:$A=$C33)*('MC 1'!$B:$B=$E$5),0)),"") | AT33: =IFERROR(INDEX('MC 1'!$T:$T,MATCH(1,('MC 1'!$A:$A=$C33)*('MC 1'!$B:$B=$E$5),0)),"")
A34: =+A33 -> 1.01 | B34: 17 | J34: BANEFICIARIO 17 | K34: =+VLOOKUP(L34,$AH$22:$AJ$58,2,) -> A=(Ancho x Largo)* Cant | L34: =+L33 -> M2 | M34: =+HLOOKUP(B34,[238]Hoja1!$2:$78,5,FALSE) -> 72.09 | O34: 8.1 | P34: 8.9 | S34: =IF(M34=0,"0",1) -> 1 | T34: =+S34*M34 -> 72.09 | Y34: =+O34*P34 -> 72.09 | Z34: =+Y34 -M34 -> 0 | AQ34: 2.01 | AS34: =IFERROR(INDEX('MC 1'!$T:$T,MATCH(1,('MC 1'!$A:$A=$C34)*('MC 1'!$B:$B=$E$5),0)),"") | AT34: =IFERROR(INDEX('MC 1'!$T:$T,MATCH(1,('MC 1'!$A:$A=$C34)*('MC 1'!$B:$B=$E$5),0)),"")
A35: =+A34 -> 1.01 | B35: 18 | J35: BANEFICIARIO 18 | K35: =+VLOOKUP(L35,$AH$22:$AJ$58,2,) -> A=(Ancho x Largo)* Cant | L35: =+L34 -> M2 | M35: =+HLOOKUP(B35,[238]Hoja1!$2:$78,5,FALSE) -> 7.08 | O35: 2.4 | P35: 2.95 | S35: =IF(M35=0,"0",1) -> 1 | T35: =+S35*M35 -> 7.08 | Y35: =+O35*P35 -> 7.08 | Z35: =+Y35 -M35 -> 0 | AQ35: 2.02 | AS35: =IFERROR(INDEX('MC 1'!$T:$T,MATCH(1,('MC 1'!$A:$A=$C35)*('MC 1'!$B:$B=$E$5),0)),"") | AT35: =IFERROR(INDEX('MC 1'!$T:$T,MATCH(1,('MC 1'!$A:$A=$C35)*('MC 1'!$B:$B=$E$5),0)),"")
A36: =+A35 -> 1.01 | B36: 19 | J36: BANEFICIARIO 19 | K36: =+VLOOKUP(L36,$AH$22:$AJ$58,2,) -> A=(Ancho x Largo)* Cant | L36: =+L35 -> M2 | M36: =+HLOOKUP(B36,[238]Hoja1!$2:$78,5,FALSE) -> 6.12 | O36: =+M36/2.65 -> 2.309434 | P36: 2.65 | S36: =IF(M36=0,"0",1) -> 1 | T36: =+S36*M36 -> 6.12 | Y36: =+O36*P36 -> 6.12 | Z36: =+Y36 -M36 -> 0 | AQ36: 2.03 | AS36: =IFERROR(INDEX('MC 1'!$T:$T,MATCH(1,('MC 1'!$A:$A=$C36)*('MC 1'!$B:$B=$E$5),0)),"") | AT36: =IFERROR(INDEX('MC 1'!$T:$T,MATCH(1,('MC 1'!$A:$A=$C36)*('MC 1'!$B:$B=$E$5),0)),"")
A37: =+A36 -> 1.01 | B37: 20 | J37: BANEFICIARIO 20 | K37: =+VLOOKUP(L37,$AH$22:$AJ$58,2,) -> A=(Ancho x Largo)* Cant | L37: =+L36 -> M2 | M37: =+HLOOKUP(B37,[238]Hoja1!$2:$78,5,FALSE) -> 9.3 | O37: =+M37/3.15 -> 2.952381 | P37: 3.15 | S37: =IF(M37=0,"0",1) -> 1 | T37: =+S37*M37 -> 9.3 | Y37: =+O37*P37 -> 9.3 | Z37: =+Y37 -M37 -> 0 | AQ37: 2.04
A38: =+A37 -> 1.01 | B38: 21 | J38: BANEFICIARIO 21 | K38: =+VLOOKUP(L38,$AH$22:$AJ$58,2,) -> A=(Ancho x Largo)* Cant | L38: =+L37 -> M2 | M38: =+HLOOKUP(B38,[238]Hoja1!$2:$78,5,FALSE) -> 69.01 | O38: 10.3 | P38: 6.7 | S38: =IF(M38=0,"0",1) -> 1 | T38: =+S38*M38 -> 69.01 | Y38: =+O38*P38 -> 69.01 | Z38: =+Y38 -M38 -> 0 | AQ38: 2.05
A39: =+A38 -> 1.01 | B39: 22 | J39: BANEFICIARIO 22 | K39: =+VLOOKUP(L39,$AH$22:$AJ$58,2,) -> A=(Ancho x Largo)* Cant | L39: =+L38 -> M2 | M39: =+HLOOKUP(B39,[238]Hoja1!$2:$78,5,FALSE) -> 6.12 | O39: =+M39/2.65 -> 2.309434 | P39: 2.65 | S39: =IF(M39=0,"0",1) -> 1 | T39: =+S39*M39 -> 6.12 | Y39: =+O39*P39 -> 6.12 | Z39: =+Y39 -M39 -> 0 | AQ39: 3.01
A40: =+A39 -> 1.01 | B40: 23 | J40: BANEFICIARIO 23 | K40: =+VLOOKUP(L40,$AH$22:$AJ$58,2,) -> A=(Ancho x Largo)* Cant | L40: =+L39 -> M2 | M40: =+HLOOKUP(B40,[238]Hoja1!$2:$78,5,FALSE) -> 127.2 | O40: =+M40/12 -> 10.6 | P40: 12 | S40: =IF(M40=0,"0",1) -> 1 | T40: =+S40*M40 -> 127.2 | Y40: =+O40*P40 -> 127.2 | Z40: =+Y40 -M40 -> 0 | AQ40: 3.02
A41: =+A40 -> 1.01 | B41: 24 | J41: BANEFICIARIO 24 | K41: =+VLOOKUP(L41,$AH$22:$AJ$58,2,) -> A=(Ancho x Largo)* Cant | L41: =+L40 -> M2 | M41: =+HLOOKUP(B41,[238]Hoja1!$2:$78,5,FALSE) -> 6.18 | O41: =+M41/2.5 -> 2.472 | P41: 2.5 | S41: =IF(M41=0,"0",1) -> 1 | T41: =+S41*M41 -> 6.18 | Y41: =+O41*P41 -> 6.18 | Z41: =+Y41 -M41 -> 0 | AH41: UND | AI41: UND= Cant de elementos | AQ41: 3.03
A42: =+A41 -> 1.01 | B42: 25 | J42: BANEFICIARIO 25 | K42: =+VLOOKUP(L42,$AH$22:$AJ$58,2,) -> A=(Ancho x Largo)* Cant | L42: =+L41 -> M2 | M42: =+HLOOKUP(B42,[238]Hoja1!$2:$78,5,FALSE) -> 7.425 | O42: =+M42/3.3 -> 2.25 | P42: 3.3 | S42: =IF(M42=0,"0",1) -> 1 | T42: =+S42*M42 -> 7.425 | Y42: =+O42*P42 -> 7.425 | Z42: =+Y42 -M42 -> 0 | AQ42: 3.04
A43: =+A42 -> 1.01 | B43: 26 | J43: BANEFICIARIO 26 | K43: =+VLOOKUP(L43,$AH$22:$AJ$58,2,) -> A=(Ancho x Largo)* Cant | L43: =+L32 -> M2 | M43: =+HLOOKUP(B43,[238]Hoja1!$2:$78,5,FALSE) -> 124.6 | O43: =+M43/7 -> 17.8 | P43: 7 | S43: =IF(M43=0,"0",1) -> 1 | T43: =+S43*M43 -> 124.6 | Y43: =+O43*P43 -> 124.6 | Z43: =+Y43 -M43 -> 0 | AQ43: 3.05
A44: =+A43 -> 1.01 | B44: 27 | J44: BANEFICIARIO 27 | K44: =+VLOOKUP(L44,$AH$22:$AJ$58,2,) -> A=(Ancho x Largo)* Cant | L44: =+L43 -> M2 | M44: =+HLOOKUP(B44,[238]Hoja1!$2:$78,5,FALSE) -> 6.12 | O44: =+M44/2.65 -> 2.309434 | P44: 2.65 | S44: =IF(M44=0,"0",1) -> 1 | T44: =+S44*M44 -> 6.12 | Y44: =+O44*P44 -> 6.12 | Z44: =+Y44 -M44 -> 0 | AQ44: 3.06
A45: =+A44 -> 1.01 | B45: 28 | J45: BANEFICIARIO 28 | K45: =+VLOOKUP(L45,$AH$22:$AJ$58,2,) -> A=(Ancho x Largo)* Cant | L45: =+L44 -> M2 | M45: =+HLOOKUP(B45,[238]Hoja1!$2:$78,5,FALSE) -> 43.6 | O45: =+M45/5.35 -> 8.1495327 | P45: 5.35 | S45: =IF(M45=0,"0",1) -> 1 | T45: =+S45*M45 -> 43.6 | Y45: =+O45*P45 -> 43.6 | Z45: =+Y45 -M45 -> 0 | AQ45: 3.07
A46: =+A45 -> 1.01 | B46: 29 | J46: BANEFICIARIO 29 | K46: =+VLOOKUP(L46,$AH$22:$AJ$58,2,) -> A=(Ancho x Largo)* Cant | L46: =+L45 -> M2 | M46: =+HLOOKUP(B46,[238]Hoja1!$2:$78,5,FALSE) -> 0 | T46: =+S46*M46 -> 0 | Y46: =+O46*P46 -> 0 | Z46: =+Y46 -M46 -> 0
A47: =+A46 -> 1.01 | B47: 30 | J47: BANEFICIARIO 30 | K47: =+VLOOKUP(L47,$AH$22:$AJ$58,2,) -> A=(Ancho x Largo)* Cant | L47: =+L46 -> M2 | M47: =+HLOOKUP(B47,[238]Hoja1!$2:$78,5,FALSE) -> 9.3 | O47: =+M47/3.15 -> 2.952381 | P47: 3.15 | S47: =IF(M47=0,"0",1) -> 1 | T47: =+S47*M47 -> 9.3 | Y47: =+O47*P47 -> 9.3 | Z47: =+Y47 -M47 -> 0
A48: =+A47 -> 1.01 | B48: 31 | J48: BANEFICIARIO 31 | K48: =+VLOOKUP(L48,$AH$22:$AJ$58,2,) -> A=(Ancho x Largo)* Cant | L48: =+L47 -> M2 | M48: =+HLOOKUP(B48,[238]Hoja1!$2:$78,5,FALSE) -> 56 | O48: 7 | P48: 8 | S48: =IF(M48=0,"0",1) -> 1 | T48: =+S48*M48 -> 56 | Y48: =+O48*P48 -> 56 | Z48: =+Y48 -M48 -> 0 | AH48: UND | AI48: UND= Cant de elementos
A49: =+A48 -> 1.01 | B49: 32 | J49: BANEFICIARIO 32 | K49: =+VLOOKUP(L49,$AH$22:$AJ$58,2,) -> A=(Ancho x Largo)* Cant | L49: =+L48 -> M2 | M49: =+HLOOKUP(B49,[238]Hoja1!$2:$78,5,FALSE) -> 7.08 | O49: 2.4 | P49: 2.95 | S49: =IF(M49=0,"0",1) -> 1 | T49: =+S49*M49 -> 7.08 | Y49: =+O49*P49 -> 7.08 | Z49: =+Y49 -M49 -> 0
A50: =+A49 -> 1.01 | B50: 33 | J50: BANEFICIARIO 33 | K50: =+VLOOKUP(L50,$AH$22:$AJ$58,2,) -> A=(Ancho x Largo)* Cant | L50: =+L49 -> M2 | M50: =+HLOOKUP(B50,[238]Hoja1!$2:$78,5,FALSE) -> 51.1 | O50: 7.3 | P50: 7 | S50: =IF(M50=0,"0",1) -> 1 | T50: =+S50*M50 -> 51.1 | Y50: =+O50*P50 -> 51.1 | Z50: =+Y50 -M50 -> 0
A51: =+A50 -> 1.01 | B51: 34 | J51: BANEFICIARIO 34 | K51: =+VLOOKUP(L51,$AH$22:$AJ$58,2,) -> A=(Ancho x Largo)* Cant | L51: =+L50 -> M2 | M51: =+HLOOKUP(B51,[238]Hoja1!$2:$78,5,FALSE) -> 33.723 | S51: =IF(M51=0,"0",1) -> 1 | T51: =+S51*M51 -> 33.723 | Y51: =+O51*P51 -> 0 | Z51: =+Y51 -M51 -> -33.723
A52: =+A51 -> 1.01 | B52: 35 | J52: BANEFICIARIO 35 | K52: =+VLOOKUP(L52,$AH$22:$AJ$58,2,) -> A=(Ancho x Largo)* Cant | L52: =+L51 -> M2 | M52: =+HLOOKUP(B52,[238]Hoja1!$2:$78,5,FALSE) -> 84 | O52: 7 | P52: 12 | S52: =IF(M52=0,"0",1) -> 1 | T52: =+S52*M52 -> 84 | Y52: =+O52*P52 -> 84 | Z52: =+Y52 -M52 -> 0
A53: =+A52 -> 1.01 | B53: 36 | J53: BANEFICIARIO 36 | K53: =+VLOOKUP(L53,$AH$22:$AJ$58,2,) -> A=(Ancho x Largo)* Cant | L53: =+L42 -> M2 | M53: =+HLOOKUP(B53,[238]Hoja1!$2:$78,5,FALSE) -> 7.08 | O53: 2.4 | P53: 2.95 | S53: =IF(M53=0,"0",1) -> 1 | T53: =+S53*M53 -> 7.08 | Y53: =+O53*P53 -> 7.08 | Z53: =+Y53 -M53 -> 0
A54: =+A53 -> 1.01 | B54: 37 | J54: BANEFICIARIO 37 | K54: =+VLOOKUP(L54,$AH$22:$AJ$58,2,) -> A=(Ancho x Largo)* Cant | L54: =+L53 -> M2 | M54: =+HLOOKUP(B54,[238]Hoja1!$2:$78,5,FALSE) -> 7.25 | O54: =+M54/3.15 -> 2.3015873 | P54: 3.15 | S54: =IF(M54=0,"0",1) -> 1 | T54: =+S54*M54 -> 7.25 | Y54: =+O54*P54 -> 7.25 | Z54: =+Y54 -M54 -> 0
A55: =+A54 -> 1.01 | B55: 38 | J55: BANEFICIARIO 38 | K55: =+VLOOKUP(L55,$AH$22:$AJ$58,2,) -> A=(Ancho x Largo)* Cant | L55: =+L54 -> M2 | M55: =+HLOOKUP(B55,[238]Hoja1!$2:$78,5,FALSE) -> 0 | T55: =+S55*M55 -> 0 | Y55: =+O55*P55 -> 0 | Z55: =+Y55 -M55 -> 0
A56: =+A55 -> 1.01 | B56: 39 | J56: BANEFICIARIO 39 | K56: =+VLOOKUP(L56,$AH$22:$AJ$58,2,) -> A=(Ancho x Largo)* Cant | L56: =+L55 -> M2 | M56: =+HLOOKUP(B56,[238]Hoja1!$2:$78,5,FALSE) -> 135.42 | O56: =+M56/12.3 -> 11.009756 | P56: 12.3 | S56: =IF(M56=0,"0",1) -> 1 | T56: =+S56*M56 -> 135.42 | Y56: =+O56*P56 -> 135.42 | Z56: =+Y56 -M56 -> 0
A57: =+A56 -> 1.01 | B57: 40 | J57: BANEFICIARIO 40 | K57: =+VLOOKUP(L57,$AH$22:$AJ$58,2,) -> A=(Ancho x Largo)* Cant | L57: =+L56 -> M2 | M57: =+HLOOKUP(B57,[238]Hoja1!$2:$78,5,FALSE) -> 7.08 | O57: 2.4 | P57: 2.95 | S57: =IF(M57=0,"0",1) -> 1 | T57: =+S57*M57 -> 7.08 | Y57: =+O57*P57 -> 7.08 | Z57: =+Y57 -M57 -> 0
A58: =+A57 -> 1.01 | B58: 41 | J58: BANEFICIARIO 41 | K58: =+VLOOKUP(L58,$AH$22:$AJ$58,2,) -> A=(Ancho x Largo)* Cant | L58: =+L57 -> M2 | M58: =+HLOOKUP(B58,[238]Hoja1!$2:$78,5,FALSE) -> 3.56 | O58: =+M58/2.3 -> 1.5478261 | P58: 2.3 | S58: =IF(M58=0,"0",1) -> 1 | T58: =+S58*M58 -> 3.56 | Y58: =+O58*P58 -> 3.56 | Z58: =+Y58 -M58 -> 0 | AH58: UND | AI58: UND= Cant de elementos
A59: =+A58 -> 1.01 | B59: 42 | J59: BANEFICIARIO 42 | K59: =+VLOOKUP(L59,$AH$22:$AJ$58,2,) -> A=(Ancho x Largo)* Cant | L59: =+L58 -> M2 | M59: =+HLOOKUP(B59,[238]Hoja1!$2:$78,5,FALSE) -> 0 | T59: =+S59*M59 -> 0 | Y59: =+O59*P59 -> 0 | Z59: =+Y59 -M59 -> 0
A60: =+A59 -> 1.01 | B60: 43 | J60: BANEFICIARIO 43 | K60: =+VLOOKUP(L60,$AH$22:$AJ$58,2,) -> A=(Ancho x Largo)* Cant | L60: =+L59 -> M2 | M60: =+HLOOKUP(B60,[238]Hoja1!$2:$78,5,FALSE) -> 82.5 | O60: =+M60/7.5 -> 11 | P60: 7.5 | S60: =IF(M60=0,"0",1) -> 1 | T60: =+S60*M60 -> 82.5 | Y60: =+O60*P60 -> 82.5 | Z60: =+Y60 -M60 -> 0
P62: Cantidad Parcial Hoja1de1 | T62: =ROUND(SUM(T18:T61),2) -> 1318.48
D64: #REF! | P64: Cantidad Total | T64: =T62 -> 1318.48
D67: Proyectó | L67: Vo. Bo. Secretario
D70: __________________________________ | F70: __________________________________ | H70: __________________________________ | J70: __________________________________ | L70: _________________________________________
D71: =+[42]DATOS!D$8 -> HELMER EDUARDO BECERRA SANTANDER | F71: CARLOS ANDRES SANABRIA RODRIGUEZ | H71: CARLOS ANDRES SANABRIA RODRIGUEZ | J71: CARLOS ANDRES SANABRIA RODRIGUEZ | L71: =+[42]DATOS!D$11 -> JESUS IVAN QUIÑONES RUEDA | AJ71: CANTIDAD PARCIAL
D72: =+[42]DATOS!D9 -> APOYO SEC. DE PLANEACION Y OBRAS PÚBLICAS | F72: Apoyo a la Secretaria de Planeacion y Obras Publicas | H72: Apoyo a la Secretaria de Planeacion y Obras Publicas | J72: Apoyo a la Secretaria de Planeacion y Obras Publicas | L72: =+[42]DATOS!D12 -> SECRETARIO DE PLANEACION Y OBRAS PÚBLICAS | AJ72: 1
AH73: 1.01 | AJ73: =IFERROR(SUMPRODUCT(('MC 1'!$B$1:$B$1000=$F$5)*('MC 1'!$D$1:$D$1000=$D73)*('MC 1'!$T$1:$T$1000)),"")
D79: =+[42]DATOS!C$7 -> MEJORAMIENTO DE VIVIENDA CON ENFOQUE DIFERENCIAL PARA POBLACIÓN VULNERABLE EN EL MUNICIPIO DE CUBARÁ, BOYACÁ (2026).
D81: Formato Memoria de Cantidades de Obra
D82: Entidad Proponente: | F82: Alcaldía de Cubara
D83: Entidad Ejecutora: | F83: SECRETARÍA DE PLANEACIÓN Y OBRAS PUBLICAS
D84: Fecha: | F84: =+[42]DATOS!F$5 -> 46143 | L84: Departamento: | N84: BOYACÁ
D85: Etapa: | F85: Año Calendario: | H85: =+[42]DATOS!E$5 -> 2026 | I85: Año del Proyectó: | J85: =+[42]DATOS!E$5 -> 2026 | L85: Municipio: | N85: CUBARA
D87: MEMORIAS DE CANTIDADES DE OBRA
D89: Ítem | E89: Actividad | G89: Und. | J89: Localización de los Elementos | K89: Formula de Cálculo | M89: Dimensiones | S89: Cantidades
D90: =+'PRESUPUESTO OFICIAL '!C13 -> 1.02 | E90: =+VLOOKUP(D90,'PRESUPUESTO OFICIAL '!$C$11:$H$103,2) -> DESMONTE DE CUBIERTA DE ZINC + ENTRAMADO. (INCLUYE RETIRO Y ACARREO LIBRE HASTA 5 KM.) | G90: =+VLOOKUP(D90,'PRESUPUESTO OFICIAL '!$C$11:$H$103,3) -> M2 | M90: A (m2) Area | N90: P(m) Perímetro | O90: a (m) Ancho | P90: L (m) Largo | Q90: h (m) Alto - Espesor | R90: V (m3) Volumen | S90: C (Und) Cant. De elementos | T90: Cant. Parcial | V90: =+D90 -> 1.02 | W90: =+T138 -> 572.49
A92: =+D90 -> 1.02 | B92: 1 | J92: BANEFICIARIO 1 | K92: =+VLOOKUP(L92,$AH$22:$AJ$58,2,) -> A=(Ancho x Largo)* Cant | L92: =+G90 -> M2 | M92: =+HLOOKUP(B92,[238]Hoja1!$2:$78,6,FALSE) -> 50.4 | O92: =+M92/7 -> 7.2 | P92: 7 | S92: 1 | T92: =+S92*M92 -> 50.4 | Y92: =+O92*P92 -> 50.4 | Z92: =+Y92-M92 -> 0
A93: =+A92 -> 1.02 | B93: 2 | J93: BANEFICIARIO 2 | K93: =+VLOOKUP(L93,$AH$22:$AJ$58,2,) -> A=(Ancho x Largo)* Cant | L93: =+L92 -> M2 | M93: =+HLOOKUP(B93,[238]Hoja1!$2:$78,6,FALSE) -> 0 | S93: 1 | T93: =+S93*M93 -> 0 | Y93: =+O93*P93 -> 0 | Z93: =+Y93-M93 -> 0
A94: =+A93 -> 1.02 | B94: 3 | J94: BANEFICIARIO 3 | K94: =+VLOOKUP(L94,$AH$22:$AJ$58,2,) -> A=(Ancho x Largo)* Cant | L94: =+L93 -> M2 | M94: =+HLOOKUP(B94,[238]Hoja1!$2:$78,6,FALSE) -> 0 | S94: 1 | T94: =+S94*M94 -> 0 | Y94: =+O94*P94 -> 0 | Z94: =+Y94-M94 -> 0
A95: =+A94 -> 1.02 | B95: 4 | J95: BANEFICIARIO 4 | K95: =+VLOOKUP(L95,$AH$22:$AJ$58,2,) -> A=(Ancho x Largo)* Cant | L95: =+L94 -> M2 | M95: =+HLOOKUP(B95,[238]Hoja1!$2:$78,6,FALSE) -> 0 | S95: 1 | T95: =+S95*M95 -> 0 | Y95: =+O95*P95 -> 0 | Z95: =+Y95-M95 -> 0
A96: =+A95 -> 1.02 | B96: 5 | J96: BANEFICIARIO 5 | K96: =+VLOOKUP(L96,$AH$22:$AJ$58,2,) -> A=(Ancho x Largo)* Cant | L96: =+L95 -> M2 | M96: =+HLOOKUP(B96,[238]Hoja1!$2:$78,6,FALSE) -> 0 | S96: 1 | T96: =+S96*M96 -> 0 | Y96: =+O96*P96 -> 0 | Z96: =+Y96-M96 -> 0
A97: =+A96 -> 1.02 | B97: 6 | J97: BANEFICIARIO 6 | K97: =+VLOOKUP(L97,$AH$22:$AJ$58,2,) -> A=(Ancho x Largo)* Cant | L97: =+L96 -> M2 | M97: =+HLOOKUP(B97,[238]Hoja1!$2:$78,6,FALSE) -> 11.32 | O97: =+M97/3.7 -> 3.0594595 | P97: 3.7 | S97: 1 | T97: =+S97*M97 -> 11.32 | Y97: =+O97*P97 -> 11.32 | Z97: =+Y97-M97 -> 0
A98: =+A97 -> 1.02 | B98: 7 | J98: BANEFICIARIO 7 | K98: =+VLOOKUP(L98,$AH$22:$AJ$58,2,) -> A=(Ancho x Largo)* Cant | L98: =+L92 -> M2 | M98: =+HLOOKUP(B98,[238]Hoja1!$2:$78,6,FALSE) -> 73.08 | O98: =+M98/7 -> 10.44 | P98: 7 | S98: 1 | T98: =+S98*M98 -> 73.08 | Y98: =+O98*P98 -> 73.08 | Z98: =+Y98-M98 -> 0
A99: =+A98 -> 1.02 | B99: 8 | J99: BANEFICIARIO 8 | K99: =+VLOOKUP(L99,$AH$22:$AJ$58,2,) -> A=(Ancho x Largo)* Cant | L99: =+L98 -> M2 | M99: =+HLOOKUP(B99,[238]Hoja1!$2:$78,6,FALSE) -> 20.48 | O99: =+M99/4.5 -> 4.5511111 | P99: 4.5 | S99: 1 | T99: =+S99*M99 -> 20.48 | Y99: =+O99*P99 -> 20.48 | Z99: =+Y99-M99 -> 0
A100: =+A99 -> 1.02 | B100: 9 | J100: BANEFICIARIO 9 | K100: =+VLOOKUP(L100,$AH$22:$AJ$58,2,) -> A=(Ancho x Largo)* Cant | L100: =+L99 -> M2 | M100: =+HLOOKUP(B100,[238]Hoja1!$2:$78,6,FALSE) -> 0 | S100: 1 | T100: =+S100*M100 -> 0 | Y100: =+O100*P100 -> 0 | Z100: =+Y100-M100 -> 0
A101: =+A100 -> 1.02 | B101: 10 | J101: BANEFICIARIO 10 | K101: =+VLOOKUP(L101,$AH$22:$AJ$58,2,) -> A=(Ancho x Largo)* Cant | L101: =+L100 -> M2 | M101: =+HLOOKUP(B101,[238]Hoja1!$2:$78,6,FALSE) -> 44.02 | O101: =+M101/7.1 -> 6.2 | P101: 7.1 | S101: 1 | T101: =+S101*M101 -> 44.02 | Y101: =+O101*P101 -> 44.02 | Z101: =+Y101-M101 -> 0
A102: =+A101 -> 1.02 | B102: 11 | J102: BANEFICIARIO 11 | K102: =+VLOOKUP(L102,$AH$22:$AJ$58,2,) -> A=(Ancho x Largo)* Cant | L102: =+L101 -> M2 | M102: =+HLOOKUP(B102,[238]Hoja1!$2:$78,6,FALSE) -> 0 | S102: 1 | T102: =+S102*M102 -> 0 | Y102: =+O102*P102 -> 0 | Z102: =+Y102-M102 -> 0
A103: =+A102 -> 1.02 | B103: 12 | J103: BANEFICIARIO 12 | K103: =+VLOOKUP(L103,$AH$22:$AJ$58,2,) -> A=(Ancho x Largo)* Cant | L103: =+L97 -> M2 | M103: =+HLOOKUP(B103,[238]Hoja1!$2:$78,6,FALSE) -> 63.51 | O103: =+M103/8.7 -> 7.3 | P103: 8.7 | S103: 1 | T103: =+S103*M103 -> 63.51 | Y103: =+O103*P103 -> 63.51 | Z103: =+Y103-M103 -> 0
A104: =+A103 -> 1.02 | B104: 13 | J104: BANEFICIARIO 13 | K104: =+VLOOKUP(L104,$AH$22:$AJ$58,2,) -> A=(Ancho x Largo)* Cant | L104: =+L99 -> M2 | M104: =+HLOOKUP(B104,[238]Hoja1!$2:$78,6,FALSE) -> 36.08 | O104: =+M104/8.8 -> 4.1 | P104: 8.8 | S104: 1 | T104: =+S104*M104 -> 36.08 | Y104: =+O104*P104 -> 36.08 | Z104: =+Y104-M104 -> 0
A105: =+A104 -> 1.02 | B105: 14 | J105: BANEFICIARIO 14 | K105: =+VLOOKUP(L105,$AH$22:$AJ$58,2,) -> A=(Ancho x Largo)* Cant | L105: =+L104 -> M2 | M105: =+HLOOKUP(B105,[238]Hoja1!$2:$78,6,FALSE) -> 0 | S105: 1 | T105: =+S105*M105 -> 0 | Y105: =+O105*P105 -> 0 | Z105: =+Y105-M105 -> 0
A106: =+A105 -> 1.02 | B106: 15 | J106: BANEFICIARIO 15 | K106: =+VLOOKUP(L106,$AH$22:$AJ$58,2,) -> A=(Ancho x Largo)* Cant | L106: =+L105 -> M2 | M106: =+HLOOKUP(B106,[238]Hoja1!$2:$78,6,FALSE) -> 0 | S106: 1 | T106: =+S106*M106 -> 0 | Y106: =+O106*P106 -> 0 | Z106: =+Y106-M106 -> 0
A107: =+A106 -> 1.02 | B107: 16 | J107: BANEFICIARIO 16 | K107: =+VLOOKUP(L107,$AH$22:$AJ$58,2,) -> A=(Ancho x Largo)* Cant | L107: =+L106 -> M2 | M107: =+HLOOKUP(B107,[238]Hoja1!$2:$78,6,FALSE) -> 0 | S107: 1 | T107: =+S107*M107 -> 0 | Y107: =+O107*P107 -> 0 | Z107: =+Y107-M107 -> 0
A108: =+A107 -> 1.02 | B108: 17 | J108: BANEFICIARIO 17 | K108: =+VLOOKUP(L108,$AH$22:$AJ$58,2,) -> A=(Ancho x Largo)* Cant | L108: =+L107 -> M2 | M108: =+HLOOKUP(B108,[238]Hoja1!$2:$78,6,FALSE) -> 0 | S108: 1 | T108: =+S108*M108 -> 0 | Y108: =+O108*P108 -> 0 | Z108: =+Y108-M108 -> 0
A109: =+A108 -> 1.02 | B109: 18 | J109: BANEFICIARIO 18 | K109: =+VLOOKUP(L109,$AH$22:$AJ$58,2,) -> A=(Ancho x Largo)* Cant | L109: =+L108 -> M2 | M109: =+HLOOKUP(B109,[238]Hoja1!$2:$78,6,FALSE) -> 11.32 | O109: =+M109/3.7 -> 3.0594595 | P109: 3.7 | S109: 1 | T109: =+S109*M109 -> 11.32 | Y109: =+O109*P109 -> 11.32 | Z109: =+Y109-M109 -> 0
A110: =+A109 -> 1.02 | B110: 19 | J110: BANEFICIARIO 19 | K110: =+VLOOKUP(L110,$AH$22:$AJ$58,2,) -> A=(Ancho x Largo)* Cant | L110: =+L109 -> M2 | M110: =+HLOOKUP(B110,[238]Hoja1!$2:$78,6,FALSE) -> 0 | S110: 1 | T110: =+S110*M110 -> 0 | Y110: =+O110*P110 -> 0 | Z110: =+Y110-M110 -> 0
A111: =+A110 -> 1.02 | B111: 20 | J111: BANEFICIARIO 20 | K111: =+VLOOKUP(L111,$AH$22:$AJ$58,2,) -> A=(Ancho x Largo)* Cant | L111: =+L110 -> M2 | M111: =+HLOOKUP(B111,[238]Hoja1!$2:$78,6,FALSE) -> 0 | S111: 1 | T111: =+S111*M111 -> 0 | Y111: =+O111*P111 -> 0 | Z111: =+Y111-M111 -> 0
A112: =+A111 -> 1.02 | B112: 21 | J112: BANEFICIARIO 21 | K112: =+VLOOKUP(L112,$AH$22:$AJ$58,2,) -> A=(Ancho x Largo)* Cant | L112: =+L111 -> M2 | M112: =+HLOOKUP(B112,[238]Hoja1!$2:$78,6,FALSE) -> 0 | S112: 1 | T112: =+S112*M112 -> 0 | Y112: =+O112*P112 -> 0 | Z112: =+Y112-M112 -> 0
A113: =+A112 -> 1.02 | B113: 22 | J113: BANEFICIARIO 22 | K113: =+VLOOKUP(L113,$AH$22:$AJ$58,2,) -> A=(Ancho x Largo)* Cant | L113: =+L112 -> M2 | M113: =+HLOOKUP(B113,[238]Hoja1!$2:$78,6,FALSE) -> 0 | S113: 1 | T113: =+S113*M113 -> 0 | Y113: =+O113*P113 -> 0 | Z113: =+Y113-M113 -> 0
A114: =+A113 -> 1.02 | B114: 23 | J114: BANEFICIARIO 23 | K114: =+VLOOKUP(L114,$AH$22:$AJ$58,2,) -> A=(Ancho x Largo)* Cant | L114: =+L113 -> M2 | M114: =+HLOOKUP(B114,[238]Hoja1!$2:$78,6,FALSE) -> 0 | S114: 1 | T114: =+S114*M114 -> 0 | Y114: =+O114*P114 -> 0 | Z114: =+Y114-M114 -> 0
A115: =+A114 -> 1.02 | B115: 24 | J115: BANEFICIARIO 24 | K115: =+VLOOKUP(L115,$AH$22:$AJ$58,2,) -> A=(Ancho x Largo)* Cant | L115: =+L114 -> M2 | M115: =+HLOOKUP(B115,[238]Hoja1!$2:$78,6,FALSE) -> 0 | S115: 1 | T115: =+S115*M115 -> 0 | Y115: =+O115*P115 -> 0 | Z115: =+Y115-M115 -> 0
A116: =+A115 -> 1.02 | B116: 25 | J116: BANEFICIARIO 25 | K116: =+VLOOKUP(L116,$AH$22:$AJ$58,2,) -> A=(Ancho x Largo)* Cant | L116: =+L115 -> M2 | M116: =+HLOOKUP(B116,[238]Hoja1!$2:$78,6,FALSE) -> 0 | S116: 1 | T116: =+S116*M116 -> 0 | Y116: =+O116*P116 -> 0 | Z116: =+Y116-M116 -> 0
A117: =+A116 -> 1.02 | B117: 26 | J117: BANEFICIARIO 26 | K117: =+VLOOKUP(L117,$AH$22:$AJ$58,2,) -> A=(Ancho x Largo)* Cant | L117: =+L106 -> M2 | M117: =+HLOOKUP(B117,[238]Hoja1!$2:$78,6,FALSE) -> 124.6 | O117: =+M117/7 -> 17.8 | P117: 7 | S117: 1 | T117: =+S117*M117 -> 124.6 | Y117: =+O117*P117 -> 124.6 | Z117: =+Y117-M117 -> 0
A118: =+A117 -> 1.02 | B118: 27 | J118: BANEFICIARIO 27 | K118: =+VLOOKUP(L118,$AH$22:$AJ$58,2,) -> A=(Ancho x Largo)* Cant | L118: =+L117 -> M2 | M118: =+HLOOKUP(B118,[238]Hoja1!$2:$78,6,FALSE) -> 0 | S118: 1 | T118: =+S118*M118 -> 0 | Y118: =+O118*P118 -> 0 | Z118: =+Y118-M118 -> 0
A119: =+A118 -> 1.02 | B119: 28 | J119: BANEFICIARIO 28 | K119: =+VLOOKUP(L119,$AH$22:$AJ$58,2,) -> A=(Ancho x Largo)* Cant | L119: =+L118 -> M2 | M119: =+HLOOKUP(B119,[238]Hoja1!$2:$78,6,FALSE) -> 43.6 | O119: =+M119/7.4 -> 5.8918919 | P119: 7.4 | S119: 1 | T119: =+S119*M119 -> 43.6 | Y119: =+O119*P119 -> 43.6 | Z119: =+Y119-M119 -> 0
A120: =+A119 -> 1.02 | B120: 29 | J120: BANEFICIARIO 29 | K120: =+VLOOKUP(L120,$AH$22:$AJ$58,2,) -> A=(Ancho x Largo)* Cant | L120: =+L119 -> M2 | M120: =+HLOOKUP(B120,[238]Hoja1!$2:$78,6,FALSE) -> 0 | S120: 1 | T120: =+S120*M120 -> 0 | Y120: =+O120*P120 -> 0 | Z120: =+Y120-M120 -> 0
A121: =+A120 -> 1.02 | B121: 30 | J121: BANEFICIARIO 30 | K121: =+VLOOKUP(L121,$AH$22:$AJ$58,2,) -> A=(Ancho x Largo)* Cant | L121: =+L120 -> M2 | M121: =+HLOOKUP(B121,[238]Hoja1!$2:$78,6,FALSE) -> 0 | S121: 1 | T121: =+S121*M121 -> 0 | Y121: =+O121*P121 -> 0 | Z121: =+Y121-M121 -> 0
A122: =+A121 -> 1.02 | B122: 31 | J122: BANEFICIARIO 31 | K122: =+VLOOKUP(L122,$AH$22:$AJ$58,2,) -> A=(Ancho x Largo)* Cant | L122: =+L121 -> M2 | M122: =+HLOOKUP(B122,[238]Hoja1!$2:$78,6,FALSE) -> 56 | O122: =+M122/7 -> 8 | P122: 7 | S122: 1 | T122: =+S122*M122 -> 56 | Y122: =+O122*P122 -> 56 | Z122: =+Y122-M122 -> 0
...

Sheet Hoja3
E4: NUMERO
E5: =+'MC 1'!B18 -> 1 | F5: 2 | G5: 3 | H5: 4 | I5: 5
A6: 1.01 | B6: ITEM | C6: 1.01 | E6: ='MC 1'!$A:$A=$C6 -> FALSE | F6: =IFERROR(INDEX('MC 1'!$T:$T,MATCH(1,('MC 1'!$A:$A=$C6)*('MC 1'!$B:$B=$F$5),0)),"")
A7: 1.02 | C7: 1.02 | E7: =+$A:$A=$C7 -> TRUE | F7: =IFERROR(INDEX('MC 1'!$T:$T,MATCH(1,('MC 1'!$A:$A=$C7)*('MC 1'!$B:$B=$E$5),0)),"")
A8: 1.01 | C8: 1.03 | E8: =+$A:$A=$C8 -> FALSE | F8: =IFERROR(INDEX('MC 1'!$T:$T,MATCH(1,('MC 1'!$A:$A=$C8)*('MC 1'!$B:$B=$E$5),0)),"")
A9: 1.01 | C9: 1.04 | E9: =+$A:$A=$C9 -> FALSE | F9: =IFERROR(INDEX('MC 1'!$T:$T,MATCH(1,('MC 1'!$A:$A=$C9)*('MC 1'!$B:$B=$E$5),0)),"")
A10: 1.01 | C10: 1.05 | E10: =+$A:$A=$C10 -> FALSE | F10: =IFERROR(INDEX('MC 1'!$T:$T,MATCH(1,('MC 1'!$A:$A=$C10)*('MC 1'!$B:$B=$E$5),0)),"")
A11: 1.01 | C11: 1.06 | E11: =+$A:$A=$C11 -> FALSE | F11: =IFERROR(INDEX('MC 1'!$T:$T,MATCH(1,('MC 1'!$A:$A=$C11)*('MC 1'!$B:$B=$E$5),0)),"")
A12: 1.01 | C12: 1.07 | E12: =+$A:$A=$C12 -> FALSE | F12: =IFERROR(INDEX('MC 1'!$T:$T,MATCH(1,('MC 1'!$A:$A=$C12)*('MC 1'!$B:$B=$E$5),0)),"")
A13: 1.01 | C13: 1.08 | E13: =IFERROR(INDEX('MC 1'!$T:$T,MATCH(1,('MC 1'!$A:$A=$C13)*('MC 1'!$B:$B=$E$5),0)),"") | F13: =IFERROR(INDEX('MC 1'!$T:$T,MATCH(1,('MC 1'!$A:$A=$C13)*('MC 1'!$B:$B=$E$5),0)),"")
A14: 1.01 | C14: 1.09 | E14: =IFERROR(INDEX('MC 1'!$T:$T,MATCH(1,('MC 1'!$A:$A=$C14)*('MC 1'!$B:$B=$E$5),0)),"") | F14: =IFERROR(INDEX('MC 1'!$T:$T,MATCH(1,('MC 1'!$A:$A=$C14)*('MC 1'!$B:$B=$E$5),0)),"")
A15: 1.01 | C15: 1.1 | E15: =IFERROR(INDEX('MC 1'!$T:$T,MATCH(1,('MC 1'!$A:$A=$C15)*('MC 1'!$B:$B=$E$5),0)),"") | F15: =IFERROR(INDEX('MC 1'!$T:$T,MATCH(1,('MC 1'!$A:$A=$C15)*('MC 1'!$B:$B=$E$5),0)),"")
A16: 1.01 | C16: 1.11 | E16: =IFERROR(INDEX('MC 1'!$T:$T,MATCH(1,('MC 1'!$A:$A=$C16)*('MC 1'!$B:$B=$E$5),0)),"") | F16: =IFERROR(INDEX('MC 1'!$T:$T,MATCH(1,('MC 1'!$A:$A=$C16)*('MC 1'!$B:$B=$E$5),0)),"")
A17: 1.01 | C17: 1.12 | E17: =IFERROR(INDEX('MC 1'!$T:$T,MATCH(1,('MC 1'!$A:$A=$C17)*('MC 1'!$B:$B=$E$5),0)),"") | F17: =IFERROR(INDEX('MC 1'!$T:$T,MATCH(1,('MC 1'!$A:$A=$C17)*('MC 1'!$B:$B=$E$5),0)),"")
A18: 1.01 | C18: 1.13 | E18: =IFERROR(INDEX('MC 1'!$T:$T,MATCH(1,('MC 1'!$A:$A=$C18)*('MC 1'!$B:$B=$E$5),0)),"") | F18: =IFERROR(INDEX('MC 1'!$T:$T,MATCH(1,('MC 1'!$A:$A=$C18)*('MC 1'!$B:$B=$E$5),0)),"")
A19: 1.01 | C19: 1.14 | E19: =IFERROR(INDEX('MC 1'!$T:$T,MATCH(1,('MC 1'!$A:$A=$C19)*('MC 1'!$B:$B=$E$5),0)),"") | F19: =IFERROR(INDEX('MC 1'!$T:$T,MATCH(1,('MC 1'!$A:$A=$C19)*('MC 1'!$B:$B=$E$5),0)),"")
A20: 1.01 | C20: 1.15 | E20: =IFERROR(INDEX('MC 1'!$T:$T,MATCH(1,('MC 1'!$A:$A=$C20)*('MC 1'!$B:$B=$E$5),0)),"") | F20: =IFERROR(INDEX('MC 1'!$T:$T,MATCH(1,('MC 1'!$A:$A=$C20)*('MC 1'!$B:$B=$E$5),0)),"")
A21: 1.01 | C21: 2.01 | E21: =IFERROR(INDEX('MC 1'!$T:$T,MATCH(1,('MC 1'!$A:$A=$C21)*('MC 1'!$B:$B=$E$5),0)),"") | F21: =IFERROR(INDEX('MC 1'!$T:$T,MATCH(1,('MC 1'!$A:$A=$C21)*('MC 1'!$B:$B=$E$5),0)),"")
A22: 1.01 | C22: 2.02 | E22: =IFERROR(INDEX('MC 1'!$T:$T,MATCH(1,('MC 1'!$A:$A=$C22)*('MC 1'!$B:$B=$E$5),0)),"") | F22: =IFERROR(INDEX('MC 1'!$T:$T,MATCH(1,('MC 1'!$A:$A=$C22)*('MC 1'!$B:$B=$E$5),0)),"")
A23: 1.01 | C23: 2.03 | E23: =IFERROR(INDEX('MC 1'!$T:$T,MATCH(1,('MC 1'!$A:$A=$C23)*('MC 1'!$B:$B=$E$5),0)),"") | F23: =IFERROR(INDEX('MC 1'!$T:$T,MATCH(1,('MC 1'!$A:$A=$C23)*('MC 1'!$B:$B=$E$5),0)),"")
A24: 1.01 | C24: 2.04
A25: 1.01 | C25: 2.05
A26: 1.01 | C26: 3.01
A27: 1.01 | C27: 3.02
A28: 1.01 | C28: 3.03
A29: 1.01 | C29: 3.04
A30: 1.01 | C30: 3.05
A31: 1.01 | C31: 3.06
A32: 1.01 | C32: 3.07
A33: 1.01 | C33: 3.08
A34: 1.01
A35: 1.01
A36: 1.01
A37: 1.01
A38: 1.01
A39: 1.01
A40: 1.01
A41: 1.01
A42: 1.01
A43: 1.01
A44: 1.01
A45: 1.01
... A47: 1.01

Sheet PRESUPUESTO OFICIAL 
C5: FORMULARIO 1
C6: PRESUPUESTO OFICIAL | L6: 0.05 | M6: =+#REF! -> #REF! | Q6: 13 | R6: 13 | S6: 15 | T6: =15*85% -> 12.75 | Z6: =+X7*0.091 -> 2.368631e+08
C7: MEJORAMIENTO DE VIVIENDA CON ENFOQUE DIFERENCIAL PARA POBLACIÓN VULNERABLE EN EL MUNICIPIO DE CUBARÁ, BOYACÁ (2026). | L7: 1 | M7: =+L7*M6/L6 -> #REF! | P7: =+H103 -> 6727301 | Q7: =+P7/P8 -> 3.842185 | W7: 2.368631e+08 | X7: =3383758586.35/1.3 -> 2.6028912e+09 | Z7: =+X7*0.07 -> 1.8220239e+08
C8: Nº | D8: DESCRIPCIÓN | E8: UND. | F8: CANTIDAD | G8: VALOR UNITARIO | H8: VALOR TOTAL | P8: 1750905
U9: =87%*15 -> 13.05
C11: 1 | D11: OBRAS PRELIMINARES | Q11: =427000*4 -> 1708000 | W11: =+W7-X7 -> -2.3660281e+09 | X11: =+W11/X7 -> -0.909
C12: 1.01 | D12: LOCALIZACIÓN Y REPLANTEO DE OBRA ARQUITECTÓNICA (NO INCLUYE COMISIÓN TOPOGRÁFICA) | E12: M2 | F12: =+VLOOKUP(C12,'MC 1'!V:W,2,FALSE) -> 1318.48 | G12: =+VLOOKUP(C12,'CAP 1,00'!D:R,15,FALSE) -> 5949 | H12: =ROUND(G12*F12,2) -> 7843637.5 | K12: 1 | L12: 5949 | M12: =+G12-L12 -> 0 | P12: =+G12/1.33 -> 4472.9323
C13: 1.02 | D13: DESMONTE DE CUBIERTA DE ZINC + ENTRAMADO. (INCLUYE RETIRO Y ACARREO LIBRE HASTA 5 KM.) | E13: M2 | F13: =+VLOOKUP(C13,'MC 1'!V:W,2,FALSE) -> 572.49 | G13: =+VLOOKUP(C13,'CAP 1,00'!D:R,15,FALSE) -> 33698 | H13: =ROUND(G13*F13,2) -> 19291768 | K13: 2 | L13: 30639 | M13: =+G13-L13 -> 3059
C14: 1.03 | D14: DESMONTE DE DIVISIÓN - PISO A TECHO. (INCLUYE RETIRO Y ACARREO LIBRE HASTA 5 KM.) | E14: M2 | F14: =+VLOOKUP(C14,'MC 1'!V:W,2,FALSE) -> 13.75 | G14: =+VLOOKUP(C14,'CAP 1,00'!D:R,15,FALSE) -> 25602 | H14: =ROUND(G14*F14,2) -> 352027.5 | K14: 3 | L14: 25602 | M14: =+G14-L14 -> 0
C15: 1.04 | D15: DEMOLICIÓN DE MUROS EN MAMPOSTERÍA DE LADRILLO E = 0.15 M. (INCLUYE RETIRO Y ACARREO LIBRE HASTA 5 KM.) | E15: M2 | F15: =+VLOOKUP(C15,'MC 1'!V:W,2,FALSE) -> 46.6 | G15: =+VLOOKUP(C15,'CAP 1,00'!D:R,15,FALSE) -> 31112 | H15: =ROUND(G15*F15,2) -> 1449819.2 | K15: 4 | L15: 31112 | M15: =+G15-L15 -> 0
C16: 1.05 | D16: DEMOLICIÓN DE PLACA DE PISO EN CONCRETO DE E = 10 CM. (INCLUYE RETIRO Y ACARREO LIBRE HASTA 5 KM.) | E16: M2 | F16: =+VLOOKUP(C16,'MC 1'!V:W,2,FALSE) -> 48.54 | G16: =+VLOOKUP(C16,'CAP 1,00'!D:R,15,FALSE) -> 92781 | H16: =ROUND(G16*F16,2) -> 4503589.7 | K16: 5 | L16: 63675 | M16: =+G16-L16 -> 29106
C17: 1.06 | D17: DEMOLICIÓN DE PISO EN CERÁMICA + MORTERO. (INCLUYE RETIRO Y ACARREO LIBRE HASTA 5 KM.) | E17: M2 | F17: =+VLOOKUP(C17,'MC 1'!V:W,2,FALSE) -> 12.66 | G17: =+VLOOKUP(C17,'CAP 1,00'!D:R,15,FALSE) -> 20684 | H17: =ROUND(G17*F17,2) -> 261859.44 | K17: 6 | L17: 20684 | M17: =+G17-L17 -> 0
C18: 1.07 | D18: DEMOLICIÓN DE ESTRUCTURAS DE CONCRETO CICLOPEO, (INCLUYE RETIRO Y ACARREO LIBRE HASTA 5 KM.) | E18: M3 | F18: =+VLOOKUP(C18,'MC 1'!V:W,2,FALSE) -> 1.67 | G18: =+VLOOKUP(C18,'CAP 1,00'!D:R,15,FALSE) -> 536147 | H18: =ROUND(G18*F18,2) -> 895365.49 | K18: 7 | L18: 536147 | M18: =+G18-L18 -> 0
C19: 1.08 | D19: DEMOLICIÓN OBRAS EN CONCRETO REFORZADO, INCLUYE CARGUE Y RETIRO DE SOBRANTES CON ACARREO LIBRE HASTA 5 KM.). | E19: M3 | F19: =+VLOOKUP(C19,'MC 1'!V:W,2,FALSE) -> 1.75 | G19: =+VLOOKUP(C19,'CAP 1,00'!D:R,15,FALSE) -> 512427 | H19: =ROUND(G19*F19,2) -> 896747.25 | K19: 8 | L19: 512427 | M19: =+G19-L19 -> 0
C20: 1.09 | D20: DESMONTE DE MARCOS, PUERTAS Y VENTANAS. | E20: M2 | F20: =+VLOOKUP(C20,'MC 1'!V:W,2,FALSE) -> 4.61 | G20: =+VLOOKUP(C20,'CAP 1,00'!D:R,15,FALSE) -> 60447 | H20: =ROUND(G20*F20,2) -> 278660.67 | K20: 9 | L20: 60447 | M20: =+G20-L20 -> 0
C21: 1.1 | D21: RELLENO CON MATERIAL DE EXCAVACION COMPACTADO MANUALMENTE CON PISON | E21: M3 | F21: =+VLOOKUP(C21,'MC 1'!V:W,2,FALSE) -> 22.99 | G21: =+VLOOKUP(C21,'CAP 1,00'!D:R,15,FALSE) -> 68288 | H21: =ROUND(G21*F21,2) -> 1569941.1 | K21: 10 | L21: 68288 | M21: =+G21-L21 -> 0
C22: 1.11 | D22: DESCAPOTE MANUAL HASTA 20 CM (INCLUYE RETIRO Y ACARREO LIBRE HASTA 5 KM) | E22: M2 | F22: =+VLOOKUP(C22,'MC 1'!V:W,2,FALSE) -> 24.54 | G22: =+VLOOKUP(C22,'CAP 1,00'!D:R,15,FALSE) -> 18897 | H22: =ROUND(G22*F22,2) -> 463732.38 | K22: 11 | L22: 18897 | M22: =+G22-L22 -> 0
C23: 1.12 | D23: EXCAVACIÓN MANUAL EN MATERIAL COMÚN | E23: M3 | F23: =+VLOOKUP(C23,'MC 1'!V:W,2,FALSE) -> 45.16 | G23: =+VLOOKUP(C23,'CAP 1,00'!D:R,15,FALSE) -> 116450 | H23: =ROUND(G23*F23,2) -> 5258882 | K23: 12 | L23: 116450 | M23: =+G23-L23 -> 0
C24: 1.13 | D24: EXCAVACIÓN MANUAL EN MATERIAL CONGLOMERADO | E24: M3 | F24: =+VLOOKUP(C24,'MC 1'!V:W,2,FALSE) -> 2.45 | G24: =+VLOOKUP(C24,'CAP 1,00'!D:R,15,FALSE) -> 163030 | H24: =ROUND(G24*F24,2) -> 399423.5 | K24: 13 | L24: 163030 | M24: =+G24-L24 -> 0
... C26: 1.15 | D26: DESMONTE DE CUBIERTA EN LÁMINA | E26: M2 | F26: =+VLOOKUP(C26,'MC 1'!V:W,2,FALSE) -> 121.33 | G26: =+VLOOKUP(C26,'CAP 1,00'!D:R,15,FALSE) -> 15306 | H26: =ROUND(G26*F26,2) -> 1857077 | K26: 15 | L26: 15306 | M26: =+G26-L26 -> 0
C27: Subtotal | H27: =+SUM(H12:H26) -> 53067269 | M27: =+G27-L27 -> 0 | N27: =+H27 -> 53067269 | O27: 51773774 | P27: =+N27-O27 -> 1293494.8
M28: =+G28-L28 -> 0 | N28: =+H35 -> 48296820 | O28: 48282178 | P28: =+N28-O28 -> 14642.373
C29: 2 | D29: CIMENTACIONES | M29: =+G29-L29 -> 0 | N29: =+H47 -> 1.7435222e+08 | O29: 1.7428897e+08 | P29: =+N29-O29 -> 63246.572
C30: 2.01 | D30: SOLADO CONCRETO f'c = 2000 psi (14 MPa), ESPESOR 0.05 M | E30: M2 | F30: =+VLOOKUP(C30,'MC 2-3-4'!V:W,2,FALSE) -> 17.4 | G30: =+VLOOKUP(C30,'CAP 2-3-4'!D:R,15,FALSE) -> 65698 | H30: =ROUND(G30*F30,2) -> 1143145.2 | K30: 16 | L30: 65698 | M30: =+G30-L30 -> 0 | N30: =+H58 -> 20034899 | O30: 20034899 | P30: =+N30-O30 -> 0
C31: 2.02 | D31: ZAPATA CUADRADA EN CONCRETO f'c = 3000 PSI (21MPa). | E31: M3 | F31: =+VLOOKUP(C31,'MC 2-3-4'!V:W,2,FALSE) -> 1.09 | G31: =+VLOOKUP(C31,'CAP 2-3-4'!D:R,15,FALSE) -> 1763453 | H31: =ROUND(G31*F31,2) -> 1922163.8 | K31: 17 | L31: 1763453 | M31: =+G31-L31 -> 0 | N31: =+H66 -> 22200604 | O31: 21969472 | P31: =+N31-O31 -> 231132
C32: 2.03 | D32: PEDESTAL EN CONCRETO f'c = 3000 PSI (21MPa). | E32: M3 | F32: =+VLOOKUP(C32,'MC 2-3-4'!V:W,2,FALSE) -> 0.48 | G32: =+VLOOKUP(C32,'CAP 2-3-4'!D:R,15,FALSE) -> 1930936 | H32: =ROUND(G32*F32,2) -> 926849.28 | K32: 18 | L32: 1852166 | M32: =+G32-L32 -> 78770 | N32: =+H77 -> 2.4017425e+08 | O32: 2.3974686e+08 | P32: =+N32-O32 -> 427389.42
C33: 2.04 | D33: VIGA DE CIMENTACIÓN EN CONCRETO f'c = 3000 PSI (21MPa), Sección 0,20x0,30 m | E33: M3 | F33: =+VLOOKUP(C33,'MC 2-3-4'!V:W,2,FALSE) -> 18.68 | G33: =+VLOOKUP(C33,'CAP 2-3-4'!D:R,15,FALSE) -> 1810313 | H33: =ROUND(G33*F33,2) -> 33816647 | K33: 19 | L33: 1810313 | M33: =+G33-L33 -> 0 | N33: =+H85 -> 2.3118449e+08 | O33: 2.413017e+08 | P33: =+N33-O33 -> -10117211
C34: 2.05 | D34: SUMINISTRO E INSTALACIÓN DE CONCRETO CICLÓPEO 21 MPA (60C/40P) PARA BASES. | E34: M3 | F34: =+VLOOKUP(C34,'MC 2-3-4'!V:W,2,FALSE) -> 9.26 | G34: =+VLOOKUP(C34,'CAP 2-3-4'!D:R,15,FALSE) -> 1132615 | H34: =ROUND(G34*F34,2) -> 10488015 | K34: 20 | L34: 1132615 | M34: =+G34-L34 -> 0 | N34: =+H93 -> 13590909 | O34: 13590909 | P34: =+N34-O34 -> 0
C35: Subtotal | H35: =+SUM(H30:H34) -> 48296820 | M35: =+G35-L35 -> 0 | N35: =+H99 -> 31101268 | O35: 24940944 | P35: =+N35-O35 -> 6160324.7
M37: =+G37-L37 -> 0 | N37: =+H103 -> 6727301 | O37: 4805215 | P37: =+N37-O37 -> 1922086
C38: 3 | D38: ESTRUCTURAS EN CONCRETO REFORZADO | M38: =+G38-L38 -> 0 | N38: =SUM(N27:N37) -> 8.4073003e+08 | O38: =SUM(O27:O37) -> 8.4073493e+08 | P38: =+N38-O38 -> -4894.7956
C39: 3.01 | D39: COLUMNA EN CONCRETO f'c = 3000 PSI (21MPa), Dimensiones 0,12x0,20 m | E39: M3 | F39: =+VLOOKUP(C39,'MC 2-3-4'!V:W,2,FALSE) -> 5.48 | G39: =+VLOOKUP(C39,'CAP 2-3-4'!D:R,15,FALSE) -> 2184805 | H39: =ROUND(G39*F39,2) -> 11972731 | K39: 21 | L39: 2184805 | M39: =+G39-L39 -> 0
C40: 3.02 | D40: COLUMNA EN CONCRETO f'c = 3000 PSI (21MPa), Dimensiones 0,15x0,20 m | E40: M3 | F40: =+VLOOKUP(C40,'MC 2-3-4'!V:W,2,FALSE) -> 2.56 | G40: =+VLOOKUP(C40,'CAP 2-3-4'!D:R,15,FALSE) -> 2111861 | H40: =ROUND(G40*F40,2) -> 5406364.2 | K40: 22 | L40: 2111861 | M40: =+G40-L40 -> 0
C41: 3.03 | D41: VIGA DE AMARRE SOBRE MURO EN CONCRETO f'c = 3000 PSI (21MPa). | E41: M3 | F41: =+VLOOKUP(C41,'MC 2-3-4'!V:W,2,FALSE) -> 6.81 | G41: =+VLOOKUP(C41,'CAP 2-3-4'!D:R,15,FALSE) -> 2159835 | H41: =ROUND(G41*F41,2) -> 14708476 | K41: 23 | L41: 2159835 | M41: =+G41-L41 -> 0
C42: 3.04 | D42: COLUMNA EN TUBO ESTRUCTURAL HR50, Dimensiones 0,10 X 0,10 M | E42: M | F42: =+VLOOKUP(C42,'MC 2-3-4'!V:W,2,FALSE) -> 37.65 | G42: =+VLOOKUP(C42,'CAP 2-3-4'!D:R,15,FALSE) -> 183325 | H42: =ROUND(G42*F42,2) -> 6902186.2 | K42: 24 | L42: 183956 | M42: =+G42-L42 -> -631
C43: 3.05 | D43: PLACA BASE E= 8 CM EN CONCRETO f'c = 2500 PSI (17.5 Mpa), Incluye malla electrosoldada | E43: M2 | F43: =+VLOOKUP(C43,'MC 2-3-4'!V:W,2,FALSE) -> 235.59 | G43: =+VLOOKUP(C43,'CAP 2-3-4'!D:R,15,FALSE) -> 167995 | H43: =ROUND(G43*F43,2) -> 39577942 | K43: 25 | L43: 167995 | M43: =+G43-L43 -> 0
C44: 3.06 | D44: PLACA BASE E= 5 CM EN CONCRETO f'c = 2500 PSI (17.5 Mpa) | E44: M2 | F44: =+VLOOKUP(C44,'MC 2-3-4'!V:W,2,FALSE) -> 10.36 | G44: =+VLOOKUP(C44,'CAP 2-3-4'!D:R,15,FALSE) -> 116881 | H44: =ROUND(G44*F44,2) -> 1210887.2 | K44: 26 | L44: 116881 | M44: =+G44-L44 -> 0
C45: 3.07 | D45: MESONES EN CONCRETO A = 0.60 M. 17.5 MPa - (2500 PSI) INCLUYE REFUERZO, E = 0.05 M. | E45: M2 | F45: =+VLOOKUP(C45,'MC 2-3-4'!V:W,2,FALSE) -> 22.69 | G45: =+VLOOKUP(C45,'CAP 2-3-4'!D:R,15,FALSE) -> 318473 | H45: =ROUND(G45*F45,2) -> 7226152.4 | K45: 27 | L45: 318473 | M45: =+G45-L45 -> 0
C46: 3.08 | D46: SUMINISTRO, FIGURADA Y AMARRE DE ACERO 60,000 PSI (420 Mpa) | E46: KG | F46: =+VLOOKUP(C46,'MC 2-3-4'!V:W,2,FALSE) -> 6290.78 | G46: =+VLOOKUP(C46,'CAP 2-3-4'!D:R,15,FALSE) -> 13885 | H46: =ROUND(G46*F46,2) -> 87347480 | K46: 28 | L46: 13885 | M46: =+G46-L46 -> 0
C47: Subtotal | H47: =+SUM(H39:H46) -> 1.7435222e+08 | M47: =+G47-L47 -> 0
M48: =+G48-L48 -> 0
C49: 4 | D49: INSTALACIONES HIDRAHULICAS Y SANITARIAS | M49: =+G49-L49 -> 0
C50: 4.01 | D50: SUMINISTRO E INSTALACIÓN DE TUBERÍA PVC DE 1/2" T.P, PARA RED DE SUMINISTRO INTERNA. | E50: M | F50: =+VLOOKUP(C50,'MC 2-3-4'!V:W,2,FALSE) -> 128 | G50: =+VLOOKUP(C50,'CAP 2-3-4'!D:R,15,FALSE) -> 24471 | H50: =ROUND(G50*F50,2) -> 3132288 | K50: 29 | L50: 24471 | M50: =+G50-L50 -> 0
C51: 4.02 | D51: SUMINISTRO E INSTALACIÓN DE SALIDA DE AGUA FRÍA EN TUBERÍA PVC DE 1/2" T.P. | E51: UND | F51: =+VLOOKUP(C51,'MC 2-3-4'!V:W,2,FALSE) -> 37 | G51: =+VLOOKUP(C51,'CAP 2-3-4'!D:R,15,FALSE) -> 77838 | H51: =ROUND(G51*F51,2) -> 2880006 | K51: 30 | L51: 77838 | M51: =+G51-L51 -> 0
C52: 4.03 | D52: SUMINISTRO E INSTALACIÓN DE TUBERÍA PVC SANITARIA D = 2" | E52: M | F52: =+VLOOKUP(C52,'MC 2-3-4'!V:W,2,FALSE) -> 24.6 | G52: =+VLOOKUP(C52,'CAP 2-3-4'!D:R,15,FALSE) -> 60892 | H52: =ROUND(G52*F52,2) -> 1497943.2 | K52: 31 | L52: 60892 | M52: =+G52-L52 -> 0
C53: 4.04 | D53: SUMINISTRO E INSTALACIÓN DE SIFÓN SANITARIO DE 2" PVC | E53: UND | F53: =+VLOOKUP(C53,'MC 2-3-4'!V:W,2,FALSE) -> 19 | G53: =+VLOOKUP(C53,'CAP 2-3-4'!D:R,15,FALSE) -> 47432 | H53: =ROUND(G53*F53,2) -> 901208 | K53: 32 | L53: 47432 | M53: =+G53-L53 -> 0
C54: 4.05 | D54: SUMINISTRO E INSTALACIÓN DE TUBERÍA PVC SANITARIA D = 3" | E54: M | F54: =+VLOOKUP(C54,'MC 2-3-4'!V:W,2,FALSE) -> 38 | G54: =+VLOOKUP(C54,'CAP 2-3-4'!D:R,15,FALSE) -> 63984 | H54: =ROUND(G54*F54,2) -> 2431392 | K54: 33 | L54: 63984 | M54: =+G54-L54 -> 0
C55: 4.06 | D55: SUMINISTRO E INSTALACIÓN DE SIFÓN SANITARIO DE 3" PVC | E55: UND | F55: =+VLOOKUP(C55,'MC 2-3-4'!V:W,2,FALSE) -> 7 | G55: =+VLOOKUP(C55,'CAP 2-3-4'!D:R,15,FALSE) -> 51944 | H55: =ROUND(G55*F55,2) -> 363608 | K55: 34 | L55: 51944 | M55: =+G55-L55 -> 0
C56: 4.07 | D56: SUMINISTRO E INSTALACIÓN DE TUBERÍA PVC SANITARIA DE Ø=4" | E56: M | F56: =+VLOOKUP(C56,'MC 2-3-4'!V:W,2,FALSE) -> 96 | G56: =+VLOOKUP(C56,'CAP 2-3-4'!D:R,15,FALSE) -> 83609 | H56: =ROUND(G56*F56,2) -> 8026464 | K56: 35 | L56: 83609 | M56: =+G56-L56 -> 0
C57: 4.08 | D57: SUMINISTRO E INSTALACIÓN DE SIFÓN SANITARIO DE 4" PVC | E57: UND | F57: =+VLOOKUP(C57,'MC 2-3-4'!V:W,2,FALSE) -> 10 | G57: =+VLOOKUP(C57,'CAP 2-3-4'!D:R,15,FALSE) -> 80199 | H57: =ROUND(G57*F57,2) -> 801990 | K57: 36 | L57: 80199 | M57: =+G57-L57 -> 0
C58: Subtotal | H58: =+SUM(H50:H57) -> 20034899 | M58: =+G58-L58 -> 0
M59: =+G59-L59 -> 0
C60: 5 | D60: INSTALACIONES ELECTRICAS | M60: =+G60-L60 -> 0
C61: 5.01 | D61: SUMINISTRO E INSTALACIÓN DE ALIMENTADOR PARCIAL MONOFÁSICO EN CABLE DE COBRE No.12 AWG ( F,N,T). (INCLUYE TUBO PVC DE 1/2") | E61: M | F61: =+VLOOKUP(C61,'MC 5'!U:V,2,FALSE) -> 341.62 | G61: =+VLOOKUP(C61,'CAP 5-6-7'!D:R,15,FALSE) -> 50836 | H61: =ROUND(G61*F61,2) -> 17366594 | K61: 37 | L61: 50836 | M61: =+G61-L61 -> 0
C62: 5.02 | D62: SUMINISTRO E INSTALACION DE INTERRUPTOR SENCILLO | E62: UND | F62: =+VLOOKUP(C62,'MC 5'!U:V,2,FALSE) -> 21 | G62: =+VLOOKUP(C62,'CAP 5-6-7'!D:R,15,FALSE) -> 29906 | H62: =ROUND(G62*F62,2) -> 628026 | K62: 38 | L62: 29906 | M62: =+G62-L62 -> 0
C63: 5.03 | D63: SUMINISTRO E INSTALACION DE INTERRUPTOR DOBLE | E63: UND | F63: =+VLOOKUP(C63,'MC 5'!U:V,2,FALSE) -> 11 | G63: =+VLOOKUP(C63,'CAP 5-6-7'!D:R,15,FALSE) -> 36693 | H63: =ROUND(G63*F63,2) -> 403623 | K63: 39 | L63: 36693 | M63: =+G63-L63 -> 0
C64: 5.04 | D64: SUMINISTRO E INSTALACION DE PLAFON Y BOMBILLO DE 40W | E64: UND | F64: =+VLOOKUP(C64,'MC 5'!U:V,2,FALSE) -> 44 | G64: =+VLOOKUP(C64,'CAP 5-6-7'!D:R,15,FALSE) -> 57765 | H64: =ROUND(G64*F64,2) -> 2541660 | K64: 40 | L64: 61619 | M64: =+G64-L64 -> -3854
C65: 5.05 | D65: SUMINISTRO E INSTALACIÓN DE TOMACORRIENTE DOBLE MONOFÁSICA | E65: UND | F65: =+VLOOKUP(C65,'MC 5'!U:V,2,FALSE) -> 37 | G65: =+VLOOKUP(C65,'CAP 5-6-7'!D:R,15,FALSE) -> 34073 | H65: =ROUND(G65*F65,2) -> 1260701 | K65: 41 | L65: 34073 | M65: =+G65-L65 -> 0
C66: Subtotal | H66: =+SUM(H61:H65) -> 22200604 | M66: =+G66-L66 -> 0
M67: =+G67-L67 -> 0
C68: 6 | D68: MAMPOSTERIA, ENCHAPES Y PISOS | M68: =+G68-L68 -> 0
C69: 6.01 | D69: MURO EN BLOQUE No 4 | E69: M2 | F69: =+VLOOKUP(C69,'MC 5'!U:V,2,FALSE) -> 499.26 | G69: =+VLOOKUP(C69,'CAP 5-6-7'!D:R,15,FALSE) -> 110998 | H69: =ROUND(G69*F69,2) -> 55416861 | K69: 42 | L69: 110998 | M69: =+G69-L69 -> 0
C70: 6.02 | D70: PAÑETE LISO SOBRE MURO E=1,5 CM | E70: M2 | F70: =+VLOOKUP(C70,'MC 5'!U:V,2,FALSE) -> 1589.42 | G70: =+VLOOKUP(C70,'CAP 5-6-7'!D:R,15,FALSE) -> 55661 | H70: =ROUND(G70*F70,2) -> 88468707 | K70: 43 | L70: 55661 | M70: =+G70-L70 -> 0
C71: 6.03 | D71: ENCHAPE EN CERÁMICA PARA MURO | E71: M2 | F71: =+VLOOKUP(C71,'MC 5'!U:V,2,FALSE) -> 174.89 | G71: =+VLOOKUP(C71,'CAP 5-6-7'!D:R,15,FALSE) -> 166700 | H71: =ROUND(G71*F71,2) -> 29154163 | K71: 44 | L71: 166700 | M71: =+G71-L71 -> 0
C72: 6.04 | D72: SUMINISTRO E INSTALACIÓN DE VINILO TIPO I SOBRE PAÑETE O ESTUCO A TRES MANOS (INTERIORES) | E72: M2 | F72: =+VLOOKUP(C72,'MC 5'!U:V,2,FALSE) -> 775.21 | G72: =+VLOOKUP(C72,'CAP 5-6-7'!D:R,15,FALSE) -> 23979 | H72: =ROUND(G72*F72,2) -> 18588761 | K72: 45 | L72: 23963 | M72: =+G72-L72 -> 16
C73: 6.05 | D73: SUMINISTRO E INSTALACIÓN DE PINTURA KORAZA O SIMILAR PARA FACHADAS TRES MANOS (EXTERIORES) | E73: M2 | F73: =+VLOOKUP(C73,'MC 5'!U:V,2,FALSE) -> 477.77 | G73: =+VLOOKUP(C73,'CAP 5-6-7'!D:R,15,FALSE) -> 29991 | H73: =ROUND(G73*F73,2) -> 14328800 | K73: 46 | L73: 29121 | M73: =+G73-L73 -> 870
C74: 6.06 | D74: ENCHAPE EN CERÁMICA PARA PISO | E74: M2 | F74: =+VLOOKUP(C74,'MC 5'!U:V,2,FALSE) -> 172.14 | G74: =+VLOOKUP(C74,'CAP 5-6-7'!D:R,15,FALSE) -> 147896 | H74: =ROUND(G74*F74,2) -> 25458817 | K74: 47 | L74: 147896 | M74: =+G74-L74 -> 0
C75: 6.07 | D75: ENCHAPE CERÁMICO EN MESÓN DE COCINA | E75: M2 | F75: =+VLOOKUP(C75,'MC 5'!U:V,2,FALSE) -> 32.5 | G75: =+VLOOKUP(C75,'CAP 5-6-7'!D:R,15,FALSE) -> 142204 | H75: =ROUND(G75*F75,2) -> 4621630 | K75: 48 | L75: 142204 | M75: =+G75-L75 -> 0
C76: 6.08 | D76: GUARDA ESCOBA EN CERÁMICA E = 8.0 CM. | E76: M | F76: =+VLOOKUP(C76,'MC 5'!U:V,2,FALSE) -> 160.96 | G76: =+VLOOKUP(C76,'CAP 5-6-7'!D:R,15,FALSE) -> 25699 | H76: =ROUND(G76*F76,2) -> 4136511 | K76: 49 | L76: 25699 | M76: =+G76-L76 -> 0
C77: Subtotal | H77: =+SUM(H69:H76) -> 2.4017425e+08 | M77: =+G77-L77 -> 0
M78: =+G78-L78 -> 0
C79: 7 | D79: CUBIERTAS | M79: =+G79-L79 -> 0
C80: 7.01 | D80: SUMINISTRO E INSTALACIÓN DE TUBO RECTANGULAR DE 3 X 1 1/2" CAL. 18 | E80: M | F80: =+VLOOKUP(C80,'MC 5'!U:V,2,FALSE) -> 1399.87 | G80: =+VLOOKUP(C80,'CAP 5-6-7'!D:R,15,FALSE) -> 59674 | H80: =ROUND(G80*F80,2) -> 83535842 | K80: 50 | L80: 67740 | M80: =+G80-L80 -> -8066
C81: 7.02 | D81: SUMINISTRO E INSTALACIÓN DE TUBO RECTANGULAR DE 4X 2" CAL. 14 | E81: M | F81: =+VLOOKUP(C81,'MC 5'!U:V,2,FALSE) -> 193.71 | G81: =+VLOOKUP(C81,'CAP 5-6-7'!D:R,15,FALSE) -> 79465 | H81: =ROUND(G81*F81,2) -> 15393165 | K81: 51 | L81: 79453 | M81: =+G81-L81 -> 12
C82: 7.03 | D82: MANTENIMIENTO DE TUBO RECTANGULAR DE 3 X 1 1/2" CAL. 18 | E82: M | F82: =+VLOOKUP(C82,'MC 5'!U:V,2,FALSE) -> 57.6 | G82: =+VLOOKUP(C82,'CAP 5-6-7'!D:R,15,FALSE) -> 36885 | H82: =ROUND(G82*F82,2) -> 2124576 | K82: 52 | L82: 42000 | M82: =+G82-L82 -> -5115
C83: 7.04 | D83: SUMINISTRO E INSTALACIÓN DE CUBIERTA EN TEJA MASTER 1000 CAL.28 1,00 X 3,05 M | E83: M2 | F83: =+VLOOKUP(C83,'MC 5'!U:V,2,FALSE) -> 1439.84 | G83: =+VLOOKUP(C83,'CAP 5-6-7'!D:R,15,FALSE) -> 84966 | H83: =ROUND(G83*F83,2) -> 1.2233745e+08 | K83: 53 | L83: 90128 | M83: =+G83-L83 -> -5162
C84: 7.05 | D84: SUMINISTRO E INSTALACIÓN DE CABALLETE EN TEJA MASTER 1000 | E84: M | F84: =+VLOOKUP(C84,'MC 5'!U:V,2,FALSE) -> 105.29 | G84: =+VLOOKUP(C84,'CAP 5-6-7'!D:R,15,FALSE) -> 74019 | H84: =ROUND(G84*F84,2) -> 7793460.5 | K84: 54 | L84: 74019 | M84: =+G84-L84 -> 0
C85: Subtotal | H85: =+SUM(H80:H84) -> 2.3118449e+08 | M85: =+G85-L85 -> 0
M86: =+G86-L86 -> 0
C88: 8 | D88: APARATOS SANITARIOS Y DE COCINA | M88: =+G88-L88 -> 0
C89: 8.01 | D89: SUMINISTRO E INSTALACIÓN DE SANITARIO SENCILLO BLANCO | E89: UND | F89: =+VLOOKUP(C89,'MC 5'!U:V,2,FALSE) -> 11 | G89: =+VLOOKUP(C89,'CAP 8-9'!D:R,15,FALSE) -> 626441 | H89: =ROUND(G89*F89,2) -> 6890851 | K89: 55 | L89: 626441 | M89: =+G89-L89 -> 0
C90: 8.02 | D90: SUMINISTRO E INSTALACIÓN DE LAVAMANOS COLOR BLANCO DE COLGAR INCLUYE ELEMENTOS DE FIJACIÓN | E90: UND | F90: =+VLOOKUP(C90,'MC 5'!U:V,2,FALSE) -> 11 | G90: =+VLOOKUP(C90,'CAP 8-9'!D:R,15,FALSE) -> 241930 | H90: =ROUND(G90*F90,2) -> 2661230 | K90: 56 | L90: 241930 | M90: =+G90-L90 -> 0
C91: 8.03 | D91: SUMINISTRO E INSTALACIÓN GRIFERÍA PARA DUCHA SENCILLA | E91: UND | F91: =+VLOOKUP(C91,'MC 5'!U:V,2,FALSE) -> 11 | G91: =+VLOOKUP(C91,'CAP 8-9'!D:R,15,FALSE) -> 199044 | H91: =ROUND(G91*F91,2) -> 2189484 | K91: 57 | L91: 199044 | M91: =+G91-L91 -> 0
C92: 8.04 | D92: SUMINISTRO E INSTALACIÓN LAVAPLATOS ACERO INOXIDABLE 0.6 X 0.40 M | E92: UND | F92: =+VLOOKUP(C92,'MC 5'!U:V,2,FALSE) -> 7 | G92: =+VLOOKUP(C92,'CAP 8-9'!D:R,15,FALSE) -> 264192 | H92: =ROUND(G92*F92,2) -> 1849344 | K92: 58 | L92: 264192 | M92: =+G92-L92 -> 0
C93: Subtotal | H93: =+SUM(H89:H92) -> 13590909 | M93: =+G93-L93 -> 0
M94: =+G94-L94 -> 0
C95: 9 | D95: CARPINTERIA METALICA | M95: =+G95-L95 -> 0
C96: 9.01 | D96: SUMINISTRO E INSTALACIÓN DE PUERTA EN LÁMINA CAL. 18. | E96: M2 | F96: =+VLOOKUP(C96,'MC 5'!U:V,2,FALSE) -> 38.24 | G96: =+VLOOKUP(C96,'CAP 8-9'!D:R,15,FALSE) -> 442755 | H96: =ROUND(G96*F96,2) -> 16930951 | K96: 59 | L96: 427691 | M96: =+G96-L96 -> 15064
C97: 9.02 | D97: SUMINISTRO E INSTALACIÓN DE VENTANA EN LÁMINA COLD ROLLED CAL.18 CON VIDRIO. (INCLUYE ANTICORROSIVO). | E97: M2 | F97: =+VLOOKUP(C97,'MC 5'!U:V,2,FALSE) -> 23.2 | G97: =+VLOOKUP(C97,'CAP 8-9'!D:R,15,FALSE) -> 472611 | H97: =ROUND(G97*F97,2) -> 10964575 | K97: 60 | L97: 461393 | M97: =+G97-L97 -> 11218
C98: 9.03 | D98: SUMINISTRO E INSTALACIÓN DE CANAL EN LÁMINA GALVANIZADA CAL.20 DESARROLLO HASTA 0.60 M | E98: M | F98: =+VLOOKUP(C98,'MC 5'!U:V,2,FALSE) -> 40.9 | G98: =+VLOOKUP(C98,'CAP 8-9'!D:R,15,FALSE) -> 78380 | H98: =ROUND(G98*F98,2) -> 3205742 | K98: 61 | L98: 62660 | M98: =+G98-L98 -> 15720
C99: Subtotal | H99: =+SUM(H96:H98) -> 31101268 | N99: =+H105-H103 -> 8.3400273e+08
C101: 10 | D101: TRANSPORTE DE MATERIALES LIVIANOS
C102: 10.01 | D102: TRANSPORTE EN CAMIÓN CON CAPACIDAD DE CARGA DE 3.5 TON (INCLUYE CARGUE Y DESCARGUE). | E102: DIA | F102: =+VLOOKUP(C102,'MC 5'!U:V,2,FALSE) -> 7 | G102: =+VLOOKUP(C102,'CAP 8-9'!D:R,15,FALSE) -> 961043 | H102: =ROUND(G102*F102,2) -> 6727301 | K102: 62 | M102: =+H102/1.33 -> 5058121.1
C103: Subtotal | H103: =+SUM(H102) -> 6727301 | R103: 498000
K104: =+H105/1300000 -> 646.71541 | O104: =+H105 -> 8.4073003e+08
D105: VALOR TOTAL | H105: =+H99+H93+H85+H77+H66+H58+H47+H35+H27+H103 -> 8.4073003e+08 | K105: =+H105/1.33 -> 6.3212784e+08 | M105: 8.3112847e+08 | O105: 700000000 | Q105: 58788236
K107: 58793105 | O107: =+O104-O105 -> 1.4073003e+08 | P107: 182800880 | Q107: =+P107-O107 -> 42070849
C108: NOTA 1: Se debe tener en cuenta que el PRECIO UNITARIO incluye el valor de A.I.U. | E108: DESCRIPCION | H108: PORCENTAJE | O108: 41947500 | R108: =+Q107-O108 -> 123349.46
C109: NOTA 2: Cuando la fracción decimal del peso sea igual o superior a 5 se aproximará por exceso al número entero siguiente del peso y cuando la fracción decimal del peso sea inferior a 5 se aproximará por defecto al número entero del peso. | E109: ADMINISTRACIÓN | G109: A= | H109: 0.24
C110: NOTA 3: El A.I.U y su discriminación deben estar en porcentaje (%). | E110: IMPREVISTO | G110: I= | H110: 0.02
...

Sheet CAP 8-9
D3: =+[239]INICIO!$C$8 -> Análisis de Precios Unitarios- Secretaria de Planeación y Obras Publicas de Cubará, Boyacá.
D4: Código | E4: =+[239]INICIO!$C$7 -> CCE-EICP-FM-14 | G4: =+[239]INICIO!$B$6 -> VERSIÓN | H4: =+[239]INICIO!$C$6 -> 1
E8: MUNICIPIO DE CUBARÁ
M10: VERSIÓN | O10: =+[239]INICIO!$C$6 -> 1
M13: PAGINA | N13: =+VLOOKUP(D24,'PRESUPUESTO OFICIAL '!C:Q,9,FALSE) -> 55 | O13: DE | P13: =+'PRESUPUESTO OFICIAL '!$M$122 -> 62
E14: ANÁLISIS DE PRECIOS UNITARIOS
M16: FECHA | N16: DD | O16: MM | P16: AA
N17: =+Hoja2!B$5 -> 5 | O17: =+Hoja2!C$5 -> 8 | P17: =+Hoja2!D$5 -> 2026
D21: DATOS ESPECÍFICOS
A23: APU-ID | B23: INS-ID | D23: ÍTEM | E23: DESCRIPCIÓN | N23: UNIDAD | P23: CANTIDAD
D24: =+'PRESUPUESTO OFICIAL '!C89 -> 8.01 | E24: =+VLOOKUP(D24,'PRESUPUESTO OFICIAL '!C:H,2,FALSE) -> SUMINISTRO E INSTALACIÓN DE SANITARIO SENCILLO BLANCO | N24: =+VLOOKUP(D24,'PRESUPUESTO OFICIAL '!C:H,3,FALSE) -> UND | P24: =+VLOOKUP(D24,'PRESUPUESTO OFICIAL '!C:H,4,FALSE) -> 11 | R24: =+P76 -> 626441
D25: I. EQUIPO
D26: DESCRIPCIÓN | I26: MARCA | K26: TIPO | M26: TARIFA | N26: RENDIMIENTO | P26: Vr. UNITARIO
A27: =[239]INDICE!#REF! -> #REF! | B27: EQ00001 | D27: =IFERROR(INDEX([239]EQUIPOS!B:B,MATCH(B27,[239]EQUIPOS!A:A,0)),"") -> HERRAMIENTA MENOR (% M.O) | K27: =IFERROR(INDEX([239]EQUIPOS!C:C,MATCH(B27,[239]EQUIPOS!A:A,0)),"") -> % | M27: =IFERROR(IF(D27="HERRAMIENTA MENOR (% M.O)",P66,INDEX([239]EQUIPOS!D:D,MATCH(B27,[239]EQUIPOS!A:A,0))),"") -> 101986.82 | N27: 10 | P27: =IFERROR(ROUND(IF(D27="HERRAMIENTA MENOR (% M.O)",N27%*M27,M27/N27),2)," ") -> 10198.68
A28: =+$A$1691 -> 0 | B28: EQ00019 | D28: =IFERROR(INDEX([239]EQUIPOS!B:B,MATCH(B28,[239]EQUIPOS!A:A,0)),"") -> TALADRO | K28: =IFERROR(INDEX([239]EQUIPOS!C:C,MATCH(B28,[239]EQUIPOS!A:A,0)),"") -> DIA | M28: =IFERROR(IF(D28="HERRAMIENTA MENOR (% M.O)",P67,INDEX([239]EQUIPOS!D:D,MATCH(B28,[239]EQUIPOS!A:A,0))),"") -> 36968 | N28: 3.2 | P28: =IFERROR(ROUND(IF(D28="HERRAMIENTA MENOR (% M.O)",N28%*M28,M28/N28),2)," ") -> 11552.5
A29: =+A28 -> 0 | D29: =IFERROR(INDEX([239]EQUIPOS!B:B,MATCH(B29,[239]EQUIPOS!A:A,0)),"") | K29: =IFERROR(INDEX([239]EQUIPOS!C:C,MATCH(B29,[239]EQUIPOS!A:A,0)),"") | M29: =IFERROR(IF(D29="HERRAMIENTA MENOR (% M.O)",P68,INDEX([239]EQUIPOS!D:D,MATCH(B29,[239]EQUIPOS!A:A,0))),"") | P29: =IFERROR(ROUND(IF(D29="HERRAMIENTA MENOR (% M.O)",N29%*M29,M29/N29),2)," ")
A30: =+A29 -> 0 | D30: =IFERROR(INDEX([239]EQUIPOS!B:B,MATCH(B30,[239]EQUIPOS!A:A,0)),"") | K30: =IFERROR(INDEX([239]EQUIPOS!C:C,MATCH(B30,[239]EQUIPOS!A:A,0)),"") | M30: =IFERROR(IF(D30="HERRAMIENTA MENOR (% M.O)",P69,INDEX([239]EQUIPOS!D:D,MATCH(B30,[239]EQUIPOS!A:A,0))),"") | P30: =IFERROR(ROUND(IF(D30="HERRAMIENTA MENOR (% M.O)",N30%*M30,M30/N30),2)," ")
A31: =+A30 -> 0 | D31: =IFERROR(INDEX([239]EQUIPOS!B:B,MATCH(B31,[239]EQUIPOS!A:A,0)),"") | K31: =IFERROR(INDEX([239]EQUIPOS!C:C,MATCH(B31,[239]EQUIPOS!A:A,0)),"") | M31: =IFERROR(IF(D31="HERRAMIENTA MENOR (% M.O)",P70,INDEX([239]EQUIPOS!D:D,MATCH(B31,[239]EQUIPOS!A:A,0))),"") | P31: =IFERROR(ROUND(IF(D31="HERRAMIENTA MENOR (% M.O)",N31%*M31,M31/N31),2)," ")
A32: =+A31 -> 0 | D32: =IFERROR(INDEX([239]EQUIPOS!B:B,MATCH(B32,[239]EQUIPOS!A:A,0)),"") | K32: =IFERROR(INDEX([239]EQUIPOS!C:C,MATCH(B32,[239]EQUIPOS!A:A,0)),"") | M32: =IFERROR(IF(D32="HERRAMIENTA MENOR (% M.O)",P71,INDEX([239]EQUIPOS!D:D,MATCH(B32,[239]EQUIPOS!A:A,0))),"") | P32: =IFERROR(ROUND(IF(D32="HERRAMIENTA MENOR (% M.O)",N32%*M32,M32/N32),2)," ")
A33: =+A32 -> 0 | D33: SUBTOTAL | P33: =SUM(P27:P32) -> 21751.18
A34: =+A33 -> 0 | D34: II. MATERIALES
A35: =+A34 -> 0 | D35: DESCRIPCIÓN | L35: UNIDAD | M35: CANTIDAD | N35: PRECIO UNITARIO | P35: Vr. UNITARIO
A36: =+A35 -> 0 | B36: MA00128 | D36: =IFERROR(INDEX([239]MATERIALES!C:C,MATCH(B36,[239]MATERIALES!B:B,0)),"") -> SANITARIO SENCILLO BLANCO (INCLUYE ACCESORIOS DE CONEXIÓN) | L36: =IFERROR(INDEX([239]MATERIALES!D:D,MATCH(B36,[239]MATERIALES!B:B,0)),"") -> UND | M36: 1 | N36: =IFERROR(INDEX([239]MATERIALES!P:P,MATCH(B36,[239]MATERIALES!B:B,0)),"") -> 268216 | P36: =IFERROR(ROUND(N36*M36,2),"") -> 268216
A37: =+A36 -> 0 | B37: MA00114 | D37: =IFERROR(INDEX([239]MATERIALES!C:C,MATCH(B37,[239]MATERIALES!B:B,0)),"") -> BRIDA FLEXIBLE PARA INSTALACIÓN DE SANITARIO | L37: =IFERROR(INDEX([239]MATERIALES!D:D,MATCH(B37,[239]MATERIALES!B:B,0)),"") -> UND | M37: 1 | N37: =IFERROR(INDEX([239]MATERIALES!P:P,MATCH(B37,[239]MATERIALES!B:B,0)),"") -> 55016 | P37: =IFERROR(ROUND(N37*M37,2),"") -> 55016
A38: =+A37 -> 0 | B38: MA00176 | D38: =IFERROR(INDEX([239]MATERIALES!C:C,MATCH(B38,[239]MATERIALES!B:B,0)),"") -> SELLANTE POLIURETANO TIPO SIKA FLEX PRO 3WF O SIMILAR | L38: =IFERROR(INDEX([239]MATERIALES!D:D,MATCH(B38,[239]MATERIALES!B:B,0)),"") -> UND | M38: 0.2 | N38: =IFERROR(INDEX([239]MATERIALES!P:P,MATCH(B38,[239]MATERIALES!B:B,0)),"") -> 37509.34 | P38: =IFERROR(ROUND(N38*M38,2),"") -> 7501.87
A39: =+A38 -> 0 | D39: =IFERROR(INDEX([239]MATERIALES!C:C,MATCH(B39,[239]MATERIALES!B:B,0)),"") | L39: =IFERROR(INDEX([239]MATERIALES!D:D,MATCH(B39,[239]MATERIALES!B:B,0)),"") | N39: =IFERROR(INDEX([239]MATERIALES!P:P,MATCH(B39,[239]MATERIALES!B:B,0)),"") | P39: =IFERROR(ROUND(N39*M39,2),"")
A40: =+A39 -> 0 | D40: =IFERROR(INDEX([239]MATERIALES!C:C,MATCH(B40,[239]MATERIALES!B:B,0)),"") | L40: =IFERROR(INDEX([239]MATERIALES!D:D,MATCH(B40,[239]MATERIALES!B:B,0)),"") | N40: =IFERROR(INDEX([239]MATERIALES!P:P,MATCH(B40,[239]MATERIALES!B:B,0)),"") | P40: =IFERROR(ROUND(N40*M40,2),"")
A41: =+A40 -> 0 | D41: =IFERROR(INDEX([239]MATERIALES!C:C,MATCH(B41,[239]MATERIALES!B:B,0)),"") | L41: =IFERROR(INDEX([239]MATERIALES!D:D,MATCH(B41,[239]MATERIALES!B:B,0)),"") | N41: =IFERROR(INDEX([239]MATERIALES!P:P,MATCH(B41,[239]MATERIALES!B:B,0)),"") | P41: =IFERROR(ROUND(N41*M41,2),"")
A42: =+A41 -> 0 | D42: =IFERROR(INDEX([239]MATERIALES!C:C,MATCH(B42,[239]MATERIALES!B:B,0)),"") | L42: =IFERROR(INDEX([239]MATERIALES!D:D,MATCH(B42,[239]MATERIALES!B:B,0)),"") | N42: =IFERROR(INDEX([239]MATERIALES!P:P,MATCH(B42,[239]MATERIALES!B:B,0)),"") | P42: =IFERROR(ROUND(N42*M42,2),"")
A43: =+A42 -> 0 | D43: =IFERROR(INDEX([239]MATERIALES!C:C,MATCH(B43,[239]MATERIALES!B:B,0)),"") | L43: =IFERROR(INDEX([239]MATERIALES!D:D,MATCH(B43,[239]MATERIALES!B:B,0)),"") | N43: =IFERROR(INDEX([239]MATERIALES!P:P,MATCH(B43,[239]MATERIALES!B:B,0)),"") | P43: =IFERROR(ROUND(N43*M43,2),"")
A44: =+A43 -> 0 | D44: =IFERROR(INDEX([239]MATERIALES!C:C,MATCH(B44,[239]MATERIALES!B:B,0)),"") | L44: =IFERROR(INDEX([239]MATERIALES!D:D,MATCH(B44,[239]MATERIALES!B:B,0)),"") | N44: =IFERROR(INDEX([239]MATERIALES!P:P,MATCH(B44,[239]MATERIALES!B:B,0)),"") | P44: =IFERROR(ROUND(N44*M44,2),"")
A45: =+A44 -> 0 | D45: =IFERROR(INDEX([239]MATERIALES!C:C,MATCH(B45,[239]MATERIALES!B:B,0)),"") | L45: =IFERROR(INDEX([239]MATERIALES!D:D,MATCH(B45,[239]MATERIALES!B:B,0)),"") | N45: =IFERROR(INDEX([239]MATERIALES!P:P,MATCH(B45,[239]MATERIALES!B:B,0)),"") | P45: =IFERROR(ROUND(N45*M45,2),"")
A46: =+A45 -> 0 | D46: =IFERROR(INDEX([239]MATERIALES!C:C,MATCH(B46,[239]MATERIALES!B:B,0)),"") | L46: =IFERROR(INDEX([239]MATERIALES!D:D,MATCH(B46,[239]MATERIALES!B:B,0)),"") | N46: =IFERROR(INDEX([239]MATERIALES!P:P,MATCH(B46,[239]MATERIALES!B:B,0)),"") | P46: =IFERROR(ROUND(N46*M46,2),"")
A47: =+A46 -> 0 | D47: =IFERROR(INDEX([239]MATERIALES!C:C,MATCH(B47,[239]MATERIALES!B:B,0)),"") | L47: =IFERROR(INDEX([239]MATERIALES!D:D,MATCH(B47,[239]MATERIALES!B:B,0)),"") | N47: =IFERROR(INDEX([239]MATERIALES!P:P,MATCH(B47,[239]MATERIALES!B:B,0)),"") | P47: =IFERROR(ROUND(N47*M47,2),"")
A48: =+A47 -> 0 | D48: =IFERROR(INDEX([239]MATERIALES!C:C,MATCH(B48,[239]MATERIALES!B:B,0)),"") | L48: =IFERROR(INDEX([239]MATERIALES!D:D,MATCH(B48,[239]MATERIALES!B:B,0)),"") | N48: =IFERROR(INDEX([239]MATERIALES!P:P,MATCH(B48,[239]MATERIALES!B:B,0)),"") | P48: =IFERROR(ROUND(N48*M48,2),"")
A49: =+A48 -> 0 | D49: =IFERROR(INDEX([239]MATERIALES!C:C,MATCH(B49,[239]MATERIALES!B:B,0)),"") | L49: =IFERROR(INDEX([239]MATERIALES!D:D,MATCH(B49,[239]MATERIALES!B:B,0)),"") | N49: =IFERROR(INDEX([239]MATERIALES!P:P,MATCH(B49,[239]MATERIALES!B:B,0)),"") | P49: =IFERROR(ROUND(N49*M49,2),"")
A50: =+A49 -> 0 | D50: DESPERDICIO | L50: % | M50: 0.05 | N50: =SUM(P36:P49) -> 330733.87 | P50: =ROUND(N50*M50,2) -> 16536.69
A51: =+A50 -> 0 | D51: SUBTOTAL | P51: =SUM(P36:P50) -> 347270.56
A52: =+A51 -> 0 | D52: III. TRANSPORTES
A53: =+A52 -> 0 | D53: MATERIAL | K53: VOL. o PESO | L53: DISTANCIA | M53: M3 o Ton/Km | N53: TARIFA | P53: Vr. UNITARIO
A54: =+A53 -> 0 | D54: =IFERROR(INDEX([239]TRANSPORTES!B:B,MATCH(B54,[239]TRANSPORTES!A:A,0)),"") | M54: =IFERROR(INDEX([239]TRANSPORTES!C:C,MATCH(B54,[239]TRANSPORTES!A:A,0)),"") | N54: =IFERROR(INDEX([239]TRANSPORTES!D:D,MATCH(B54,[239]TRANSPORTES!A:A,0)),"") | P54: =IFERROR(ROUND(K54*N54*L54,2),"")
A55: =+A54 -> 0 | D55: =IFERROR(INDEX([239]TRANSPORTES!B:B,MATCH(B55,[239]TRANSPORTES!A:A,0)),"") | M55: =IFERROR(INDEX([239]TRANSPORTES!C:C,MATCH(B55,[239]TRANSPORTES!A:A,0)),"") | N55: =IFERROR(INDEX([239]TRANSPORTES!D:D,MATCH(B55,[239]TRANSPORTES!A:A,0)),"") | P55: =IFERROR(ROUND(K55*N55*L55,2),"")
A56: =+A55 -> 0 | D56: =IFERROR(INDEX([239]TRANSPORTES!B:B,MATCH(B56,[239]TRANSPORTES!A:A,0)),"") | M56: =IFERROR(INDEX([239]TRANSPORTES!C:C,MATCH(B56,[239]TRANSPORTES!A:A,0)),"") | N56: =IFERROR(INDEX([239]TRANSPORTES!D:D,MATCH(B56,[239]TRANSPORTES!A:A,0)),"") | P56: =IFERROR(ROUND(K56*N56*L56,2),"")
A57: =+A56 -> 0 | D57: =IFERROR(INDEX([239]TRANSPORTES!B:B,MATCH(B57,[239]TRANSPORTES!A:A,0)),"") | M57: =IFERROR(INDEX([239]TRANSPORTES!C:C,MATCH(B57,[239]TRANSPORTES!A:A,0)),"") | N57: =IFERROR(INDEX([239]TRANSPORTES!D:D,MATCH(B57,[239]TRANSPORTES!A:A,0)),"") | P57: =IFERROR(ROUND(K57*N57*L57,2),"")
A58: =+A57 -> 0 | D58: SUBTOTAL | P58: =SUM(P54:P57) -> 0
A59: =+A58 -> 0 | D59: IV. MANO DE OBRA
A60: =+A59 -> 0 | D60: TRABAJADOR | K60: JORNAL | L60: PRESTACIONES | M60: JORNAL TOTAL | N60: RENDIMIENTO | P60: Vr. UNITARIO
A61: =+A60 -> 0 | B61: MO00002 | D61: =IFERROR(INDEX('[239]MANO DE OBRA'!B:B,MATCH(B61,'[239]MANO DE OBRA'!A:A,0)),"") -> OFICIAL | K61: =IFERROR(INDEX('[239]MANO DE OBRA'!D:D,MATCH(B61,'[239]MANO DE OBRA'!A:A,0)),"") -> 95930 | L61: =+IF(D61<>"",'[239]FACTOR PRESTACIONAL'!$E$21," ") -> 1.95 | M61: =IFERROR(K61*L61," ") -> 187063.5 | N61: 3.2 | P61: =IFERROR(ROUND(M61/N61,2)," ") -> 58457.34
A62: =+A61 -> 0 | B62: MO00003 | D62: =IFERROR(INDEX('[239]MANO DE OBRA'!B:B,MATCH(B62,'[239]MANO DE OBRA'!A:A,0)),"") -> AYUDANTE (1) | K62: =IFERROR(INDEX('[239]MANO DE OBRA'!D:D,MATCH(B62,'[239]MANO DE OBRA'!A:A,0)),"") -> 71433 | L62: =+IF(D62<>"",'[239]FACTOR PRESTACIONAL'!$E$21," ") -> 1.95 | M62: =IFERROR(K62*L62," ") -> 139294.35 | N62: 3.2 | P62: =IFERROR(ROUND(M62/N62,2)," ") -> 43529.48
A63: =+A62 -> 0 | D63: =IFERROR(INDEX('[239]MANO DE OBRA'!B:B,MATCH(B63,'[239]MANO DE OBRA'!A:A,0)),"") | K63: =IFERROR(INDEX('[239]MANO DE OBRA'!D:D,MATCH(B63,'[239]MANO DE OBRA'!A:A,0)),"") | L63: =+IF(D63<>"",'[239]FACTOR PRESTACIONAL'!$E$21," ") | M63: =IFERROR(K63*L63," ") | P63: =IFERROR(ROUND(M63/N63,2)," ")
A64: =+A63 -> 0 | D64: =IFERROR(INDEX('[239]MANO DE OBRA'!B:B,MATCH(B64,'[239]MANO DE OBRA'!A:A,0)),"") | K64: =IFERROR(INDEX('[239]MANO DE OBRA'!D:D,MATCH(B64,'[239]MANO DE OBRA'!A:A,0)),"") | L64: =+IF(D64<>"",'[239]FACTOR PRESTACIONAL'!$E$21," ") | M64: =IFERROR(K64*L64," ") | P64: =IFERROR(ROUND(M64/N64,2)," ")
A65: =+A64 -> 0 | D65: =IFERROR(INDEX('[239]MANO DE OBRA'!B:B,MATCH(B65,'[239]MANO DE OBRA'!A:A,0)),"") | K65: =IFERROR(INDEX('[239]MANO DE OBRA'!D:D,MATCH(B65,'[239]MANO DE OBRA'!A:A,0)),"") | L65: =+IF(D65<>"",'[239]FACTOR PRESTACIONAL'!$E$21," ") | M65: =IFERROR(K65*L65," ") | P65: =IFERROR(ROUND(M65/N65,2)," ")
A66: =+A65 -> 0 | D66: SUBTOTAL | P66: =SUM(P61:P65) -> 101986.82
A67: =+A66 -> 0
D68: TOTAL COSTO DIRECTO $ | P68: =+P66+P58+P51+P33 -> 471008.56
D70: Descripcion | M70: Porcentaje | N70: Valor Total
D71: ADMINISTRACIÓN | M71: =+[239]INICIO!$F$10 -> 0.24 | N71: =ROUND(M71*P68,2) -> 113042.05
D72: IMPREVISTOS | M72: =+[239]INICIO!$F$11 -> 0.02 | N72: =ROUND(M72*P68,2) -> 9420.17
D73: UTILIDAD | M73: =+[239]INICIO!$F$12 -> 0.07 | N73: =ROUND(M73*P68,2) -> 32970.6
P74: =SUM(N71:N73) -> 155432.82
D76: Precio Unitario Total Aproximado al peso $ | P76: =ROUND(P74+P68,0) -> 626441
D81: =+[239]INICIO!$B$13 -> Proyectó: | L81: =+[239]INICIO!$B$16 -> Aprobó:
E82: =+Hoja2!C$13 -> HELMER EDUARDO BECERRA SANTANDER | M82: =+Hoja2!$C$16 -> JESÚS IVÁN QUIÑONES RUEDA
E83: =+Hoja2!C$14 -> APOYO SEC. DE PLANEACIÓN Y OBRAS PÚBLICAS | M83: =+Hoja2!$C$17 -> SECRETARIO DE PLANEACIÓN Y OBRAS PUBLICAS
E84: =+Hoja2!C$15 -> 123769-0701671 NTS | M84: =+Hoja2!C$18 -> A21382020-1090480860
D89: =+[239]INICIO!$C$8 -> Análisis de Precios Unitarios- Secretaria de Planeación y Obras Publicas de Cubará, Boyacá.
D90: Código | E90: =+[239]INICIO!$C$7 -> CCE-EICP-FM-14 | G90: =+[239]INICIO!$B$6 -> VERSIÓN | H90: =+[239]INICIO!$C$6 -> 1
E94: MUNICIPIO DE CUBARÁ
M96: VERSIÓN | O96: =+[239]INICIO!$C$6 -> 1
M99: PAGINA | N99: =+VLOOKUP(D110,'PRESUPUESTO OFICIAL '!C:Q,9,FALSE) -> 56 | O99: DE | P99: =+'PRESUPUESTO OFICIAL '!$M$122 -> 62
E100: ANÁLISIS DE PRECIOS UNITARIOS
M102: FECHA | N102: DD | O102: MM | P102: AA
N103: =+Hoja2!B$5 -> 5 | O103: =+Hoja2!C$5 -> 8 | P103: =+Hoja2!D$5 -> 2026
D107: DATOS ESPECÍFICOS
A109: APU-ID | B109: INS-ID | D109: ÍTEM | E109: DESCRIPCIÓN | N109: UNIDAD | P109: CANTIDAD
D110: =+'PRESUPUESTO OFICIAL '!C90 -> 8.02 | E110: =+VLOOKUP(D110,'PRESUPUESTO OFICIAL '!C:H,2,FALSE) -> SUMINISTRO E INSTALACIÓN DE LAVAMANOS COLOR BLANCO DE COLGAR INCLUYE ELEMENTOS DE FIJACIÓN | N110: =+VLOOKUP(D110,'PRESUPUESTO OFICIAL '!C:H,3,FALSE) -> UND | P110: =+VLOOKUP(D110,'PRESUPUESTO OFICIAL '!C:H,4,FALSE) -> 11 | R110: =+P162 -> 241930
D111: I. EQUIPO
D112: DESCRIPCIÓN | I112: MARCA | K112: TIPO | M112: TARIFA | N112: RENDIMIENTO | P112: Vr. UNITARIO
A113: =[239]INDICE!#REF! -> #REF! | B113: EQ00001 | D113: =IFERROR(INDEX([239]EQUIPOS!B:B,MATCH(B113,[239]EQUIPOS!A:A,0)),"") -> HERRAMIENTA MENOR (% M.O) | K113: =IFERROR(INDEX([239]EQUIPOS!C:C,MATCH(B113,[239]EQUIPOS!A:A,0)),"") -> % | M113: =IFERROR(IF(D113="HERRAMIENTA MENOR (% M.O)",P152,INDEX([239]EQUIPOS!D:D,MATCH(B113,[239]EQUIPOS!A:A,0))),"") -> 40794.73 | N113: 10 | P113: =IFERROR(ROUND(IF(D113="HERRAMIENTA MENOR (% M.O)",N113%*M113,M113/N113),2)," ") -> 4079.47
A114: =+$A$1691 -> 0 | B114: EQ00019 | D114: =IFERROR(INDEX([239]EQUIPOS!B:B,MATCH(B114,[239]EQUIPOS!A:A,0)),"") -> TALADRO | K114: =IFERROR(INDEX([239]EQUIPOS!C:C,MATCH(B114,[239]EQUIPOS!A:A,0)),"") -> DIA | M114: =IFERROR(IF(D114="HERRAMIENTA MENOR (% M.O)",P153,INDEX([239]EQUIPOS!D:D,MATCH(B114,[239]EQUIPOS!A:A,0))),"") -> 36968 | N114: 8 | P114: =IFERROR(ROUND(IF(D114="HERRAMIENTA MENOR (% M.O)",N114%*M114,M114/N114),2)," ") -> 4621
A115: =+A114 -> 0 | D115: =IFERROR(INDEX([239]EQUIPOS!B:B,MATCH(B115,[239]EQUIPOS!A:A,0)),"") | K115: =IFERROR(INDEX([239]EQUIPOS!C:C,MATCH(B115,[239]EQUIPOS!A:A,0)),"") | M115: =IFERROR(IF(D115="HERRAMIENTA MENOR (% M.O)",P154,INDEX([239]EQUIPOS!D:D,MATCH(B115,[239]EQUIPOS!A:A,0))),"") | P115: =IFERROR(ROUND(IF(D115="HERRAMIENTA MENOR (% M.O)",N115%*M115,M115/N115),2)," ")
A116: =+A115 -> 0 | D116: =IFERROR(INDEX([239]EQUIPOS!B:B,MATCH(B116,[239]EQUIPOS!A:A,0)),"") | K116: =IFERROR(INDEX([239]EQUIPOS!C:C,MATCH(B116,[239]EQUIPOS!A:A,0)),"") | M116: =IFERROR(IF(D116="HERRAMIENTA MENOR (% M.O)",P155,INDEX([239]EQUIPOS!D:D,MATCH(B116,[239]EQUIPOS!A:A,0))),"") | P116: =IFERROR(ROUND(IF(D116="HERRAMIENTA MENOR (% M.O)",N116%*M116,M116/N116),2)," ")
A117: =+A116 -> 0 | D117: =IFERROR(INDEX([239]EQUIPOS!B:B,MATCH(B117,[239]EQUIPOS!A:A,0)),"") | K117: =IFERROR(INDEX([239]EQUIPOS!C:C,MATCH(B117,[239]EQUIPOS!A:A,0)),"") | M117: =IFERROR(IF(D117="HERRAMIENTA MENOR (% M.O)",P156,INDEX([239]EQUIPOS!D:D,MATCH(B117,[239]EQUIPOS!A:A,0))),"") | P117: =IFERROR(ROUND(IF(D117="HERRAMIENTA MENOR (% M.O)",N117%*M117,M117/N117),2)," ")
A118: =+A117 -> 0 | D118: =IFERROR(INDEX([239]EQUIPOS!B:B,MATCH(B118,[239]EQUIPOS!A:A,0)),"") | K118: =IFERROR(INDEX([239]EQUIPOS!C:C,MATCH(B118,[239]EQUIPOS!A:A,0)),"") | M118: =IFERROR(IF(D118="HERRAMIENTA MENOR (% M.O)",P157,INDEX([239]EQUIPOS!D:D,MATCH(B118,[239]EQUIPOS!A:A,0))),"") | P118: =IFERROR(ROUND(IF(D118="HERRAMIENTA MENOR (% M.O)",N118%*M118,M118/N118),2)," ")
A119: =+A118 -> 0 | D119: SUBTOTAL | P119: =SUM(P113:P118) -> 8700.47
A120: =+A119 -> 0 | D120: II. MATERIALES
A121: =+A120 -> 0 | D121: DESCRIPCIÓN | L121: UNIDAD | M121: CANTIDAD | N121: PRECIO UNITARIO | P121: Vr. UNITARIO
A122: =+A121 -> 0 | B122: MA00120 | D122: =IFERROR(INDEX([239]MATERIALES!C:C,MATCH(B122,[239]MATERIALES!B:B,0)),"") -> LAVAMANOS BLANCO DE COLGAR. INCLUYE GRAPAS DE ANCLAJE | L122: =IFERROR(INDEX([239]MATERIALES!D:D,MATCH(B122,[239]MATERIALES!B:B,0)),"") -> UND | M122: 1 | N122: =IFERROR(INDEX([239]MATERIALES!P:P,MATCH(B122,[239]MATERIALES!B:B,0)),"") -> 118600 | P122: =IFERROR(ROUND(N122*M122,2),"") -> 118600
A123: =+A122 -> 0 | B123: MA00176 | D123: =IFERROR(INDEX([239]MATERIALES!C:C,MATCH(B123,[239]MATERIALES!B:B,0)),"") -> SELLANTE POLIURETANO TIPO SIKA FLEX PRO 3WF O SIMILAR | L123: =IFERROR(INDEX([239]MATERIALES!D:D,MATCH(B123,[239]MATERIALES!B:B,0)),"") -> UND | M123: 0.2 | N123: =IFERROR(INDEX([239]MATERIALES!P:P,MATCH(B123,[239]MATERIALES!B:B,0)),"") -> 37509.34 | P123: =IFERROR(ROUND(N123*M123,2),"") -> 7501.87
A124: =+A123 -> 0 | D124: =IFERROR(INDEX([239]MATERIALES!C:C,MATCH(B124,[239]MATERIALES!B:B,0)),"") | L124: =IFERROR(INDEX([239]MATERIALES!D:D,MATCH(B124,[239]MATERIALES!B:B,0)),"") | N124: =IFERROR(INDEX([239]MATERIALES!P:P,MATCH(B124,[239]MATERIALES!B:B,0)),"") | P124: =IFERROR(ROUND(N124*M124,2),"")
A125: =+A124 -> 0 | D125: =IFERROR(INDEX([239]MATERIALES!C:C,MATCH(B125,[239]MATERIALES!B:B,0)),"") | L125: =IFERROR(INDEX([239]MATERIALES!D:D,MATCH(B125,[239]MATERIALES!B:B,0)),"") | N125: =IFERROR(INDEX([239]MATERIALES!P:P,MATCH(B125,[239]MATERIALES!B:B,0)),"") | P125: =IFERROR(ROUND(N125*M125,2),"")
A126: =+A125 -> 0 | D126: =IFERROR(INDEX([239]MATERIALES!C:C,MATCH(B126,[239]MATERIALES!B:B,0)),"") | L126: =IFERROR(INDEX([239]MATERIALES!D:D,MATCH(B126,[239]MATERIALES!B:B,0)),"") | N126: =IFERROR(INDEX([239]MATERIALES!P:P,MATCH(B126,[239]MATERIALES!B:B,0)),"") | P126: =IFERROR(ROUND(N126*M126,2),"")
A127: =+A126 -> 0 | D127: =IFERROR(INDEX([239]MATERIALES!C:C,MATCH(B127,[239]MATERIALES!B:B,0)),"") | L127: =IFERROR(INDEX([239]MATERIALES!D:D,MATCH(B127,[239]MATERIALES!B:B,0)),"") | N127: =IFERROR(INDEX([239]MATERIALES!P:P,MATCH(B127,[239]MATERIALES!B:B,0)),"") | P127: =IFERROR(ROUND(N127*M127,2),"")
A128: =+A127 -> 0 | D128: =IFERROR(INDEX([239]MATERIALES!C:C,MATCH(B128,[239]MATERIALES!B:B,0)),"") | L128: =IFERROR(INDEX([239]MATERIALES!D:D,MATCH(B128,[239]MATERIALES!B:B,0)),"") | N128: =IFERROR(INDEX([239]MATERIALES!P:P,MATCH(B128,[239]MATERIALES!B:B,0)),"") | P128: =IFERROR(ROUND(N128*M128,2),"")
A129: =+A128 -> 0 | D129: =IFERROR(INDEX([239]MATERIALES!C:C,MATCH(B129,[239]MATERIALES!B:B,0)),"") | L129: =IFERROR(INDEX([239]MATERIALES!D:D,MATCH(B129,[239]MATERIALES!B:B,0)),"") | N129: =IFERROR(INDEX([239]MATERIALES!P:P,MATCH(B129,[239]MATERIALES!B:B,0)),"") | P129: =IFERROR(ROUND(N129*M129,2),"")
A130: =+A129 -> 0 | D130: =IFERROR(INDEX([239]MATERIALES!C:C,MATCH(B130,[239]MATERIALES!B:B,0)),"") | L130: =IFERROR(INDEX([239]MATERIALES!D:D,MATCH(B130,[239]MATERIALES!B:B,0)),"") | N130: =IFERROR(INDEX([239]MATERIALES!P:P,MATCH(B130,[239]MATERIALES!B:B,0)),"") | P130: =IFERROR(ROUND(N130*M130,2),"")
A131: =+A130 -> 0 | D131: =IFERROR(INDEX([239]MATERIALES!C:C,MATCH(B131,[239]MATERIALES!B:B,0)),"") | L131: =IFERROR(INDEX([239]MATERIALES!D:D,MATCH(B131,[239]MATERIALES!B:B,0)),"") | N131: =IFERROR(INDEX([239]MATERIALES!P:P,MATCH(B131,[239]MATERIALES!B:B,0)),"") | P131: =IFERROR(ROUND(N131*M131,2),"")
A132: =+A131 -> 0 | D132: =IFERROR(INDEX([239]MATERIALES!C:C,MATCH(B132,[239]MATERIALES!B:B,0)),"") | L132: =IFERROR(INDEX([239]MATERIALES!D:D,MATCH(B132,[239]MATERIALES!B:B,0)),"") | N132: =IFERROR(INDEX([239]MATERIALES!P:P,MATCH(B132,[239]MATERIALES!B:B,0)),"") | P132: =IFERROR(ROUND(N132*M132,2),"")
A133: =+A132 -> 0 | D133: =IFERROR(INDEX([239]MATERIALES!C:C,MATCH(B133,[239]MATERIALES!B:B,0)),"") | L133: =IFERROR(INDEX([239]MATERIALES!D:D,MATCH(B133,[239]MATERIALES!B:B,0)),"") | N133: =IFERROR(INDEX([239]MATERIALES!P:P,MATCH(B133,[239]MATERIALES!B:B,0)),"") | P133: =IFERROR(ROUND(N133*M133,2),"")
A134: =+A133 -> 0 | D134: =IFERROR(INDEX([239]MATERIALES!C:C,MATCH(B134,[239]MATERIALES!B:B,0)),"") | L134: =IFERROR(INDEX([239]MATERIALES!D:D,MATCH(B134,[239]MATERIALES!B:B,0)),"") | N134: =IFERROR(INDEX([239]MATERIALES!P:P,MATCH(B134,[239]MATERIALES!B:B,0)),"") | P134: =IFERROR(ROUND(N134*M134,2),"")
...

Sheet CAP 1,00
D3: =+[239]INICIO!$C$8 -> Análisis de Precios Unitarios- Secretaria de Planeación y Obras Publicas de Cubará, Boyacá.
D4: Código | E4: =+[239]INICIO!$C$7 -> CCE-EICP-FM-14 | G4: =+[239]INICIO!$B$6 -> VERSIÓN | H4: =+[239]INICIO!$C$6 -> 1
E8: MUNICIPIO DE CUBARÁ
M10: VERSIÓN | O10: =+[239]INICIO!$C$6 -> 1
M13: PAGINA | N13: =+VLOOKUP(D24,'PRESUPUESTO OFICIAL '!C:Q,9,FALSE) -> 1 | O13: DE | P13: =+'PRESUPUESTO OFICIAL '!$M$122 -> 62
E14: ANÁLISIS DE PRECIOS UNITARIOS
M16: FECHA | N16: DD | O16: MM | P16: AA
N17: =+Hoja2!B$5 -> 5 | O17: =+Hoja2!C$5 -> 8 | P17: =+Hoja2!D$5 -> 2026
D21: DATOS ESPECÍFICOS
A23: APU-ID | B23: INS-ID | D23: ÍTEM | E23: DESCRIPCIÓN | N23: UNIDAD | P23: CANTIDAD
D24: =+'PRESUPUESTO OFICIAL '!C12 -> 1.01 | E24: =+VLOOKUP(D24,'PRESUPUESTO OFICIAL '!C:H,2,FALSE) -> LOCALIZACIÓN Y REPLANTEO DE OBRA ARQUITECTÓNICA (NO INCLUYE COMISIÓN TOPOGRÁFICA) | N24: =+VLOOKUP(D24,'PRESUPUESTO OFICIAL '!C:H,3,FALSE) -> M2 | P24: =+VLOOKUP(D24,'PRESUPUESTO OFICIAL '!C:H,4,FALSE) -> 1318.48 | R24: =+P76 -> 5949
D25: I. EQUIPO
D26: DESCRIPCIÓN | I26: MARCA | K26: TIPO | M26: TARIFA | N26: RENDIMIENTO | P26: Vr. UNITARIO
A27: =[239]INDICE!#REF! -> #REF! | B27: EQ00001 | D27: =IFERROR(INDEX([239]EQUIPOS!B:B,MATCH(B27,[239]EQUIPOS!A:A,0)),"") -> HERRAMIENTA MENOR (% M.O) | K27: =IFERROR(INDEX([239]EQUIPOS!C:C,MATCH(B27,[239]EQUIPOS!A:A,0)),"") -> % | M27: =IFERROR(IF(D27="HERRAMIENTA MENOR (% M.O)",P66,INDEX([239]EQUIPOS!D:D,MATCH(B27,[239]EQUIPOS!A:A,0))),"") -> 2855.78 | N27: 10 | P27: =IFERROR(ROUND(IF(D27="HERRAMIENTA MENOR (% M.O)",N27%*M27,M27/N27),2)," ") -> 285.58
A28: =+$A$2341 -> 0 | D28: =IFERROR(INDEX([239]EQUIPOS!B:B,MATCH(B28,[239]EQUIPOS!A:A,0)),"") | K28: =IFERROR(INDEX([239]EQUIPOS!C:C,MATCH(B28,[239]EQUIPOS!A:A,0)),"") | M28: =IFERROR(IF(D28="HERRAMIENTA MENOR (% M.O)",P67,INDEX([239]EQUIPOS!D:D,MATCH(B28,[239]EQUIPOS!A:A,0))),"") | P28: =IFERROR(ROUND(IF(D28="HERRAMIENTA MENOR (% M.O)",N28%*M28,M28/N28),2)," ")
A29: =+A28 -> 0 | D29: =IFERROR(INDEX([239]EQUIPOS!B:B,MATCH(B29,[239]EQUIPOS!A:A,0)),"") | K29: =IFERROR(INDEX([239]EQUIPOS!C:C,MATCH(B29,[239]EQUIPOS!A:A,0)),"") | M29: =IFERROR(IF(D29="HERRAMIENTA MENOR (% M.O)",P68,INDEX([239]EQUIPOS!D:D,MATCH(B29,[239]EQUIPOS!A:A,0))),"") | P29: =IFERROR(ROUND(IF(D29="HERRAMIENTA MENOR (% M.O)",N29%*M29,M29/N29),2)," ")
A30: =+A29 -> 0 | D30: =IFERROR(INDEX([239]EQUIPOS!B:B,MATCH(B30,[239]EQUIPOS!A:A,0)),"") | K30: =IFERROR(INDEX([239]EQUIPOS!C:C,MATCH(B30,[239]EQUIPOS!A:A,0)),"") | M30: =IFERROR(IF(D30="HERRAMIENTA MENOR (% M.O)",P69,INDEX([239]EQUIPOS!D:D,MATCH(B30,[239]EQUIPOS!A:A,0))),"") | P30: =IFERROR(ROUND(IF(D30="HERRAMIENTA MENOR (% M.O)",N30%*M30,M30/N30),2)," ")
A31: =+A30 -> 0 | D31: =IFERROR(INDEX([239]EQUIPOS!B:B,MATCH(B31,[239]EQUIPOS!A:A,0)),"") | K31: =IFERROR(INDEX([239]EQUIPOS!C:C,MATCH(B31,[239]EQUIPOS!A:A,0)),"") | M31: =IFERROR(IF(D31="HERRAMIENTA MENOR (% M.O)",P70,INDEX([239]EQUIPOS!D:D,MATCH(B31,[239]EQUIPOS!A:A,0))),"") | P31: =IFERROR(ROUND(IF(D31="HERRAMIENTA MENOR (% M.O)",N31%*M31,M31/N31),2)," ")
A32: =+A31 -> 0 | D32: =IFERROR(INDEX([239]EQUIPOS!B:B,MATCH(B32,[239]EQUIPOS!A:A,0)),"") | K32: =IFERROR(INDEX([239]EQUIPOS!C:C,MATCH(B32,[239]EQUIPOS!A:A,0)),"") | M32: =IFERROR(IF(D32="HERRAMIENTA MENOR (% M.O)",P71,INDEX([239]EQUIPOS!D:D,MATCH(B32,[239]EQUIPOS!A:A,0))),"") | P32: =IFERROR(ROUND(IF(D32="HERRAMIENTA MENOR (% M.O)",N32%*M32,M32/N32),2)," ")
A33: =+A32 -> 0 | D33: SUBTOTAL | P33: =SUM(P27:P32) -> 285.58
A34: =+A33 -> 0 | D34: II. MATERIALES
A35: =+A34 -> 0 | D35: DESCRIPCIÓN | L35: UNIDAD | M35: CANTIDAD | N35: PRECIO UNITARIO | P35: Vr. UNITARIO
A36: =+A35 -> 0 | B36: MA00146 | D36: =IFERROR(INDEX([239]MATERIALES!C:C,MATCH(B36,[239]MATERIALES!B:B,0)),"") -> ESTACA EN MADERA H=0,50 m | L36: =IFERROR(INDEX([239]MATERIALES!D:D,MATCH(B36,[239]MATERIALES!B:B,0)),"") -> UND | M36: 0.06 | N36: =IFERROR(INDEX([239]MATERIALES!P:P,MATCH(B36,[239]MATERIALES!B:B,0)),"") -> 2400 | P36: =IFERROR(ROUND(N36*M36,2),"") -> 144
A37: =+A36 -> 0 | B37: MA00098 | D37: =IFERROR(INDEX([239]MATERIALES!C:C,MATCH(B37,[239]MATERIALES!B:B,0)),"") -> HILO EN POLIPROPILENO ROLLO X 100 M | L37: =IFERROR(INDEX([239]MATERIALES!D:D,MATCH(B37,[239]MATERIALES!B:B,0)),"") -> UND | M37: 0.1 | N37: =IFERROR(INDEX([239]MATERIALES!P:P,MATCH(B37,[239]MATERIALES!B:B,0)),"") -> 9000 | P37: =IFERROR(ROUND(N37*M37,2),"") -> 900
A38: =+A37 -> 0 | B38: MA00094 | D38: =IFERROR(INDEX([239]MATERIALES!C:C,MATCH(B38,[239]MATERIALES!B:B,0)),"") -> PUNTILLA 1-1/2" | L38: =IFERROR(INDEX([239]MATERIALES!D:D,MATCH(B38,[239]MATERIALES!B:B,0)),"") -> LB | M38: 0.02 | N38: =IFERROR(INDEX([239]MATERIALES!P:P,MATCH(B38,[239]MATERIALES!B:B,0)),"") -> 6600 | P38: =IFERROR(ROUND(N38*M38,2),"") -> 132
A39: =+A38 -> 0 | B39: MA00058 | D39: =IFERROR(INDEX([239]MATERIALES!C:C,MATCH(B39,[239]MATERIALES!B:B,0)),"") -> CAL | L39: =IFERROR(INDEX([239]MATERIALES!D:D,MATCH(B39,[239]MATERIALES!B:B,0)),"") -> KG | M39: 0.06 | N39: =IFERROR(INDEX([239]MATERIALES!P:P,MATCH(B39,[239]MATERIALES!B:B,0)),"") -> 1540 | P39: =IFERROR(ROUND(N39*M39,2),"") -> 92.4
A40: =+A39 -> 0 | D40: =IFERROR(INDEX([239]MATERIALES!C:C,MATCH(B40,[239]MATERIALES!B:B,0)),"") | L40: =IFERROR(INDEX([239]MATERIALES!D:D,MATCH(B40,[239]MATERIALES!B:B,0)),"") | N40: =IFERROR(INDEX([239]MATERIALES!P:P,MATCH(B40,[239]MATERIALES!B:B,0)),"") | P40: =IFERROR(ROUND(N40*M40,2),"")
A41: =+A40 -> 0 | D41: =IFERROR(INDEX([239]MATERIALES!C:C,MATCH(B41,[239]MATERIALES!B:B,0)),"") | L41: =IFERROR(INDEX([239]MATERIALES!D:D,MATCH(B41,[239]MATERIALES!B:B,0)),"") | N41: =IFERROR(INDEX([239]MATERIALES!P:P,MATCH(B41,[239]MATERIALES!B:B,0)),"") | P41: =IFERROR(ROUND(N41*M41,2),"")
A42: =+A41 -> 0 | D42: =IFERROR(INDEX([239]MATERIALES!C:C,MATCH(B42,[239]MATERIALES!B:B,0)),"") | L42: =IFERROR(INDEX([239]MATERIALES!D:D,MATCH(B42,[239]MATERIALES!B:B,0)),"") | N42: =IFERROR(INDEX([239]MATERIALES!P:P,MATCH(B42,[239]MATERIALES!B:B,0)),"") | P42: =IFERROR(ROUND(N42*M42,2),"")
A43: =+A42 -> 0 | D43: =IFERROR(INDEX([239]MATERIALES!C:C,MATCH(B43,[239]MATERIALES!B:B,0)),"") | L43: =IFERROR(INDEX([239]MATERIALES!D:D,MATCH(B43,[239]MATERIALES!B:B,0)),"") | N43: =IFERROR(INDEX([239]MATERIALES!P:P,MATCH(B43,[239]MATERIALES!B:B,0)),"") | P43: =IFERROR(ROUND(N43*M43,2),"")
A44: =+A43 -> 0 | D44: =IFERROR(INDEX([239]MATERIALES!C:C,MATCH(B44,[239]MATERIALES!B:B,0)),"") | L44: =IFERROR(INDEX([239]MATERIALES!D:D,MATCH(B44,[239]MATERIALES!B:B,0)),"") | N44: =IFERROR(INDEX([239]MATERIALES!P:P,MATCH(B44,[239]MATERIALES!B:B,0)),"") | P44: =IFERROR(ROUND(N44*M44,2),"")
A45: =+A44 -> 0 | D45: =IFERROR(INDEX([239]MATERIALES!C:C,MATCH(B45,[239]MATERIALES!B:B,0)),"") | L45: =IFERROR(INDEX([239]MATERIALES!D:D,MATCH(B45,[239]MATERIALES!B:B,0)),"") | N45: =IFERROR(INDEX([239]MATERIALES!P:P,MATCH(B45,[239]MATERIALES!B:B,0)),"") | P45: =IFERROR(ROUND(N45*M45,2),"")
A46: =+A45 -> 0 | D46: =IFERROR(INDEX([239]MATERIALES!C:C,MATCH(B46,[239]MATERIALES!B:B,0)),"") | L46: =IFERROR(INDEX([239]MATERIALES!D:D,MATCH(B46,[239]MATERIALES!B:B,0)),"") | N46: =IFERROR(INDEX([239]MATERIALES!P:P,MATCH(B46,[239]MATERIALES!B:B,0)),"") | P46: =IFERROR(ROUND(N46*M46,2),"")
A47: =+A46 -> 0 | D47: =IFERROR(INDEX([239]MATERIALES!C:C,MATCH(B47,[239]MATERIALES!B:B,0)),"") | L47: =IFERROR(INDEX([239]MATERIALES!D:D,MATCH(B47,[239]MATERIALES!B:B,0)),"") | N47: =IFERROR(INDEX([239]MATERIALES!P:P,MATCH(B47,[239]MATERIALES!B:B,0)),"") | P47: =IFERROR(ROUND(N47*M47,2),"")
A48: =+A47 -> 0 | D48: =IFERROR(INDEX([239]MATERIALES!C:C,MATCH(B48,[239]MATERIALES!B:B,0)),"") | L48: =IFERROR(INDEX([239]MATERIALES!D:D,MATCH(B48,[239]MATERIALES!B:B,0)),"") | N48: =IFERROR(INDEX([239]MATERIALES!P:P,MATCH(B48,[239]MATERIALES!B:B,0)),"") | P48: =IFERROR(ROUND(N48*M48,2),"")
A49: =+A48 -> 0 | D49: =IFERROR(INDEX([239]MATERIALES!C:C,MATCH(B49,[239]MATERIALES!B:B,0)),"") | L49: =IFERROR(INDEX([239]MATERIALES!D:D,MATCH(B49,[239]MATERIALES!B:B,0)),"") | N49: =IFERROR(INDEX([239]MATERIALES!P:P,MATCH(B49,[239]MATERIALES!B:B,0)),"") | P49: =IFERROR(ROUND(N49*M49,2),"")
A50: =+A49 -> 0 | D50: DESPERDICIO | L50: % | M50: 0.05 | N50: =SUM(P36:P49) -> 1268.4 | P50: =ROUND(N50*M50,2) -> 63.42
A51: =+A50 -> 0 | D51: SUBTOTAL | P51: =SUM(P36:P50) -> 1331.82
A52: =+A51 -> 0 | D52: III. TRANSPORTES
A53: =+A52 -> 0 | D53: MATERIAL | K53: VOL. o PESO | L53: DISTANCIA | M53: M3 o Ton/Km | N53: TARIFA | P53: Vr. UNITARIO
A54: =+A53 -> 0 | D54: =IFERROR(INDEX([239]TRANSPORTES!B:B,MATCH(B54,[239]TRANSPORTES!A:A,0)),"") | M54: =IFERROR(INDEX([239]TRANSPORTES!C:C,MATCH(B54,[239]TRANSPORTES!A:A,0)),"") | N54: =IFERROR(INDEX([239]TRANSPORTES!D:D,MATCH(B54,[239]TRANSPORTES!A:A,0)),"") | P54: =IFERROR(ROUND(K54*N54*L54,2),"")
A55: =+A54 -> 0 | D55: =IFERROR(INDEX([239]TRANSPORTES!B:B,MATCH(B55,[239]TRANSPORTES!A:A,0)),"") | M55: =IFERROR(INDEX([239]TRANSPORTES!C:C,MATCH(B55,[239]TRANSPORTES!A:A,0)),"") | N55: =IFERROR(INDEX([239]TRANSPORTES!D:D,MATCH(B55,[239]TRANSPORTES!A:A,0)),"") | P55: =IFERROR(ROUND(K55*N55*L55,2),"")
A56: =+A55 -> 0 | D56: =IFERROR(INDEX([239]TRANSPORTES!B:B,MATCH(B56,[239]TRANSPORTES!A:A,0)),"") | M56: =IFERROR(INDEX([239]TRANSPORTES!C:C,MATCH(B56,[239]TRANSPORTES!A:A,0)),"") | N56: =IFERROR(INDEX([239]TRANSPORTES!D:D,MATCH(B56,[239]TRANSPORTES!A:A,0)),"") | P56: =IFERROR(ROUND(K56*N56*L56,2),"")
A57: =+A56 -> 0 | D57: =IFERROR(INDEX([239]TRANSPORTES!B:B,MATCH(B57,[239]TRANSPORTES!A:A,0)),"") | M57: =IFERROR(INDEX([239]TRANSPORTES!C:C,MATCH(B57,[239]TRANSPORTES!A:A,0)),"") | N57: =IFERROR(INDEX([239]TRANSPORTES!D:D,MATCH(B57,[239]TRANSPORTES!A:A,0)),"") | P57: =IFERROR(ROUND(K57*N57*L57,2),"")
A58: =+A57 -> 0 | D58: SUBTOTAL | P58: =SUM(P54:P57) -> 0
A59: =+A58 -> 0 | D59: IV. MANO DE OBRA
A60: =+A59 -> 0 | D60: TRABAJADOR | K60: JORNAL | L60: PRESTACIONES | M60: JORNAL TOTAL | N60: RENDIMIENTO | P60: Vr. UNITARIO
A61: =+A60 -> 0 | B61: MO00002 | D61: =IFERROR(INDEX('[239]MANO DE OBRA'!B:B,MATCH(B61,'[239]MANO DE OBRA'!A:A,0)),"") -> OFICIAL | K61: =IFERROR(INDEX('[239]MANO DE OBRA'!D:D,MATCH(B61,'[239]MANO DE OBRA'!A:A,0)),"") -> 95930 | L61: =+IF(D61<>"",'[239]FACTOR PRESTACIONAL'!$E$21," ") -> 1.95 | M61: =IFERROR(K61*L61," ") -> 187063.5 | N61: 114.28 | P61: =IFERROR(ROUND(M61/N61,2)," ") -> 1636.89
A62: =+A61 -> 0 | B62: MO00003 | D62: =IFERROR(INDEX('[239]MANO DE OBRA'!B:B,MATCH(B62,'[239]MANO DE OBRA'!A:A,0)),"") -> AYUDANTE (1) | K62: =IFERROR(INDEX('[239]MANO DE OBRA'!D:D,MATCH(B62,'[239]MANO DE OBRA'!A:A,0)),"") -> 71433 | L62: =+IF(D62<>"",'[239]FACTOR PRESTACIONAL'!$E$21," ") -> 1.95 | M62: =IFERROR(K62*L62," ") -> 139294.35 | N62: 114.28 | P62: =IFERROR(ROUND(M62/N62,2)," ") -> 1218.89
A63: =+A62 -> 0 | D63: =IFERROR(INDEX('[239]MANO DE OBRA'!B:B,MATCH(B63,'[239]MANO DE OBRA'!A:A,0)),"") | K63: =IFERROR(INDEX('[239]MANO DE OBRA'!D:D,MATCH(B63,'[239]MANO DE OBRA'!A:A,0)),"") | L63: =+IF(D63<>"",'[239]FACTOR PRESTACIONAL'!$E$21," ") | M63: =IFERROR(K63*L63," ") | P63: =IFERROR(ROUND(M63/N63,2)," ")
A64: =+A63 -> 0 | D64: =IFERROR(INDEX('[239]MANO DE OBRA'!B:B,MATCH(B64,'[239]MANO DE OBRA'!A:A,0)),"") | K64: =IFERROR(INDEX('[239]MANO DE OBRA'!D:D,MATCH(B64,'[239]MANO DE OBRA'!A:A,0)),"") | L64: =+IF(D64<>"",'[239]FACTOR PRESTACIONAL'!$E$21," ") | M64: =IFERROR(K64*L64," ") | P64: =IFERROR(ROUND(M64/N64,2)," ")
A65: =+A64 -> 0 | D65: =IFERROR(INDEX('[239]MANO DE OBRA'!B:B,MATCH(B65,'[239]MANO DE OBRA'!A:A,0)),"") | K65: =IFERROR(INDEX('[239]MANO DE OBRA'!D:D,MATCH(B65,'[239]MANO DE OBRA'!A:A,0)),"") | L65: =+IF(D65<>"",'[239]FACTOR PRESTACIONAL'!$E$21," ") | M65: =IFERROR(K65*L65," ") | P65: =IFERROR(ROUND(M65/N65,2)," ")
A66: =+A65 -> 0 | D66: SUBTOTAL | P66: =SUM(P61:P65) -> 2855.78
A67: =+A66 -> 0
D68: TOTAL COSTO DIRECTO $ | P68: =+P66+P58+P51+P33 -> 4473.18
D70: Descripcion | M70: Porcentaje | N70: Valor Total
D71: ADMINISTRACIÓN | M71: =+[239]INICIO!$F$10 -> 0.24 | N71: =ROUND(M71*P68,2) -> 1073.56
D72: IMPREVISTOS | M72: =+[239]INICIO!$F$11 -> 0.02 | N72: =ROUND(M72*P68,2) -> 89.46
D73: UTILIDAD | M73: =+[239]INICIO!$F$12 -> 0.07 | N73: =ROUND(M73*P68,2) -> 313.12
P74: =SUM(N71:N73) -> 1476.14
D76: Precio Unitario Total Aproximado al peso $ | P76: =ROUND(P74+P68,0) -> 5949
D81: =+[239]INICIO!$B$13 -> Proyectó: | L81: =+[239]INICIO!$B$16 -> Aprobó:
E82: =+Hoja2!C$13 -> HELMER EDUARDO BECERRA SANTANDER | M82: =+Hoja2!$C$16 -> JESÚS IVÁN QUIÑONES RUEDA
E83: =+Hoja2!C$14 -> APOYO SEC. DE PLANEACIÓN Y OBRAS PÚBLICAS | M83: =+Hoja2!$C$17 -> SECRETARIO DE PLANEACIÓN Y OBRAS PUBLICAS
E84: =+Hoja2!C$15 -> 123769-0701671 NTS | M84: =+Hoja2!C$18 -> A21382020-1090480860
D89: =+[239]INICIO!$C$8 -> Análisis de Precios Unitarios- Secretaria de Planeación y Obras Publicas de Cubará, Boyacá.
D90: Código | E90: =+[239]INICIO!$C$7 -> CCE-EICP-FM-14 | G90: =+[239]INICIO!$B$6 -> VERSIÓN | H90: =+[239]INICIO!$C$6 -> 1
E94: MUNICIPIO DE CUBARÁ
M96: VERSIÓN | O96: =+[239]INICIO!$C$6 -> 1
M99: PAGINA | N99: =+VLOOKUP(D110,'PRESUPUESTO OFICIAL '!C:Q,9,FALSE) -> 2 | O99: DE | P99: =+'PRESUPUESTO OFICIAL '!$M$122 -> 62
E100: ANÁLISIS DE PRECIOS UNITARIOS
M102: FECHA | N102: DD | O102: MM | P102: AA
N103: =+Hoja2!B$5 -> 5 | O103: =+Hoja2!C$5 -> 8 | P103: =+Hoja2!D$5 -> 2026
D107: DATOS ESPECÍFICOS
A109: APU-ID | B109: INS-ID | D109: ÍTEM | E109: DESCRIPCIÓN | N109: UNIDAD | P109: CANTIDAD
D110: =+'PRESUPUESTO OFICIAL '!C13 -> 1.02 | E110: =+VLOOKUP(D110,'PRESUPUESTO OFICIAL '!C:H,2,FALSE) -> DESMONTE DE CUBIERTA DE ZINC + ENTRAMADO. (INCLUYE RETIRO Y ACARREO LIBRE HASTA 5 KM.) | N110: =+VLOOKUP(D110,'PRESUPUESTO OFICIAL '!C:H,3,FALSE) -> M2 | P110: =+VLOOKUP(D110,'PRESUPUESTO OFICIAL '!C:H,4,FALSE) -> 572.49 | R110: =+P162 -> 33698
D111: I. EQUIPO
D112: DESCRIPCIÓN | I112: MARCA | K112: TIPO | M112: TARIFA | N112: RENDIMIENTO | P112: Vr. UNITARIO
A113: =[239]INDICE!#REF! -> #REF! | B113: EQ00001 | D113: =IFERROR(INDEX([239]EQUIPOS!B:B,MATCH(B113,[239]EQUIPOS!A:A,0)),"") -> HERRAMIENTA MENOR (% M.O) | K113: =IFERROR(INDEX([239]EQUIPOS!C:C,MATCH(B113,[239]EQUIPOS!A:A,0)),"") -> % | M113: =IFERROR(IF(D113="HERRAMIENTA MENOR (% M.O)",P152,INDEX([239]EQUIPOS!D:D,MATCH(B113,[239]EQUIPOS!A:A,0))),"") -> 20397.37 | N113: 10 | P113: =IFERROR(ROUND(IF(D113="HERRAMIENTA MENOR (% M.O)",N113%*M113,M113/N113),2)," ") -> 2039.74
A114: =+$A$2341 -> 0 | B114: EQ00028 | D114: =IFERROR(INDEX([239]EQUIPOS!B:B,MATCH(B114,[239]EQUIPOS!A:A,0)),"") -> SECCIÓN DE ANDAMIO (02) | K114: =IFERROR(INDEX([239]EQUIPOS!C:C,MATCH(B114,[239]EQUIPOS!A:A,0)),"") -> DIA | M114: =IFERROR(IF(D114="HERRAMIENTA MENOR (% M.O)",P153,INDEX([239]EQUIPOS!D:D,MATCH(B114,[239]EQUIPOS!A:A,0))),"") -> 6000 | N114: =ROUND(1/0.1,2) -> 10 | P114: =IFERROR(ROUND(IF(D114="HERRAMIENTA MENOR (% M.O)",N114%*M114,M114/N114),2)," ") -> 600
A115: =+A114 -> 0 | D115: =IFERROR(INDEX([239]EQUIPOS!B:B,MATCH(B115,[239]EQUIPOS!A:A,0)),"") | K115: =IFERROR(INDEX([239]EQUIPOS!C:C,MATCH(B115,[239]EQUIPOS!A:A,0)),"") | M115: =IFERROR(IF(D115="HERRAMIENTA MENOR (% M.O)",P154,INDEX([239]EQUIPOS!D:D,MATCH(B115,[239]EQUIPOS!A:A,0))),"") | P115: =IFERROR(ROUND(IF(D115="HERRAMIENTA MENOR (% M.O)",N115%*M115,M115/N115),2)," ")
A116: =+A115 -> 0 | D116: =IFERROR(INDEX([239]EQUIPOS!B:B,MATCH(B116,[239]EQUIPOS!A:A,0)),"") | K116: =IFERROR(INDEX([239]EQUIPOS!C:C,MATCH(B116,[239]EQUIPOS!A:A,0)),"") | M116: =IFERROR(IF(D116="HERRAMIENTA MENOR (% M.O)",P155,INDEX([239]EQUIPOS!D:D,MATCH(B116,[239]EQUIPOS!A:A,0))),"") | P116: =IFERROR(ROUND(IF(D116="HERRAMIENTA MENOR (% M.O)",N116%*M116,M116/N116),2)," ")
A117: =+A116 -> 0 | D117: =IFERROR(INDEX([239]EQUIPOS!B:B,MATCH(B117,[239]EQUIPOS!A:A,0)),"") | K117: =IFERROR(INDEX([239]EQUIPOS!C:C,MATCH(B117,[239]EQUIPOS!A:A,0)),"") | M117: =IFERROR(IF(D117="HERRAMIENTA MENOR (% M.O)",P156,INDEX([239]EQUIPOS!D:D,MATCH(B117,[239]EQUIPOS!A:A,0))),"") | P117: =IFERROR(ROUND(IF(D117="HERRAMIENTA MENOR (% M.O)",N117%*M117,M117/N117),2)," ")
A118: =+A117 -> 0 | D118: =IFERROR(INDEX([239]EQUIPOS!B:B,MATCH(B118,[239]EQUIPOS!A:A,0)),"") | K118: =IFERROR(INDEX([239]EQUIPOS!C:C,MATCH(B118,[239]EQUIPOS!A:A,0)),"") | M118: =IFERROR(IF(D118="HERRAMIENTA MENOR (% M.O)",P157,INDEX([239]EQUIPOS!D:D,MATCH(B118,[239]EQUIPOS!A:A,0))),"") | P118: =IFERROR(ROUND(IF(D118="HERRAMIENTA MENOR (% M.O)",N118%*M118,M118/N118),2)," ")
A119: =+A118 -> 0 | D119: SUBTOTAL | P119: =SUM(P113:P118) -> 2639.74
A120: =+A119 -> 0 | D120: II. MATERIALES
A121: =+A120 -> 0 | D121: DESCRIPCIÓN | L121: UNIDAD | M121: CANTIDAD | N121: PRECIO UNITARIO | P121: Vr. UNITARIO
A122: =+A121 -> 0 | D122: =IFERROR(INDEX([239]MATERIALES!C:C,MATCH(B122,[239]MATERIALES!B:B,0)),"") | L122: =IFERROR(INDEX([239]MATERIALES!D:D,MATCH(B122,[239]MATERIALES!B:B,0)),"") | N122: =IFERROR(INDEX([239]MATERIALES!P:P,MATCH(B122,[239]MATERIALES!B:B,0)),"") | P122: =IFERROR(ROUND(N122*M122,2),"")
A123: =+A122 -> 0 | D123: =IFERROR(INDEX([239]MATERIALES!C:C,MATCH(B123,[239]MATERIALES!B:B,0)),"") | L123: =IFERROR(INDEX([239]MATERIALES!D:D,MATCH(B123,[239]MATERIALES!B:B,0)),"") | N123: =IFERROR(INDEX([239]MATERIALES!P:P,MATCH(B123,[239]MATERIALES!B:B,0)),"") | P123: =IFERROR(ROUND(N123*M123,2),"")
A124: =+A123 -> 0 | D124: =IFERROR(INDEX([239]MATERIALES!C:C,MATCH(B124,[239]MATERIALES!B:B,0)),"") | L124: =IFERROR(INDEX([239]MATERIALES!D:D,MATCH(B124,[239]MATERIALES!B:B,0)),"") | N124: =IFERROR(INDEX([239]MATERIALES!P:P,MATCH(B124,[239]MATERIALES!B:B,0)),"") | P124: =IFERROR(ROUND(N124*M124,2),"")
A125: =+A124 -> 0 | D125: =IFERROR(INDEX([239]MATERIALES!C:C,MATCH(B125,[239]MATERIALES!B:B,0)),"") | L125: =IFERROR(INDEX([239]MATERIALES!D:D,MATCH(B125,[239]MATERIALES!B:B,0)),"") | N125: =IFERROR(INDEX([239]MATERIALES!P:P,MATCH(B125,[239]MATERIALES!B:B,0)),"") | P125: =IFERROR(ROUND(N125*M125,2),"")
A126: =+A125 -> 0 | D126: =IFERROR(INDEX([239]MATERIALES!C:C,MATCH(B126,[239]MATERIALES!B:B,0)),"") | L126: =IFERROR(INDEX([239]MATERIALES!D:D,MATCH(B126,[239]MATERIALES!B:B,0)),"") | N126: =IFERROR(INDEX([239]MATERIALES!P:P,MATCH(B126,[239]MATERIALES!B:B,0)),"") | P126: =IFERROR(ROUND(N126*M126,2),"")
A127: =+A126 -> 0 | D127: =IFERROR(INDEX([239]MATERIALES!C:C,MATCH(B127,[239]MATERIALES!B:B,0)),"") | L127: =IFERROR(INDEX([239]MATERIALES!D:D,MATCH(B127,[239]MATERIALES!B:B,0)),"") | N127: =IFERROR(INDEX([239]MATERIALES!P:P,MATCH(B127,[239]MATERIALES!B:B,0)),"") | P127: =IFERROR(ROUND(N127*M127,2),"")
A128: =+A127 -> 0 | D128: =IFERROR(INDEX([239]MATERIALES!C:C,MATCH(B128,[239]MATERIALES!B:B,0)),"") | L128: =IFERROR(INDEX([239]MATERIALES!D:D,MATCH(B128,[239]MATERIALES!B:B,0)),"") | N128: =IFERROR(INDEX([239]MATERIALES!P:P,MATCH(B128,[239]MATERIALES!B:B,0)),"") | P128: =IFERROR(ROUND(N128*M128,2),"")
A129: =+A128 -> 0 | D129: =IFERROR(INDEX([239]MATERIALES!C:C,MATCH(B129,[239]MATERIALES!B:B,0)),"") | L129: =IFERROR(INDEX([239]MATERIALES!D:D,MATCH(B129,[239]MATERIALES!B:B,0)),"") | N129: =IFERROR(INDEX([239]MATERIALES!P:P,MATCH(B129,[239]MATERIALES!B:B,0)),"") | P129: =IFERROR(ROUND(N129*M129,2),"")
A130: =+A129 -> 0 | D130: =IFERROR(INDEX([239]MATERIALES!C:C,MATCH(B130,[239]MATERIALES!B:B,0)),"") | L130: =IFERROR(INDEX([239]MATERIALES!D:D,MATCH(B130,[239]MATERIALES!B:B,0)),"") | N130: =IFERROR(INDEX([239]MATERIALES!P:P,MATCH(B130,[239]MATERIALES!B:B,0)),"") | P130: =IFERROR(ROUND(N130*M130,2),"")
A131: =+A130 -> 0 | D131: =IFERROR(INDEX([239]MATERIALES!C:C,MATCH(B131,[239]MATERIALES!B:B,0)),"") | L131: =IFERROR(INDEX([239]MATERIALES!D:D,MATCH(B131,[239]MATERIALES!B:B,0)),"") | N131: =IFERROR(INDEX([239]MATERIALES!P:P,MATCH(B131,[239]MATERIALES!B:B,0)),"") | P131: =IFERROR(ROUND(N131*M131,2),"")
A132: =+A131 -> 0 | D132: =IFERROR(INDEX([239]MATERIALES!C:C,MATCH(B132,[239]MATERIALES!B:B,0)),"") | L132: =IFERROR(INDEX([239]MATERIALES!D:D,MATCH(B132,[239]MATERIALES!B:B,0)),"") | N132: =IFERROR(INDEX([239]MATERIALES!P:P,MATCH(B132,[239]MATERIALES!B:B,0)),"") | P132: =IFERROR(ROUND(N132*M132,2),"")
A133: =+A132 -> 0 | D133: =IFERROR(INDEX([239]MATERIALES!C:C,MATCH(B133,[239]MATERIALES!B:B,0)),"") | L133: =IFERROR(INDEX([239]MATERIALES!D:D,MATCH(B133,[239]MATERIALES!B:B,0)),"") | N133: =IFERROR(INDEX([239]MATERIALES!P:P,MATCH(B133,[239]MATERIALES!B:B,0)),"") | P133: =IFERROR(ROUND(N133*M133,2),"")
... A135: =+A134 -> 0 | D135: =IFERROR(INDEX([239]MATERIALES!C:C,MATCH(B135,[239]MATERIALES!B:B,0)),"") | L135: =IFERROR(INDEX([239]MATERIALES!D:D,MATCH(B135,[239]MATERIALES!B:B,0)),"") | N135: =IFERROR(INDEX([239]MATERIALES!P:P,MATCH(B135,[239]MATERIALES!B:B,0)),"") | P135: =IFERROR(ROUND(N135*M135,2),"")
...

Sheet CAP 5-6-7
D3: =+[239]INICIO!$C$8 -> Análisis de Precios Unitarios- Secretaria de Planeación y Obras Publicas de Cubará, Boyacá.
D4: Código | E4: =+[239]INICIO!$C$7 -> CCE-EICP-FM-14 | G4: =+[239]INICIO!$B$6 -> VERSIÓN | H4: =+[239]INICIO!$C$6 -> 1
E8: MUNICIPIO DE CUBARÁ
M10: VERSIÓN | O10: =+[239]INICIO!$C$6 -> 1
M13: PAGINA | N13: =+VLOOKUP(D24,'PRESUPUESTO OFICIAL '!C:Q,9,FALSE) -> 37 | O13: DE | P13: =+'PRESUPUESTO OFICIAL '!$M$122 -> 62
E14: ANÁLISIS DE PRECIOS UNITARIOS
M16: FECHA | N16: DD | O16: MM | P16: AA
N17: =+Hoja2!B$5 -> 5 | O17: =+Hoja2!C$5 -> 8 | P17: =+Hoja2!D$5 -> 2026
D21: DATOS ESPECÍFICOS
A23: APU-ID | B23: INS-ID | D23: ÍTEM | E23: DESCRIPCIÓN | N23: UNIDAD | P23: CANTIDAD
D24: =+'PRESUPUESTO OFICIAL '!C61 -> 5.01 | E24: =+VLOOKUP(D24,'PRESUPUESTO OFICIAL '!C:H,2,FALSE) -> SUMINISTRO E INSTALACIÓN DE ALIMENTADOR PARCIAL MONOFÁSICO EN CABLE DE COBRE No.12 AWG ( F,N,T). (INCLUYE TUBO PVC DE 1/2") | N24: =+VLOOKUP(D24,'PRESUPUESTO OFICIAL '!C:H,3,FALSE) -> M | P24: =+VLOOKUP(D24,'PRESUPUESTO OFICIAL '!C:H,4,FALSE) -> 341.62 | R24: =+P76 -> 50836
D25: I. EQUIPO
D26: DESCRIPCIÓN | I26: MARCA | K26: TIPO | M26: TARIFA | N26: RENDIMIENTO | P26: Vr. UNITARIO
A27: =[239]INDICE!#REF! -> #REF! | B27: EQ00001 | D27: =IFERROR(INDEX([239]EQUIPOS!B:B,MATCH(B27,[239]EQUIPOS!A:A,0)),"") -> HERRAMIENTA MENOR (% M.O) | K27: =IFERROR(INDEX([239]EQUIPOS!C:C,MATCH(B27,[239]EQUIPOS!A:A,0)),"") -> % | M27: =IFERROR(IF(D27="HERRAMIENTA MENOR (% M.O)",P66,INDEX([239]EQUIPOS!D:D,MATCH(B27,[239]EQUIPOS!A:A,0))),"") -> 18796.54 | N27: 10 | P27: =IFERROR(ROUND(IF(D27="HERRAMIENTA MENOR (% M.O)",N27%*M27,M27/N27),2)," ") -> 1879.65
A28: =+$A$2593 -> 0 | D28: =IFERROR(INDEX([239]EQUIPOS!B:B,MATCH(B28,[239]EQUIPOS!A:A,0)),"") | K28: =IFERROR(INDEX([239]EQUIPOS!C:C,MATCH(B28,[239]EQUIPOS!A:A,0)),"") | M28: =IFERROR(IF(D28="HERRAMIENTA MENOR (% M.O)",P67,INDEX([239]EQUIPOS!D:D,MATCH(B28,[239]EQUIPOS!A:A,0))),"") | P28: =IFERROR(ROUND(IF(D28="HERRAMIENTA MENOR (% M.O)",N28%*M28,M28/N28),2)," ")
A29: =+A28 -> 0 | D29: =IFERROR(INDEX([239]EQUIPOS!B:B,MATCH(B29,[239]EQUIPOS!A:A,0)),"") | K29: =IFERROR(INDEX([239]EQUIPOS!C:C,MATCH(B29,[239]EQUIPOS!A:A,0)),"") | M29: =IFERROR(IF(D29="HERRAMIENTA MENOR (% M.O)",P68,INDEX([239]EQUIPOS!D:D,MATCH(B29,[239]EQUIPOS!A:A,0))),"") | P29: =IFERROR(ROUND(IF(D29="HERRAMIENTA MENOR (% M.O)",N29%*M29,M29/N29),2)," ")
A30: =+A29 -> 0 | D30: =IFERROR(INDEX([239]EQUIPOS!B:B,MATCH(B30,[239]EQUIPOS!A:A,0)),"") | K30: =IFERROR(INDEX([239]EQUIPOS!C:C,MATCH(B30,[239]EQUIPOS!A:A,0)),"") | M30: =IFERROR(IF(D30="HERRAMIENTA MENOR (% M.O)",P69,INDEX([239]EQUIPOS!D:D,MATCH(B30,[239]EQUIPOS!A:A,0))),"") | P30: =IFERROR(ROUND(IF(D30="HERRAMIENTA MENOR (% M.O)",N30%*M30,M30/N30),2)," ")
A31: =+A30 -> 0 | D31: =IFERROR(INDEX([239]EQUIPOS!B:B,MATCH(B31,[239]EQUIPOS!A:A,0)),"") | K31: =IFERROR(INDEX([239]EQUIPOS!C:C,MATCH(B31,[239]EQUIPOS!A:A,0)),"") | M31: =IFERROR(IF(D31="HERRAMIENTA MENOR (% M.O)",P70,INDEX([239]EQUIPOS!D:D,MATCH(B31,[239]EQUIPOS!A:A,0))),"") | P31: =IFERROR(ROUND(IF(D31="HERRAMIENTA MENOR (% M.O)",N31%*M31,M31/N31),2)," ")
A32: =+A31 -> 0 | D32: =IFERROR(INDEX([239]EQUIPOS!B:B,MATCH(B32,[239]EQUIPOS!A:A,0)),"") | K32: =IFERROR(INDEX([239]EQUIPOS!C:C,MATCH(B32,[239]EQUIPOS!A:A,0)),"") | M32: =IFERROR(IF(D32="HERRAMIENTA MENOR (% M.O)",P71,INDEX([239]EQUIPOS!D:D,MATCH(B32,[239]EQUIPOS!A:A,0))),"") | P32: =IFERROR(ROUND(IF(D32="HERRAMIENTA MENOR (% M.O)",N32%*M32,M32/N32),2)," ")
A33: =+A32 -> 0 | D33: SUBTOTAL | P33: =SUM(P27:P32) -> 1879.65
A34: =+A33 -> 0 | D34: II. MATERIALES
A35: =+A34 -> 0 | D35: DESCRIPCIÓN | L35: UNIDAD | M35: CANTIDAD | N35: PRECIO UNITARIO | P35: Vr. UNITARIO
A36: =+A35 -> 0 | B36: MA00087 | D36: =IFERROR(INDEX([239]MATERIALES!C:C,MATCH(B36,[239]MATERIALES!B:B,0)),"") -> TUBERÍA CONDUIT PVC 1/2" DB | L36: =IFERROR(INDEX([239]MATERIALES!D:D,MATCH(B36,[239]MATERIALES!B:B,0)),"") -> M | M36: 1 | N36: =IFERROR(INDEX([239]MATERIALES!P:P,MATCH(B36,[239]MATERIALES!B:B,0)),"") -> 3850 | P36: =IFERROR(ROUND(N36*M36,2),"") -> 3850
A37: =+A36 -> 0 | B37: MA00080 | D37: =IFERROR(INDEX([239]MATERIALES!C:C,MATCH(B37,[239]MATERIALES!B:B,0)),"") -> CURVA PVC CONDUIT 90° DE 1/2" | L37: =IFERROR(INDEX([239]MATERIALES!D:D,MATCH(B37,[239]MATERIALES!B:B,0)),"") -> UND | M37: 0.33 | N37: =IFERROR(INDEX([239]MATERIALES!P:P,MATCH(B37,[239]MATERIALES!B:B,0)),"") -> 1070.16 | P37: =IFERROR(ROUND(N37*M37,2),"") -> 353.15
A38: =+A37 -> 0 | B38: MA00088 | D38: =IFERROR(INDEX([239]MATERIALES!C:C,MATCH(B38,[239]MATERIALES!B:B,0)),"") -> UNION CONDUIT PVC 1/2" | L38: =IFERROR(INDEX([239]MATERIALES!D:D,MATCH(B38,[239]MATERIALES!B:B,0)),"") -> UND | M38: 0.33 | N38: =IFERROR(INDEX([239]MATERIALES!P:P,MATCH(B38,[239]MATERIALES!B:B,0)),"") -> 682.24 | P38: =IFERROR(ROUND(N38*M38,2),"") -> 225.14
A39: =+A38 -> 0 | B39: MA00073 | D39: =IFERROR(INDEX([239]MATERIALES!C:C,MATCH(B39,[239]MATERIALES!B:B,0)),"") -> ADAPTADOR TERMINAL PVC CONDUIT DE 1/2" | L39: =IFERROR(INDEX([239]MATERIALES!D:D,MATCH(B39,[239]MATERIALES!B:B,0)),"") -> UND | M39: 0.2 | N39: =IFERROR(INDEX([239]MATERIALES!P:P,MATCH(B39,[239]MATERIALES!B:B,0)),"") -> 750 | P39: =IFERROR(ROUND(N39*M39,2),"") -> 150
A40: =+A39 -> 0 | B40: MA00075 | D40: =IFERROR(INDEX([239]MATERIALES!C:C,MATCH(B40,[239]MATERIALES!B:B,0)),"") -> CABLE DE COBRE AISLADO THHN/THWN AWG No. 12 | L40: =IFERROR(INDEX([239]MATERIALES!D:D,MATCH(B40,[239]MATERIALES!B:B,0)),"") -> M | M40: 3 | N40: =IFERROR(INDEX([239]MATERIALES!P:P,MATCH(B40,[239]MATERIALES!B:B,0)),"") -> 3850 | P40: =IFERROR(ROUND(N40*M40,2),"") -> 11550
A41: =+A40 -> 0 | B41: MA00144 | D41: =IFERROR(INDEX([239]MATERIALES!C:C,MATCH(B41,[239]MATERIALES!B:B,0)),"") -> LUBRICANTE PARA ALAMBRADO DE CABLES | L41: =IFERROR(INDEX([239]MATERIALES!D:D,MATCH(B41,[239]MATERIALES!B:B,0)),"") -> UND | M41: 0.007 | N41: =IFERROR(INDEX([239]MATERIALES!P:P,MATCH(B41,[239]MATERIALES!B:B,0)),"") -> 34008 | P41: =IFERROR(ROUND(N41*M41,2),"") -> 238.06
A42: =+A41 -> 0 | B42: MA00142 | D42: =IFERROR(INDEX([239]MATERIALES!C:C,MATCH(B42,[239]MATERIALES!B:B,0)),"") -> LIMPIADOR PVC X 1/4 (ELÉCTRICO) | L42: =IFERROR(INDEX([239]MATERIALES!D:D,MATCH(B42,[239]MATERIALES!B:B,0)),"") -> UND | M42: 0.003 | N42: =IFERROR(INDEX([239]MATERIALES!P:P,MATCH(B42,[239]MATERIALES!B:B,0)),"") -> 47471.84 | P42: =IFERROR(ROUND(N42*M42,2),"") -> 142.42
A43: =+A42 -> 0 | B43: MA00188 | D43: =IFERROR(INDEX([239]MATERIALES!C:C,MATCH(B43,[239]MATERIALES!B:B,0)),"") -> SOLDADURA LIQUIDA PVC 1/4" | L43: =IFERROR(INDEX([239]MATERIALES!D:D,MATCH(B43,[239]MATERIALES!B:B,0)),"") -> GAL | M43: 0.003 | N43: =IFERROR(INDEX([239]MATERIALES!P:P,MATCH(B43,[239]MATERIALES!B:B,0)),"") -> 67444 | P43: =IFERROR(ROUND(N43*M43,2),"") -> 202.33
A44: =+A43 -> 0 | D44: =IFERROR(INDEX([239]MATERIALES!C:C,MATCH(B44,[239]MATERIALES!B:B,0)),"") | L44: =IFERROR(INDEX([239]MATERIALES!D:D,MATCH(B44,[239]MATERIALES!B:B,0)),"") | N44: =IFERROR(INDEX([239]MATERIALES!P:P,MATCH(B44,[239]MATERIALES!B:B,0)),"") | P44: =IFERROR(ROUND(N44*M44,2),"")
A45: =+A44 -> 0 | D45: =IFERROR(INDEX([239]MATERIALES!C:C,MATCH(B45,[239]MATERIALES!B:B,0)),"") | L45: =IFERROR(INDEX([239]MATERIALES!D:D,MATCH(B45,[239]MATERIALES!B:B,0)),"") | N45: =IFERROR(INDEX([239]MATERIALES!P:P,MATCH(B45,[239]MATERIALES!B:B,0)),"") | P45: =IFERROR(ROUND(N45*M45,2),"")
A46: =+A45 -> 0 | D46: =IFERROR(INDEX([239]MATERIALES!C:C,MATCH(B46,[239]MATERIALES!B:B,0)),"") | L46: =IFERROR(INDEX([239]MATERIALES!D:D,MATCH(B46,[239]MATERIALES!B:B,0)),"") | N46: =IFERROR(INDEX([239]MATERIALES!P:P,MATCH(B46,[239]MATERIALES!B:B,0)),"") | P46: =IFERROR(ROUND(N46*M46,2),"")
A47: =+A46 -> 0 | D47: =IFERROR(INDEX([239]MATERIALES!C:C,MATCH(B47,[239]MATERIALES!B:B,0)),"") | L47: =IFERROR(INDEX([239]MATERIALES!D:D,MATCH(B47,[239]MATERIALES!B:B,0)),"") | N47: =IFERROR(INDEX([239]MATERIALES!P:P,MATCH(B47,[239]MATERIALES!B:B,0)),"") | P47: =IFERROR(ROUND(N47*M47,2),"")
A48: =+A47 -> 0 | D48: =IFERROR(INDEX([239]MATERIALES!C:C,MATCH(B48,[239]MATERIALES!B:B,0)),"") | L48: =IFERROR(INDEX([239]MATERIALES!D:D,MATCH(B48,[239]MATERIALES!B:B,0)),"") | N48: =IFERROR(INDEX([239]MATERIALES!P:P,MATCH(B48,[239]MATERIALES!B:B,0)),"") | P48: =IFERROR(ROUND(N48*M48,2),"")
A49: =+A48 -> 0 | D49: =IFERROR(INDEX([239]MATERIALES!C:C,MATCH(B49,[239]MATERIALES!B:B,0)),"") | L49: =IFERROR(INDEX([239]MATERIALES!D:D,MATCH(B49,[239]MATERIALES!B:B,0)),"") | N49: =IFERROR(INDEX([239]MATERIALES!P:P,MATCH(B49,[239]MATERIALES!B:B,0)),"") | P49: =IFERROR(ROUND(N49*M49,2),"")
A50: =+A49 -> 0 | D50: DESPERDICIO | L50: % | M50: 0.05 | N50: =SUM(P36:P49) -> 16711.1 | P50: =ROUND(N50*M50,2) -> 835.56
A51: =+A50 -> 0 | D51: SUBTOTAL | P51: =SUM(P36:P50) -> 17546.66
A52: =+A51 -> 0 | D52: III. TRANSPORTES
A53: =+A52 -> 0 | D53: MATERIAL | K53: VOL. o PESO | L53: DISTANCIA | M53: M3 o Ton/Km | N53: TARIFA | P53: Vr. UNITARIO
A54: =+A53 -> 0 | D54: =IFERROR(INDEX([239]TRANSPORTES!B:B,MATCH(B54,[239]TRANSPORTES!A:A,0)),"") | M54: =IFERROR(INDEX([239]TRANSPORTES!C:C,MATCH(B54,[239]TRANSPORTES!A:A,0)),"") | N54: =IFERROR(INDEX([239]TRANSPORTES!D:D,MATCH(B54,[239]TRANSPORTES!A:A,0)),"") | P54: =IFERROR(ROUND(K54*N54*L54,2),"")
A55: =+A54 -> 0 | D55: =IFERROR(INDEX([239]TRANSPORTES!B:B,MATCH(B55,[239]TRANSPORTES!A:A,0)),"") | M55: =IFERROR(INDEX([239]TRANSPORTES!C:C,MATCH(B55,[239]TRANSPORTES!A:A,0)),"") | N55: =IFERROR(INDEX([239]TRANSPORTES!D:D,MATCH(B55,[239]TRANSPORTES!A:A,0)),"") | P55: =IFERROR(ROUND(K55*N55*L55,2),"")
A56: =+A55 -> 0 | D56: =IFERROR(INDEX([239]TRANSPORTES!B:B,MATCH(B56,[239]TRANSPORTES!A:A,0)),"") | M56: =IFERROR(INDEX([239]TRANSPORTES!C:C,MATCH(B56,[239]TRANSPORTES!A:A,0)),"") | N56: =IFERROR(INDEX([239]TRANSPORTES!D:D,MATCH(B56,[239]TRANSPORTES!A:A,0)),"") | P56: =IFERROR(ROUND(K56*N56*L56,2),"")
A57: =+A56 -> 0 | D57: =IFERROR(INDEX([239]TRANSPORTES!B:B,MATCH(B57,[239]TRANSPORTES!A:A,0)),"") | M57: =IFERROR(INDEX([239]TRANSPORTES!C:C,MATCH(B57,[239]TRANSPORTES!A:A,0)),"") | N57: =IFERROR(INDEX([239]TRANSPORTES!D:D,MATCH(B57,[239]TRANSPORTES!A:A,0)),"") | P57: =IFERROR(ROUND(K57*N57*L57,2),"")
A58: =+A57 -> 0 | D58: SUBTOTAL | P58: =SUM(P54:P57) -> 0
A59: =+A58 -> 0 | D59: IV. MANO DE OBRA
A60: =+A59 -> 0 | D60: TRABAJADOR | K60: JORNAL | L60: PRESTACIONES | M60: JORNAL TOTAL | N60: RENDIMIENTO | P60: Vr. UNITARIO
A61: =+A60 -> 0 | B61: MO00009 | D61: =IFERROR(INDEX('[239]MANO DE OBRA'!B:B,MATCH(B61,'[239]MANO DE OBRA'!A:A,0)),"") -> ELÉCTRICO | K61: =IFERROR(INDEX('[239]MANO DE OBRA'!D:D,MATCH(B61,'[239]MANO DE OBRA'!A:A,0)),"") -> 121352 | L61: =+IF(D61<>"",'[239]FACTOR PRESTACIONAL'!$E$21," ") -> 1.95 | M61: =IFERROR(K61*L61," ") -> 236636.4 | N61: 20 | P61: =IFERROR(ROUND(M61/N61,2)," ") -> 11831.82
A62: =+A61 -> 0 | B62: MO00003 | D62: =IFERROR(INDEX('[239]MANO DE OBRA'!B:B,MATCH(B62,'[239]MANO DE OBRA'!A:A,0)),"") -> AYUDANTE (1) | K62: =IFERROR(INDEX('[239]MANO DE OBRA'!D:D,MATCH(B62,'[239]MANO DE OBRA'!A:A,0)),"") -> 71433 | L62: =+IF(D62<>"",'[239]FACTOR PRESTACIONAL'!$E$21," ") -> 1.95 | M62: =IFERROR(K62*L62," ") -> 139294.35 | N62: 20 | P62: =IFERROR(ROUND(M62/N62,2)," ") -> 6964.72
A63: =+A62 -> 0 | D63: =IFERROR(INDEX('[239]MANO DE OBRA'!B:B,MATCH(B63,'[239]MANO DE OBRA'!A:A,0)),"") | K63: =IFERROR(INDEX('[239]MANO DE OBRA'!D:D,MATCH(B63,'[239]MANO DE OBRA'!A:A,0)),"") | L63: =+IF(D63<>"",'[239]FACTOR PRESTACIONAL'!$E$21," ") | M63: =IFERROR(K63*L63," ") | P63: =IFERROR(ROUND(M63/N63,2)," ")
A64: =+A63 -> 0 | D64: =IFERROR(INDEX('[239]MANO DE OBRA'!B:B,MATCH(B64,'[239]MANO DE OBRA'!A:A,0)),"") | K64: =IFERROR(INDEX('[239]MANO DE OBRA'!D:D,MATCH(B64,'[239]MANO DE OBRA'!A:A,0)),"") | L64: =+IF(D64<>"",'[239]FACTOR PRESTACIONAL'!$E$21," ") | M64: =IFERROR(K64*L64," ") | P64: =IFERROR(ROUND(M64/N64,2)," ")
A65: =+A64 -> 0 | D65: =IFERROR(INDEX('[239]MANO DE OBRA'!B:B,MATCH(B65,'[239]MANO DE OBRA'!A:A,0)),"") | K65: =IFERROR(INDEX('[239]MANO DE OBRA'!D:D,MATCH(B65,'[239]MANO DE OBRA'!A:A,0)),"") | L65: =+IF(D65<>"",'[239]FACTOR PRESTACIONAL'!$E$21," ") | M65: =IFERROR(K65*L65," ") | P65: =IFERROR(ROUND(M65/N65,2)," ")
A66: =+A65 -> 0 | D66: SUBTOTAL | P66: =SUM(P61:P65) -> 18796.54
A67: =+A66 -> 0
D68: TOTAL COSTO DIRECTO $ | P68: =+P66+P58+P51+P33 -> 38222.85
D70: Descripcion | M70: Porcentaje | N70: Valor Total
D71: ADMINISTRACIÓN | M71: =+[239]INICIO!$F$10 -> 0.24 | N71: =ROUND(M71*P68,2) -> 9173.48
D72: IMPREVISTOS | M72: =+[239]INICIO!$F$11 -> 0.02 | N72: =ROUND(M72*P68,2) -> 764.46
D73: UTILIDAD | M73: =+[239]INICIO!$F$12 -> 0.07 | N73: =ROUND(M73*P68,2) -> 2675.6
P74: =SUM(N71:N73) -> 12613.54
D76: Precio Unitario Total Aproximado al peso $ | P76: =ROUND(P74+P68,0) -> 50836
D81: =+[239]INICIO!$B$13 -> Proyectó: | L81: =+[239]INICIO!$B$16 -> Aprobó:
E82: =+Hoja2!C$13 -> HELMER EDUARDO BECERRA SANTANDER | M82: =+Hoja2!$C$16 -> JESÚS IVÁN QUIÑONES RUEDA
E83: =+Hoja2!C$14 -> APOYO SEC. DE PLANEACIÓN Y OBRAS PÚBLICAS | M83: =+Hoja2!$C$17 -> SECRETARIO DE PLANEACIÓN Y OBRAS PUBLICAS
E84: =+Hoja2!C$15 -> 123769-0701671 NTS | M84: =+Hoja2!C$18 -> A21382020-1090480860
D89: =+[239]INICIO!$C$8 -> Análisis de Precios Unitarios- Secretaria de Planeación y Obras Publicas de Cubará, Boyacá.
D90: Código | E90: =+[239]INICIO!$C$7 -> CCE-EICP-FM-14 | G90: =+[239]INICIO!$B$6 -> VERSIÓN | H90: =+[239]INICIO!$C$6 -> 1
E94: MUNICIPIO DE CUBARÁ
M96: VERSIÓN | O96: =+[239]INICIO!$C$6 -> 1
M99: PAGINA | N99: =+VLOOKUP(D110,'PRESUPUESTO OFICIAL '!C:Q,9,FALSE) -> 38 | O99: DE | P99: =+'PRESUPUESTO OFICIAL '!$M$122 -> 62
E100: ANÁLISIS DE PRECIOS UNITARIOS
M102: FECHA | N102: DD | O102: MM | P102: AA
N103: =+Hoja2!B$5 -> 5 | O103: =+Hoja2!C$5 -> 8 | P103: =+Hoja2!D$5 -> 2026
D107: DATOS ESPECÍFICOS
A109: APU-ID | B109: INS-ID | D109: ÍTEM | E109: DESCRIPCIÓN | N109: UNIDAD | P109: CANTIDAD
D110: =+'PRESUPUESTO OFICIAL '!C62 -> 5.02 | E110: =+VLOOKUP(D110,'PRESUPUESTO OFICIAL '!C:H,2,FALSE) -> SUMINISTRO E INSTALACION DE INTERRUPTOR SENCILLO | N110: =+VLOOKUP(D110,'PRESUPUESTO OFICIAL '!C:H,3,FALSE) -> UND | P110: =+VLOOKUP(D110,'PRESUPUESTO OFICIAL '!C:H,4,FALSE) -> 21 | R110: =+P162 -> 29906
D111: I. EQUIPO
D112: DESCRIPCIÓN | I112: MARCA | K112: TIPO | M112: TARIFA | N112: RENDIMIENTO | P112: Vr. UNITARIO
A113: =[239]INDICE!#REF! -> #REF! | B113: EQ00001 | D113: =IFERROR(INDEX([239]EQUIPOS!B:B,MATCH(B113,[239]EQUIPOS!A:A,0)),"") -> HERRAMIENTA MENOR (% M.O) | K113: =IFERROR(INDEX([239]EQUIPOS!C:C,MATCH(B113,[239]EQUIPOS!A:A,0)),"") -> % | M113: =IFERROR(IF(D113="HERRAMIENTA MENOR (% M.O)",P152,INDEX([239]EQUIPOS!D:D,MATCH(B113,[239]EQUIPOS!A:A,0))),"") -> 12423.41 | N113: 10 | P113: =IFERROR(ROUND(IF(D113="HERRAMIENTA MENOR (% M.O)",N113%*M113,M113/N113),2)," ") -> 1242.34
A114: =+$A$2593 -> 0 | D114: =IFERROR(INDEX([239]EQUIPOS!B:B,MATCH(B114,[239]EQUIPOS!A:A,0)),"") | K114: =IFERROR(INDEX([239]EQUIPOS!C:C,MATCH(B114,[239]EQUIPOS!A:A,0)),"") | M114: =IFERROR(IF(D114="HERRAMIENTA MENOR (% M.O)",P153,INDEX([239]EQUIPOS!D:D,MATCH(B114,[239]EQUIPOS!A:A,0))),"") | P114: =IFERROR(ROUND(IF(D114="HERRAMIENTA MENOR (% M.O)",N114%*M114,M114/N114),2)," ")
A115: =+A114 -> 0 | D115: =IFERROR(INDEX([239]EQUIPOS!B:B,MATCH(B115,[239]EQUIPOS!A:A,0)),"") | K115: =IFERROR(INDEX([239]EQUIPOS!C:C,MATCH(B115,[239]EQUIPOS!A:A,0)),"") | M115: =IFERROR(IF(D115="HERRAMIENTA MENOR (% M.O)",P154,INDEX([239]EQUIPOS!D:D,MATCH(B115,[239]EQUIPOS!A:A,0))),"") | P115: =IFERROR(ROUND(IF(D115="HERRAMIENTA MENOR (% M.O)",N115%*M115,M115/N115),2)," ")
A116: =+A115 -> 0 | D116: =IFERROR(INDEX([239]EQUIPOS!B:B,MATCH(B116,[239]EQUIPOS!A:A,0)),"") | K116: =IFERROR(INDEX([239]EQUIPOS!C:C,MATCH(B116,[239]EQUIPOS!A:A,0)),"") | M116: =IFERROR(IF(D116="HERRAMIENTA MENOR (% M.O)",P155,INDEX([239]EQUIPOS!D:D,MATCH(B116,[239]EQUIPOS!A:A,0))),"") | P116: =IFERROR(ROUND(IF(D116="HERRAMIENTA MENOR (% M.O)",N116%*M116,M116/N116),2)," ")
A117: =+A116 -> 0 | D117: =IFERROR(INDEX([239]EQUIPOS!B:B,MATCH(B117,[239]EQUIPOS!A:A,0)),"") | K117: =IFERROR(INDEX([239]EQUIPOS!C:C,MATCH(B117,[239]EQUIPOS!A:A,0)),"") | M117: =IFERROR(IF(D117="HERRAMIENTA MENOR (% M.O)",P156,INDEX([239]EQUIPOS!D:D,MATCH(B117,[239]EQUIPOS!A:A,0))),"") | P117: =IFERROR(ROUND(IF(D117="HERRAMIENTA MENOR (% M.O)",N117%*M117,M117/N117),2)," ")
A118: =+A117 -> 0 | D118: =IFERROR(INDEX([239]EQUIPOS!B:B,MATCH(B118,[239]EQUIPOS!A:A,0)),"") | K118: =IFERROR(INDEX([239]EQUIPOS!C:C,MATCH(B118,[239]EQUIPOS!A:A,0)),"") | M118: =IFERROR(IF(D118="HERRAMIENTA MENOR (% M.O)",P157,INDEX([239]EQUIPOS!D:D,MATCH(B118,[239]EQUIPOS!A:A,0))),"") | P118: =IFERROR(ROUND(IF(D118="HERRAMIENTA MENOR (% M.O)",N118%*M118,M118/N118),2)," ")
A119: =+A118 -> 0 | D119: SUBTOTAL | P119: =SUM(P113:P118) -> 1242.34
A120: =+A119 -> 0 | D120: II. MATERIALES
A121: =+A120 -> 0 | D121: DESCRIPCIÓN | L121: UNIDAD | M121: CANTIDAD | N121: PRECIO UNITARIO | P121: Vr. UNITARIO
A122: =+A121 -> 0 | B122: MA00082 | D122: =IFERROR(INDEX([239]MATERIALES!C:C,MATCH(B122,[239]MATERIALES!B:B,0)),"") -> INTERRUPTOR SENCILLO | L122: =IFERROR(INDEX([239]MATERIALES!D:D,MATCH(B122,[239]MATERIALES!B:B,0)),"") -> UND | M122: 1 | N122: =IFERROR(INDEX([239]MATERIALES!P:P,MATCH(B122,[239]MATERIALES!B:B,0)),"") -> 8400 | P122: =IFERROR(ROUND(N122*M122,2),"") -> 8400
A123: =+A122 -> 0 | L123: =IFERROR(INDEX([239]MATERIALES!D:D,MATCH(B123,[239]MATERIALES!B:B,0)),"") | N123: =IFERROR(INDEX([239]MATERIALES!P:P,MATCH(B123,[239]MATERIALES!B:B,0)),"") | P123: =IFERROR(ROUND(N123*M123,2),"")
A124: =+A123 -> 0 | L124: =IFERROR(INDEX([239]MATERIALES!D:D,MATCH(B124,[239]MATERIALES!B:B,0)),"") | N124: =IFERROR(INDEX([239]MATERIALES!P:P,MATCH(B124,[239]MATERIALES!B:B,0)),"") | P124: =IFERROR(ROUND(N124*M124,2),"")
A125: =+A124 -> 0 | L125: =IFERROR(INDEX([239]MATERIALES!D:D,MATCH(B125,[239]MATERIALES!B:B,0)),"") | N125: =IFERROR(INDEX([239]MATERIALES!P:P,MATCH(B125,[239]MATERIALES!B:B,0)),"") | P125: =IFERROR(ROUND(N125*M125,2),"")
A126: =+A125 -> 0 | L126: =IFERROR(INDEX([239]MATERIALES!D:D,MATCH(B126,[239]MATERIALES!B:B,0)),"") | N126: =IFERROR(INDEX([239]MATERIALES!P:P,MATCH(B126,[239]MATERIALES!B:B,0)),"") | P126: =IFERROR(ROUND(N126*M126,2),"")
A127: =+A126 -> 0 | L127: =IFERROR(INDEX([239]MATERIALES!D:D,MATCH(B127,[239]MATERIALES!B:B,0)),"") | N127: =IFERROR(INDEX([239]MATERIALES!P:P,MATCH(B127,[239]MATERIALES!B:B,0)),"") | P127: =IFERROR(ROUND(N127*M127,2),"")
A128: =+A127 -> 0 | L128: =IFERROR(INDEX([239]MATERIALES!D:D,MATCH(B128,[239]MATERIALES!B:B,0)),"") | N128: =IFERROR(INDEX([239]MATERIALES!P:P,MATCH(B128,[239]MATERIALES!B:B,0)),"") | P128: =IFERROR(ROUND(N128*M128,2),"")
A129: =+A128 -> 0 | L129: =IFERROR(INDEX([239]MATERIALES!D:D,MATCH(B129,[239]MATERIALES!B:B,0)),"") | N129: =IFERROR(INDEX([239]MATERIALES!P:P,MATCH(B129,[239]MATERIALES!B:B,0)),"") | P129: =IFERROR(ROUND(N129*M129,2),"")
A130: =+A129 -> 0 | L130: =IFERROR(INDEX([239]MATERIALES!D:D,MATCH(B130,[239]MATERIALES!B:B,0)),"") | N130: =IFERROR(INDEX([239]MATERIALES!P:P,MATCH(B130,[239]MATERIALES!B:B,0)),"") | P130: =IFERROR(ROUND(N130*M130,2),"")
A131: =+A130 -> 0 | L131: =IFERROR(INDEX([239]MATERIALES!D:D,MATCH(B131,[239]MATERIALES!B:B,0)),"") | N131: =IFERROR(INDEX([239]MATERIALES!P:P,MATCH(B131,[239]MATERIALES!B:B,0)),"") | P131: =IFERROR(ROUND(N131*M131,2),"")
A132: =+A131 -> 0 | L132: =IFERROR(INDEX([239]MATERIALES!D:D,MATCH(B132,[239]MATERIALES!B:B,0)),"") | N132: =IFERROR(INDEX([239]MATERIALES!P:P,MATCH(B132,[239]MATERIALES!B:B,0)),"") | P132: =IFERROR(ROUND(N132*M132,2),"")
A133: =+A132 -> 0 | D133: =IFERROR(INDEX([239]MATERIALES!C:C,MATCH(B133,[239]MATERIALES!B:B,0)),"") | L133: =IFERROR(INDEX([239]MATERIALES!D:D,MATCH(B133,[239]MATERIALES!B:B,0)),"") | N133: =IFERROR(INDEX([239]MATERIALES!P:P,MATCH(B133,[239]MATERIALES!B:B,0)),"") | P133: =IFERROR(ROUND(N133*M133,2),"")
A134: =+A133 -> 0 | D134: =IFERROR(INDEX([239]MATERIALES!C:C,MATCH(B134,[239]MATERIALES!B:B,0)),"") | L134: =IFERROR(INDEX([239]MATERIALES!D:D,MATCH(B134,[239]MATERIALES!B:B,0)),"") | N134: =IFERROR(INDEX([239]MATERIALES!P:P,MATCH(B134,[239]MATERIALES!B:B,0)),"") | P134: =IFERROR(ROUND(N134*M134,2),"")
...

Sheet CAP 2-3-4
D3: =+[239]INICIO!$C$8 -> Análisis de Precios Unitarios- Secretaria de Planeación y Obras Publicas de Cubará, Boyacá.
D4: Código | E4: =+[239]INICIO!$C$7 -> CCE-EICP-FM-14 | G4: =+[239]INICIO!$B$6 -> VERSIÓN | H4: =+[239]INICIO!$C$6 -> 1
E8: MUNICIPIO DE CUBARÁ
M10: VERSIÓN | O10: =+[239]INICIO!$C$6 -> 1
M13: PAGINA | N13: =+VLOOKUP(D24,'PRESUPUESTO OFICIAL '!C:Q,9,FALSE) -> 16 | O13: DE | P13: =+'PRESUPUESTO OFICIAL '!$M$122 -> 62
E14: ANÁLISIS DE PRECIOS UNITARIOS
M16: FECHA | N16: DD | O16: MM | P16: AA
N17: =+Hoja2!B$5 -> 5 | O17: =+Hoja2!C$5 -> 8 | P17: =+Hoja2!D$5 -> 2026
D21: DATOS ESPECÍFICOS
A23: APU-ID | B23: INS-ID | D23: ÍTEM | E23: DESCRIPCIÓN | N23: UNIDAD | P23: CANTIDAD
D24: =+'PRESUPUESTO OFICIAL '!C30 -> 2.01 | E24: =+VLOOKUP(D24,'PRESUPUESTO OFICIAL '!C:H,2,FALSE) -> SOLADO CONCRETO f'c = 2000 psi (14 MPa), ESPESOR 0.05 M | N24: =+VLOOKUP(D24,'PRESUPUESTO OFICIAL '!C:H,3,FALSE) -> M2 | P24: =+VLOOKUP(D24,'PRESUPUESTO OFICIAL '!C:H,4,FALSE) -> 17.4 | R24: =+P76 -> 65698
D25: I. EQUIPO
D26: DESCRIPCIÓN | I26: MARCA | K26: TIPO | M26: TARIFA | N26: RENDIMIENTO | P26: Vr. UNITARIO
A27: =[239]INDICE!#REF! -> #REF! | B27: EQ00001 | D27: =IFERROR(INDEX([239]EQUIPOS!B:B,MATCH(B27,[239]EQUIPOS!A:A,0)),"") -> HERRAMIENTA MENOR (% M.O) | K27: =IFERROR(INDEX([239]EQUIPOS!C:C,MATCH(B27,[239]EQUIPOS!A:A,0)),"") -> % | M27: =IFERROR(IF(D27="HERRAMIENTA MENOR (% M.O)",P66,INDEX([239]EQUIPOS!D:D,MATCH(B27,[239]EQUIPOS!A:A,0))),"") -> 14276.38 | N27: 10 | P27: =IFERROR(ROUND(IF(D27="HERRAMIENTA MENOR (% M.O)",N27%*M27,M27/N27),2)," ") -> 1427.64
A28: =+$A$2858 -> 0 | D28: =IFERROR(INDEX([239]EQUIPOS!B:B,MATCH(B28,[239]EQUIPOS!A:A,0)),"") | K28: =IFERROR(INDEX([239]EQUIPOS!C:C,MATCH(B28,[239]EQUIPOS!A:A,0)),"") | M28: =IFERROR(IF(D28="HERRAMIENTA MENOR (% M.O)",P67,INDEX([239]EQUIPOS!D:D,MATCH(B28,[239]EQUIPOS!A:A,0))),"") | P28: =IFERROR(ROUND(IF(D28="HERRAMIENTA MENOR (% M.O)",N28%*M28,M28/N28),2)," ")
A29: =+A28 -> 0 | D29: =IFERROR(INDEX([239]EQUIPOS!B:B,MATCH(B29,[239]EQUIPOS!A:A,0)),"") | K29: =IFERROR(INDEX([239]EQUIPOS!C:C,MATCH(B29,[239]EQUIPOS!A:A,0)),"") | M29: =IFERROR(IF(D29="HERRAMIENTA MENOR (% M.O)",P68,INDEX([239]EQUIPOS!D:D,MATCH(B29,[239]EQUIPOS!A:A,0))),"") | P29: =IFERROR(ROUND(IF(D29="HERRAMIENTA MENOR (% M.O)",N29%*M29,M29/N29),2)," ")
A30: =+A29 -> 0 | D30: =IFERROR(INDEX([239]EQUIPOS!B:B,MATCH(B30,[239]EQUIPOS!A:A,0)),"") | K30: =IFERROR(INDEX([239]EQUIPOS!C:C,MATCH(B30,[239]EQUIPOS!A:A,0)),"") | M30: =IFERROR(IF(D30="HERRAMIENTA MENOR (% M.O)",P69,INDEX([239]EQUIPOS!D:D,MATCH(B30,[239]EQUIPOS!A:A,0))),"") | P30: =IFERROR(ROUND(IF(D30="HERRAMIENTA MENOR (% M.O)",N30%*M30,M30/N30),2)," ")
A31: =+A30 -> 0 | D31: =IFERROR(INDEX([239]EQUIPOS!B:B,MATCH(B31,[239]EQUIPOS!A:A,0)),"") | K31: =IFERROR(INDEX([239]EQUIPOS!C:C,MATCH(B31,[239]EQUIPOS!A:A,0)),"") | M31: =IFERROR(IF(D31="HERRAMIENTA MENOR (% M.O)",P70,INDEX([239]EQUIPOS!D:D,MATCH(B31,[239]EQUIPOS!A:A,0))),"") | P31: =IFERROR(ROUND(IF(D31="HERRAMIENTA MENOR (% M.O)",N31%*M31,M31/N31),2)," ")
A32: =+A31 -> 0 | D32: =IFERROR(INDEX([239]EQUIPOS!B:B,MATCH(B32,[239]EQUIPOS!A:A,0)),"") | K32: =IFERROR(INDEX([239]EQUIPOS!C:C,MATCH(B32,[239]EQUIPOS!A:A,0)),"") | M32: =IFERROR(IF(D32="HERRAMIENTA MENOR (% M.O)",P71,INDEX([239]EQUIPOS!D:D,MATCH(B32,[239]EQUIPOS!A:A,0))),"") | P32: =IFERROR(ROUND(IF(D32="HERRAMIENTA MENOR (% M.O)",N32%*M32,M32/N32),2)," ")
A33: =+A32 -> 0 | D33: SUBTOTAL | P33: =SUM(P27:P32) -> 1427.64
A34: =+A33 -> 0 | D34: II. MATERIALES
A35: =+A34 -> 0 | D35: DESCRIPCIÓN | L35: UNIDAD | M35: CANTIDAD | N35: PRECIO UNITARIO | P35: Vr. UNITARIO
A36: =+A35 -> 0 | B36: MA00034 | D36: =IFERROR(INDEX([239]MATERIALES!C:C,MATCH(B36,[239]MATERIALES!B:B,0)),"") -> CONCRETO DE 2000 PSI (1:3:4) | L36: =IFERROR(INDEX([239]MATERIALES!D:D,MATCH(B36,[239]MATERIALES!B:B,0)),"") -> M3 | M36: =1*1*0.05 -> 0.05 | N36: =IFERROR(INDEX([239]MATERIALES!P:P,MATCH(B36,[239]MATERIALES!B:B,0)),"") -> 641777.72 | P36: =IFERROR(ROUND(N36*M36,2),"") -> 32088.89
A37: =+A36 -> 0 | D37: =IFERROR(INDEX([239]MATERIALES!C:C,MATCH(B37,[239]MATERIALES!B:B,0)),"") | L37: =IFERROR(INDEX([239]MATERIALES!D:D,MATCH(B37,[239]MATERIALES!B:B,0)),"") | N37: =IFERROR(INDEX([239]MATERIALES!P:P,MATCH(B37,[239]MATERIALES!B:B,0)),"") | P37: =IFERROR(ROUND(N37*M37,2),"")
A38: =+A37 -> 0 | D38: =IFERROR(INDEX([239]MATERIALES!C:C,MATCH(B38,[239]MATERIALES!B:B,0)),"") | L38: =IFERROR(INDEX([239]MATERIALES!D:D,MATCH(B38,[239]MATERIALES!B:B,0)),"") | N38: =IFERROR(INDEX([239]MATERIALES!P:P,MATCH(B38,[239]MATERIALES!B:B,0)),"") | P38: =IFERROR(ROUND(N38*M38,2),"")
A39: =+A38 -> 0 | D39: =IFERROR(INDEX([239]MATERIALES!C:C,MATCH(B39,[239]MATERIALES!B:B,0)),"") | L39: =IFERROR(INDEX([239]MATERIALES!D:D,MATCH(B39,[239]MATERIALES!B:B,0)),"") | N39: =IFERROR(INDEX([239]MATERIALES!P:P,MATCH(B39,[239]MATERIALES!B:B,0)),"") | P39: =IFERROR(ROUND(N39*M39,2),"")
A40: =+A39 -> 0 | D40: =IFERROR(INDEX([239]MATERIALES!C:C,MATCH(B40,[239]MATERIALES!B:B,0)),"") | L40: =IFERROR(INDEX([239]MATERIALES!D:D,MATCH(B40,[239]MATERIALES!B:B,0)),"") | N40: =IFERROR(INDEX([239]MATERIALES!P:P,MATCH(B40,[239]MATERIALES!B:B,0)),"") | P40: =IFERROR(ROUND(N40*M40,2),"")
A41: =+A40 -> 0 | D41: =IFERROR(INDEX([239]MATERIALES!C:C,MATCH(B41,[239]MATERIALES!B:B,0)),"") | L41: =IFERROR(INDEX([239]MATERIALES!D:D,MATCH(B41,[239]MATERIALES!B:B,0)),"") | N41: =IFERROR(INDEX([239]MATERIALES!P:P,MATCH(B41,[239]MATERIALES!B:B,0)),"") | P41: =IFERROR(ROUND(N41*M41,2),"")
A42: =+A41 -> 0 | D42: =IFERROR(INDEX([239]MATERIALES!C:C,MATCH(B42,[239]MATERIALES!B:B,0)),"") | L42: =IFERROR(INDEX([239]MATERIALES!D:D,MATCH(B42,[239]MATERIALES!B:B,0)),"") | N42: =IFERROR(INDEX([239]MATERIALES!P:P,MATCH(B42,[239]MATERIALES!B:B,0)),"") | P42: =IFERROR(ROUND(N42*M42,2),"")
A43: =+A42 -> 0 | D43: =IFERROR(INDEX([239]MATERIALES!C:C,MATCH(B43,[239]MATERIALES!B:B,0)),"") | L43: =IFERROR(INDEX([239]MATERIALES!D:D,MATCH(B43,[239]MATERIALES!B:B,0)),"") | N43: =IFERROR(INDEX([239]MATERIALES!P:P,MATCH(B43,[239]MATERIALES!B:B,0)),"") | P43: =IFERROR(ROUND(N43*M43,2),"")
A44: =+A43 -> 0 | D44: =IFERROR(INDEX([239]MATERIALES!C:C,MATCH(B44,[239]MATERIALES!B:B,0)),"") | L44: =IFERROR(INDEX([239]MATERIALES!D:D,MATCH(B44,[239]MATERIALES!B:B,0)),"") | N44: =IFERROR(INDEX([239]MATERIALES!P:P,MATCH(B44,[239]MATERIALES!B:B,0)),"") | P44: =IFERROR(ROUND(N44*M44,2),"")
A45: =+A44 -> 0 | D45: =IFERROR(INDEX([239]MATERIALES!C:C,MATCH(B45,[239]MATERIALES!B:B,0)),"") | L45: =IFERROR(INDEX([239]MATERIALES!D:D,MATCH(B45,[239]MATERIALES!B:B,0)),"") | N45: =IFERROR(INDEX([239]MATERIALES!P:P,MATCH(B45,[239]MATERIALES!B:B,0)),"") | P45: =IFERROR(ROUND(N45*M45,2),"")
A46: =+A45 -> 0 | D46: =IFERROR(INDEX([239]MATERIALES!C:C,MATCH(B46,[239]MATERIALES!B:B,0)),"") | L46: =IFERROR(INDEX([239]MATERIALES!D:D,MATCH(B46,[239]MATERIALES!B:B,0)),"") | N46: =IFERROR(INDEX([239]MATERIALES!P:P,MATCH(B46,[239]MATERIALES!B:B,0)),"") | P46: =IFERROR(ROUND(N46*M46,2),"")
A47: =+A46 -> 0 | D47: =IFERROR(INDEX([239]MATERIALES!C:C,MATCH(B47,[239]MATERIALES!B:B,0)),"") | L47: =IFERROR(INDEX([239]MATERIALES!D:D,MATCH(B47,[239]MATERIALES!B:B,0)),"") | N47: =IFERROR(INDEX([239]MATERIALES!P:P,MATCH(B47,[239]MATERIALES!B:B,0)),"") | P47: =IFERROR(ROUND(N47*M47,2),"")
A48: =+A47 -> 0 | D48: =IFERROR(INDEX([239]MATERIALES!C:C,MATCH(B48,[239]MATERIALES!B:B,0)),"") | L48: =IFERROR(INDEX([239]MATERIALES!D:D,MATCH(B48,[239]MATERIALES!B:B,0)),"") | N48: =IFERROR(INDEX([239]MATERIALES!P:P,MATCH(B48,[239]MATERIALES!B:B,0)),"") | P48: =IFERROR(ROUND(N48*M48,2),"")
A49: =+A48 -> 0 | D49: =IFERROR(INDEX([239]MATERIALES!C:C,MATCH(B49,[239]MATERIALES!B:B,0)),"") | L49: =IFERROR(INDEX([239]MATERIALES!D:D,MATCH(B49,[239]MATERIALES!B:B,0)),"") | N49: =IFERROR(INDEX([239]MATERIALES!P:P,MATCH(B49,[239]MATERIALES!B:B,0)),"") | P49: =IFERROR(ROUND(N49*M49,2),"")
A50: =+A49 -> 0 | D50: DESPERDICIO | L50: % | M50: 0.05 | N50: =SUM(P36:P49) -> 32088.89 | P50: =ROUND(N50*M50,2) -> 1604.44
A51: =+A50 -> 0 | D51: SUBTOTAL | P51: =SUM(P36:P50) -> 33693.33
A52: =+A51 -> 0 | D52: III. TRANSPORTES
A53: =+A52 -> 0 | D53: MATERIAL | K53: VOL. o PESO | L53: DISTANCIA | M53: M3 o Ton/Km | N53: TARIFA | P53: Vr. UNITARIO
A54: =+A53 -> 0 | D54: =IFERROR(INDEX([239]TRANSPORTES!B:B,MATCH(B54,[239]TRANSPORTES!A:A,0)),"") | M54: =IFERROR(INDEX([239]TRANSPORTES!C:C,MATCH(B54,[239]TRANSPORTES!A:A,0)),"") | N54: =IFERROR(INDEX([239]TRANSPORTES!D:D,MATCH(B54,[239]TRANSPORTES!A:A,0)),"") | P54: =IFERROR(ROUND(K54*N54*L54,2),"")
A55: =+A54 -> 0 | D55: =IFERROR(INDEX([239]TRANSPORTES!B:B,MATCH(B55,[239]TRANSPORTES!A:A,0)),"") | M55: =IFERROR(INDEX([239]TRANSPORTES!C:C,MATCH(B55,[239]TRANSPORTES!A:A,0)),"") | N55: =IFERROR(INDEX([239]TRANSPORTES!D:D,MATCH(B55,[239]TRANSPORTES!A:A,0)),"") | P55: =IFERROR(ROUND(K55*N55*L55,2),"")
A56: =+A55 -> 0 | D56: =IFERROR(INDEX([239]TRANSPORTES!B:B,MATCH(B56,[239]TRANSPORTES!A:A,0)),"") | M56: =IFERROR(INDEX([239]TRANSPORTES!C:C,MATCH(B56,[239]TRANSPORTES!A:A,0)),"") | N56: =IFERROR(INDEX([239]TRANSPORTES!D:D,MATCH(B56,[239]TRANSPORTES!A:A,0)),"") | P56: =IFERROR(ROUND(K56*N56*L56,2),"")
A57: =+A56 -> 0 | D57: =IFERROR(INDEX([239]TRANSPORTES!B:B,MATCH(B57,[239]TRANSPORTES!A:A,0)),"") | M57: =IFERROR(INDEX([239]TRANSPORTES!C:C,MATCH(B57,[239]TRANSPORTES!A:A,0)),"") | N57: =IFERROR(INDEX([239]TRANSPORTES!D:D,MATCH(B57,[239]TRANSPORTES!A:A,0)),"") | P57: =IFERROR(ROUND(K57*N57*L57,2),"")
A58: =+A57 -> 0 | D58: SUBTOTAL | P58: =SUM(P54:P57) -> 0
A59: =+A58 -> 0 | D59: IV. MANO DE OBRA
A60: =+A59 -> 0 | D60: TRABAJADOR | K60: JORNAL | L60: PRESTACIONES | M60: JORNAL TOTAL | N60: RENDIMIENTO | P60: Vr. UNITARIO
A61: =+A60 -> 0 | B61: MO00002 | D61: =IFERROR(INDEX('[239]MANO DE OBRA'!B:B,MATCH(B61,'[239]MANO DE OBRA'!A:A,0)),"") -> OFICIAL | K61: =IFERROR(INDEX('[239]MANO DE OBRA'!D:D,MATCH(B61,'[239]MANO DE OBRA'!A:A,0)),"") -> 95930 | L61: =+IF(D61<>"",'[239]FACTOR PRESTACIONAL'!$E$21," ") -> 1.95 | M61: =IFERROR(K61*L61," ") -> 187063.5 | N61: 22.86 | P61: =IFERROR(ROUND(M61/N61,2)," ") -> 8183.01
A62: =+A61 -> 0 | B62: MO00003 | D62: =IFERROR(INDEX('[239]MANO DE OBRA'!B:B,MATCH(B62,'[239]MANO DE OBRA'!A:A,0)),"") -> AYUDANTE (1) | K62: =IFERROR(INDEX('[239]MANO DE OBRA'!D:D,MATCH(B62,'[239]MANO DE OBRA'!A:A,0)),"") -> 71433 | L62: =+IF(D62<>"",'[239]FACTOR PRESTACIONAL'!$E$21," ") -> 1.95 | M62: =IFERROR(K62*L62," ") -> 139294.35 | N62: =+N61 -> 22.86 | P62: =IFERROR(ROUND(M62/N62,2)," ") -> 6093.37
A63: =+A62 -> 0 | D63: =IFERROR(INDEX('[239]MANO DE OBRA'!B:B,MATCH(B63,'[239]MANO DE OBRA'!A:A,0)),"") | K63: =IFERROR(INDEX('[239]MANO DE OBRA'!D:D,MATCH(B63,'[239]MANO DE OBRA'!A:A,0)),"") | L63: =+IF(D63<>"",'[239]FACTOR PRESTACIONAL'!$E$21," ") | M63: =IFERROR(K63*L63," ") | P63: =IFERROR(ROUND(M63/N63,2)," ")
A64: =+A63 -> 0 | D64: =IFERROR(INDEX('[239]MANO DE OBRA'!B:B,MATCH(B64,'[239]MANO DE OBRA'!A:A,0)),"") | K64: =IFERROR(INDEX('[239]MANO DE OBRA'!D:D,MATCH(B64,'[239]MANO DE OBRA'!A:A,0)),"") | L64: =+IF(D64<>"",'[239]FACTOR PRESTACIONAL'!$E$21," ") | M64: =IFERROR(K64*L64," ") | P64: =IFERROR(ROUND(M64/N64,2)," ")
A65: =+A64 -> 0 | D65: =IFERROR(INDEX('[239]MANO DE OBRA'!B:B,MATCH(B65,'[239]MANO DE OBRA'!A:A,0)),"") | K65: =IFERROR(INDEX('[239]MANO DE OBRA'!D:D,MATCH(B65,'[239]MANO DE OBRA'!A:A,0)),"") | L65: =+IF(D65<>"",'[239]FACTOR PRESTACIONAL'!$E$21," ") | M65: =IFERROR(K65*L65," ") | P65: =IFERROR(ROUND(M65/N65,2)," ")
A66: =+A65 -> 0 | D66: SUBTOTAL | P66: =SUM(P61:P65) -> 14276.38
A67: =+A66 -> 0
D68: TOTAL COSTO DIRECTO $ | P68: =+P66+P58+P51+P33 -> 49397.35
D70: Descripcion | M70: Porcentaje | N70: Valor Total
D71: ADMINISTRACIÓN | M71: =+[239]INICIO!$F$10 -> 0.24 | N71: =ROUND(M71*P68,2) -> 11855.36
D72: IMPREVISTOS | M72: =+[239]INICIO!$F$11 -> 0.02 | N72: =ROUND(M72*P68,2) -> 987.95
D73: UTILIDAD | M73: =+[239]INICIO!$F$12 -> 0.07 | N73: =ROUND(M73*P68,2) -> 3457.81
P74: =SUM(N71:N73) -> 16301.12
D76: Precio Unitario Total Aproximado al peso $ | P76: =ROUND(P74+P68,0) -> 65698
D81: =+[239]INICIO!$B$13 -> Proyectó: | L81: =+[239]INICIO!$B$16 -> Aprobó:
E82: =+Hoja2!C$13 -> HELMER EDUARDO BECERRA SANTANDER | M82: =+Hoja2!$C$16 -> JESÚS IVÁN QUIÑONES RUEDA
E83: =+Hoja2!C$14 -> APOYO SEC. DE PLANEACIÓN Y OBRAS PÚBLICAS | M83: =+Hoja2!$C$17 -> SECRETARIO DE PLANEACIÓN Y OBRAS PUBLICAS
E84: =+Hoja2!C$15 -> 123769-0701671 NTS | M84: =+Hoja2!C$18 -> A21382020-1090480860
D89: =+[239]INICIO!$C$8 -> Análisis de Precios Unitarios- Secretaria de Planeación y Obras Publicas de Cubará, Boyacá.
D90: Código | E90: =+[239]INICIO!$C$7 -> CCE-EICP-FM-14 | G90: =+[239]INICIO!$B$6 -> VERSIÓN | H90: =+[239]INICIO!$C$6 -> 1
E94: MUNICIPIO DE CUBARÁ
M96: VERSIÓN | O96: =+[239]INICIO!$C$6 -> 1
M99: PAGINA | N99: =+VLOOKUP(D110,'PRESUPUESTO OFICIAL '!C:Q,9,FALSE) -> 17 | O99: DE | P99: =+'PRESUPUESTO OFICIAL '!$M$122 -> 62
E100: ANÁLISIS DE PRECIOS UNITARIOS
M102: FECHA | N102: DD | O102: MM | P102: AA
N103: =+Hoja2!B$5 -> 5 | O103: =+Hoja2!C$5 -> 8 | P103: =+Hoja2!D$5 -> 2026
D107: DATOS ESPECÍFICOS
A109: APU-ID | B109: INS-ID | D109: ÍTEM | E109: DESCRIPCIÓN | N109: UNIDAD | P109: CANTIDAD
D110: =+'PRESUPUESTO OFICIAL '!C31 -> 2.02 | E110: =+VLOOKUP(D110,'PRESUPUESTO OFICIAL '!C:H,2,FALSE) -> ZAPATA CUADRADA EN CONCRETO f'c = 3000 PSI (21MPa). | N110: =+VLOOKUP(D110,'PRESUPUESTO OFICIAL '!C:H,3,FALSE) -> M3 | P110: =+VLOOKUP(D110,'PRESUPUESTO OFICIAL '!C:H,4,FALSE) -> 1.09 | R110: =+P162 -> 1763453
D111: I. EQUIPO
D112: DESCRIPCIÓN | I112: MARCA | K112: TIPO | M112: TARIFA | N112: RENDIMIENTO | P112: Vr. UNITARIO
A113: =[239]INDICE!#REF! -> #REF! | B113: EQ00001 | D113: =IFERROR(INDEX([239]EQUIPOS!B:B,MATCH(B113,[239]EQUIPOS!A:A,0)),"") -> HERRAMIENTA MENOR (% M.O) | K113: =IFERROR(INDEX([239]EQUIPOS!C:C,MATCH(B113,[239]EQUIPOS!A:A,0)),"") -> % | M113: =IFERROR(IF(D113="HERRAMIENTA MENOR (% M.O)",P152,INDEX([239]EQUIPOS!D:D,MATCH(B113,[239]EQUIPOS!A:A,0))),"") -> 388043.5 | N113: 10 | P113: =IFERROR(ROUND(IF(D113="HERRAMIENTA MENOR (% M.O)",N113%*M113,M113/N113),2)," ") -> 38804.35
A114: =+$A$2858 -> 0 | B114: EQ00029 | D114: =IFERROR(INDEX([239]EQUIPOS!B:B,MATCH(B114,[239]EQUIPOS!A:A,0)),"") -> VIBRADOR PORTÁTIL PARA CONCRETO | K114: =IFERROR(INDEX([239]EQUIPOS!C:C,MATCH(B114,[239]EQUIPOS!A:A,0)),"") -> DIA | M114: =IFERROR(IF(D114="HERRAMIENTA MENOR (% M.O)",P153,INDEX([239]EQUIPOS!D:D,MATCH(B114,[239]EQUIPOS!A:A,0))),"") -> 89075 | N114: 33.33 | P114: =IFERROR(ROUND(IF(D114="HERRAMIENTA MENOR (% M.O)",N114%*M114,M114/N114),2)," ") -> 2672.52
A115: =+A114 -> 0 | D115: =IFERROR(INDEX([239]EQUIPOS!B:B,MATCH(B115,[239]EQUIPOS!A:A,0)),"") | K115: =IFERROR(INDEX([239]EQUIPOS!C:C,MATCH(B115,[239]EQUIPOS!A:A,0)),"") | M115: =IFERROR(IF(D115="HERRAMIENTA MENOR (% M.O)",P154,INDEX([239]EQUIPOS!D:D,MATCH(B115,[239]EQUIPOS!A:A,0))),"") | P115: =IFERROR(ROUND(IF(D115="HERRAMIENTA MENOR (% M.O)",N115%*M115,M115/N115),2)," ")
A116: =+A115 -> 0 | D116: =IFERROR(INDEX([239]EQUIPOS!B:B,MATCH(B116,[239]EQUIPOS!A:A,0)),"") | K116: =IFERROR(INDEX([239]EQUIPOS!C:C,MATCH(B116,[239]EQUIPOS!A:A,0)),"") | M116: =IFERROR(IF(D116="HERRAMIENTA MENOR (% M.O)",P155,INDEX([239]EQUIPOS!D:D,MATCH(B116,[239]EQUIPOS!A:A,0))),"") | P116: =IFERROR(ROUND(IF(D116="HERRAMIENTA MENOR (% M.O)",N116%*M116,M116/N116),2)," ")
A117: =+A116 -> 0 | D117: =IFERROR(INDEX([239]EQUIPOS!B:B,MATCH(B117,[239]EQUIPOS!A:A,0)),"") | K117: =IFERROR(INDEX([239]EQUIPOS!C:C,MATCH(B117,[239]EQUIPOS!A:A,0)),"") | M117: =IFERROR(IF(D117="HERRAMIENTA MENOR (% M.O)",P156,INDEX([239]EQUIPOS!D:D,MATCH(B117,[239]EQUIPOS!A:A,0))),"") | P117: =IFERROR(ROUND(IF(D117="HERRAMIENTA MENOR (% M.O)",N117%*M117,M117/N117),2)," ")
A118: =+A117 -> 0 | D118: =IFERROR(INDEX([239]EQUIPOS!B:B,MATCH(B118,[239]EQUIPOS!A:A,0)),"") | K118: =IFERROR(INDEX([239]EQUIPOS!C:C,MATCH(B118,[239]EQUIPOS!A:A,0)),"") | M118: =IFERROR(IF(D118="HERRAMIENTA MENOR (% M.O)",P157,INDEX([239]EQUIPOS!D:D,MATCH(B118,[239]EQUIPOS!A:A,0))),"") | P118: =IFERROR(ROUND(IF(D118="HERRAMIENTA MENOR (% M.O)",N118%*M118,M118/N118),2)," ")
A119: =+A118 -> 0 | D119: SUBTOTAL | P119: =SUM(P113:P118) -> 41476.87
A120: =+A119 -> 0 | D120: II. MATERIALES
A121: =+A120 -> 0 | D121: DESCRIPCIÓN | L121: UNIDAD | M121: CANTIDAD | N121: PRECIO UNITARIO | P121: Vr. UNITARIO
A122: =+A121 -> 0 | B122: MA00036 | D122: =IFERROR(INDEX([239]MATERIALES!C:C,MATCH(B122,[239]MATERIALES!B:B,0)),"") -> CONCRETO DE 3000 PSI (1:2:3) | L122: =IFERROR(INDEX([239]MATERIALES!D:D,MATCH(B122,[239]MATERIALES!B:B,0)),"") -> M3 | M122: 1 | N122: =IFERROR(INDEX([239]MATERIALES!P:P,MATCH(B122,[239]MATERIALES!B:B,0)),"") -> 765149.14 | P122: =IFERROR(ROUND(N122*M122,2),"") -> 765149.14
A123: =+A122 -> 0 | B123: MA00150 | D123: =IFERROR(INDEX([239]MATERIALES!C:C,MATCH(B123,[239]MATERIALES!B:B,0)),"") -> TABLA BURRA ORDINARIA 10" x 1" x 3m | L123: =IFERROR(INDEX([239]MATERIALES!D:D,MATCH(B123,[239]MATERIALES!B:B,0)),"") -> UND | M123: 2 | N123: =IFERROR(INDEX([239]MATERIALES!P:P,MATCH(B123,[239]MATERIALES!B:B,0)),"") -> 22000 | P123: =IFERROR(ROUND(N123*M123,2),"") -> 44000
A124: =+A123 -> 0 | B124: MA00148 | D124: =IFERROR(INDEX([239]MATERIALES!C:C,MATCH(B124,[239]MATERIALES!B:B,0)),"") -> LISTÓN DE MADERA 2" x 2" x 3 m | L124: =IFERROR(INDEX([239]MATERIALES!D:D,MATCH(B124,[239]MATERIALES!B:B,0)),"") -> UND | M124: 4 | N124: =IFERROR(INDEX([239]MATERIALES!P:P,MATCH(B124,[239]MATERIALES!B:B,0)),"") -> 9900 | P124: =IFERROR(ROUND(N124*M124,2),"") -> 39600
A125: =+A124 -> 0 | B125: MA00095 | D125: =IFERROR(INDEX([239]MATERIALES!C:C,MATCH(B125,[239]MATERIALES!B:B,0)),"") -> PUNTILLA 2-1/2" | L125: =IFERROR(INDEX([239]MATERIALES!D:D,MATCH(B125,[239]MATERIALES!B:B,0)),"") -> LB | M125: 0.75 | N125: =IFERROR(INDEX([239]MATERIALES!P:P,MATCH(B125,[239]MATERIALES!B:B,0)),"") -> 6600 | P125: =IFERROR(ROUND(N125*M125,2),"") -> 4950
A126: =+A125 -> 0 | D126: =IFERROR(INDEX([239]MATERIALES!C:C,MATCH(B126,[239]MATERIALES!B:B,0)),"") | L126: =IFERROR(INDEX([239]MATERIALES!D:D,MATCH(B126,[239]MATERIALES!B:B,0)),"") | N126: =IFERROR(INDEX([239]MATERIALES!P:P,MATCH(B126,[239]MATERIALES!B:B,0)),"") | P126: =IFERROR(ROUND(N126*M126,2),"")
A127: =+A126 -> 0 | D127: =IFERROR(INDEX([239]MATERIALES!C:C,MATCH(B127,[239]MATERIALES!B:B,0)),"") | L127: =IFERROR(INDEX([239]MATERIALES!D:D,MATCH(B127,[239]MATERIALES!B:B,0)),"") | N127: =IFERROR(INDEX([239]MATERIALES!P:P,MATCH(B127,[239]MATERIALES!B:B,0)),"") | P127: =IFERROR(ROUND(N127*M127,2),"")
A128: =+A127 -> 0 | D128: =IFERROR(INDEX([239]MATERIALES!C:C,MATCH(B128,[239]MATERIALES!B:B,0)),"") | L128: =IFERROR(INDEX([239]MATERIALES!D:D,MATCH(B128,[239]MATERIALES!B:B,0)),"") | N128: =IFERROR(INDEX([239]MATERIALES!P:P,MATCH(B128,[239]MATERIALES!B:B,0)),"") | P128: =IFERROR(ROUND(N128*M128,2),"")
A129: =+A128 -> 0 | D129: =IFERROR(INDEX([239]MATERIALES!C:C,MATCH(B129,[239]MATERIALES!B:B,0)),"") | L129: =IFERROR(INDEX([239]MATERIALES!D:D,MATCH(B129,[239]MATERIALES!B:B,0)),"") | N129: =IFERROR(INDEX([239]MATERIALES!P:P,MATCH(B129,[239]MATERIALES!B:B,0)),"") | P129: =IFERROR(ROUND(N129*M129,2),"")
A130: =+A129 -> 0 | D130: =IFERROR(INDEX([239]MATERIALES!C:C,MATCH(B130,[239]MATERIALES!B:B,0)),"") | L130: =IFERROR(INDEX([239]MATERIALES!D:D,MATCH(B130,[239]MATERIALES!B:B,0)),"") | N130: =IFERROR(INDEX([239]MATERIALES!P:P,MATCH(B130,[239]MATERIALES!B:B,0)),"") | P130: =IFERROR(ROUND(N130*M130,2),"")
A131: =+A130 -> 0 | D131: =IFERROR(INDEX([239]MATERIALES!C:C,MATCH(B131,[239]MATERIALES!B:B,0)),"") | L131: =IFERROR(INDEX([239]MATERIALES!D:D,MATCH(B131,[239]MATERIALES!B:B,0)),"") | N131: =IFERROR(INDEX([239]MATERIALES!P:P,MATCH(B131,[239]MATERIALES!B:B,0)),"") | P131: =IFERROR(ROUND(N131*M131,2),"")
A132: =+A131 -> 0 | D132: =IFERROR(INDEX([239]MATERIALES!C:C,MATCH(B132,[239]MATERIALES!B:B,0)),"") | L132: =IFERROR(INDEX([239]MATERIALES!D:D,MATCH(B132,[239]MATERIALES!B:B,0)),"") | N132: =IFERROR(INDEX([239]MATERIALES!P:P,MATCH(B132,[239]MATERIALES!B:B,0)),"") | P132: =IFERROR(ROUND(N132*M132,2),"")
A133: =+A132 -> 0 | D133: =IFERROR(INDEX([239]MATERIALES!C:C,MATCH(B133,[239]MATERIALES!B:B,0)),"") | L133: =IFERROR(INDEX([239]MATERIALES!D:D,MATCH(B133,[239]MATERIALES!B:B,0)),"") | N133: =IFERROR(INDEX([239]MATERIALES!P:P,MATCH(B133,[239]MATERIALES!B:B,0)),"") | P133: =IFERROR(ROUND(N133*M133,2),"")
A134: =+A133 -> 0 | D134: =IFERROR(INDEX([239]MATERIALES!C:C,MATCH(B134,[239]MATERIALES!B:B,0)),"") | L134: =IFERROR(INDEX([239]MATERIALES!D:D,MATCH(B134,[239]MATERIALES!B:B,0)),"") | N134: =IFERROR(INDEX([239]MATERIALES!P:P,MATCH(B134,[239]MATERIALES!B:B,0)),"") | P134: =IFERROR(ROUND(N134*M134,2),"")
...

Sheet Hoja1
B4: DESCRIPCIÓN | C4: UNIDAD | D4: CANTIDAD | E4: VALOR UNITARIO | F4: VALOR TOTAL ($)
B5: OBRAS PRELIMINARES | F5: 35659328
B6: LOCALIZACIÓN Y REPLANTEO DE OBRA ARQUITECTÓNICA (NO INCLUYE COMISIÓN TOPOGRÁFICA) | C6: =+VLOOKUP(B6,[238]Hoja4!B$3:F$221,2,FALSE) -> M2 | D6: 681.258 | E6: 5949 | F6: 4052803.8
B7: DESMONTE DE CUBIERTA DE ZINC + ENTRAMADO. (INCLUYE RETIRO Y ACARREO LIBRE HASTA 5 KM.) | C7: =+VLOOKUP(B7,[238]Hoja4!B$3:F$221,2,FALSE) -> M2 | D7: 424.2138 | E7: 30639 | F7: 12997487
B8: DESMONTE CUBIERTAS TEJA DE ASBESTO Y/ O ASBESTO CEMENTO. (INCLUYE RETIRO - ACARREO LIBRE HASTA 5 KM.) | C8: =+VLOOKUP(B8,[238]Hoja4!B$3:F$221,2,FALSE) -> M2 | D8: 0 | E8: 23819 | F8: 0
B9: DESMONTE DE CORREAS METÁLICAS (INCLUYE RETIRO Y ACARREO LIBRE HASTA 5 KM.) | C9: =+VLOOKUP(B9,[238]Hoja4!B$3:F$221,2,FALSE) -> M | D9: 0 | E9: 10530 | F9: 0
B10: DESMONTE DE ESTRUCTURA METÁLICA PERFILES - VIGAS. | C10: =+VLOOKUP(B10,[238]Hoja4!B$3:F$221,2,FALSE) -> KG | D10: 0 | E10: 4785 | F10: 0
B11: DEMOLICIÓN DE MESÓN EN CONCRETO. (INCLUYE RETIRO Y ACARREO LIBRE HASTA 5 KM.) | C11: =+VLOOKUP(B11,[238]Hoja4!B$3:F$221,2,FALSE) -> M2 | D11: 0 | E11: 60213 | F11: 0
B12: DEMOLICIÓN DE MUROS EN MAMPOSTERÍA DE LADRILLO E = 0.25 M. (INCLUYE RETIRO Y ACARREO LIBRE HASTA 5 KM.) | C12: =+VLOOKUP(B12,[238]Hoja4!B$3:F$221,2,FALSE) -> M2 | D12: 0 | E12: 37885 | F12: 0
B13: DEMOLICIÓN DE ENCHAPE CERÁMICO, (INCLUYE RETIRO Y ACARREO LIBRE HASTA 5 KM.) | C13: =+VLOOKUP(B13,[238]Hoja4!B$3:F$221,2,FALSE) -> M2 | D13: 0 | E13: 20170 | F13: 0
B14: DESMONTE DE DIVISIÓN - PISO A TECHO. (INCLUYE RETIRO Y ACARREO LIBRE HASTA 5 KM.) | C14: =+VLOOKUP(B14,[238]Hoja4!B$3:F$221,2,FALSE) -> M2 | D14: 13.7475 | E14: 25602 | F14: 351963.49
B15: ASEO GENERAL PARA ENTREGA FINAL DE EDIFICACIONES INCLUYE MUROS, FACHADAS, VENTANAS PUERTAS Y CIELO RASOS | C15: =+VLOOKUP(B15,[238]Hoja4!B$3:F$221,2,FALSE) -> M2 | D15: 0 | E15: 14512 | F15: 0
B16: LIMPIEZA DE MUROS CON HIDROLAVADORA | C16: =+VLOOKUP(B16,[238]Hoja4!B$3:F$221,2,FALSE) -> M2 | D16: 0 | E16: 7143 | F16: 0
B17: REGATAS SOBRE MUROS EN CONCRETO, MAMPOSTERÍA DE LADRILLO O DE BLOQUE | C17: =+VLOOKUP(B17,[238]Hoja4!B$3:F$221,2,FALSE) -> M | D17: 0 | E17: 4962 | F17: 0
... B21: DEMOLICIÓN DE PLACA DE PISO EN CONCRETO DE E = 10 CM. (INCLUYE RETIRO Y ACARREO LIBRE HASTA 5 KM.) | C21: =+VLOOKUP(B21,[238]Hoja4!B$3:F$221,2,FALSE) -> M2 | D21: 27.1 | E21: 63675 | F21: 1725592.5
B22: DEMOLICIÓN DE PISO EN CERÁMICA + MORTERO. (INCLUYE RETIRO Y ACARREO LIBRE HASTA 5 KM.) | C22: =+VLOOKUP(B22,[238]Hoja4!B$3:F$300,2,FALSE) -> M2 | D22: 12.66 | E22: 20684 | F22: 261859.44
B23: =+[238]Hoja4!B262 -> DEMOLICIÓN DE ESTRUCTURAS DE CONCRETO CICLOPEO, (INCLUYE RETIRO Y ACARREO LIBRE HASTA 5 KM.) | C23: =+VLOOKUP(B23,[238]Hoja4!B$3:F$300,2,FALSE) -> M3 | D23: 1.6712 | E23: 536147 | F23: 896008.87
B24: =+[238]Hoja4!B263 -> DEMOLICIÓN OBRAS EN CONCRETO REFORZADO, INCLUYE CARGUE Y RETIRO DE SOBRANTES CON ACARREO LIBRE HASTA 5 KM.). | C24: =+VLOOKUP(B24,[238]Hoja4!B$3:F$300,2,FALSE) -> M3 | D24: 0.854 | E24: 512427 | F24: 437612.66
B25: DESMONTE DE MARCOS, PUERTAS Y VENTANAS. | C25: =+VLOOKUP(B25,[238]Hoja4!B$3:F$221,2,FALSE) -> M2 | D25: 4.61 | E25: 60447 | F25: 278660.67
B26: DEMOLICIÓN DE CIELO FALSO EN ESTRUCTURA DE ALUMINIO, (INCLUYE RETIRO Y ACARREO LIBRE HASTA 5 KM.) | C26: =+VLOOKUP(B26,[238]Hoja4!B$3:F$221,2,FALSE) -> M2 | D26: 0 | E26: 19409 | F26: 0
B27: RELLENO CON MATERIAL DE EXCAVACION COMPACTADO MANUALMENTE CON PISON | C27: =+VLOOKUP(B27,[238]Hoja4!B$3:F$221,2,FALSE) -> M3 | D27: 16.4818 | E27: 68288 | F27: 1125509.2
B28: DESCAPOTE MANUAL HASTA 20 CM (INCLUYE RETIRO Y ACARREO LIBRE HASTA 5 KM) | C28: =+VLOOKUP(B28,[238]Hoja4!B$3:F$221,2,FALSE) -> M2 | D28: 33.84 | E28: 18897 | F28: 639474.48
B29: EXCAVACIÓN MANUAL EN MATERIAL COMÚN | C29: =+VLOOKUP(B29,[238]Hoja4!B$3:F$221,2,FALSE) -> M3 | D29: 35.8141 | E29: 116450 | F29: 4170551.9
B30: EXCAVACIÓN MANUAL EN MATERIAL CONGLOMERADO | C30: =+VLOOKUP(B30,[238]Hoja4!B$3:F$221,2,FALSE) -> M3 | D30: 0.6 | E30: 163030 | F30: 97818
B31: SUMINISTRO, EXTENDIDA Y COMPACTACIÓN DE MATERIAL PARA AFIRMADO HASTA UN DIÁMETRO DE 2", (IP ≤ 9%), COMPACTADO AL 95% PROCTOR MODIFICADO | C31: =+VLOOKUP(B31,[238]Hoja4!B$3:F$221,2,FALSE) -> M3 | D31: 30.0515 | E31: 256959 | F31: 7722003.4
B32: DESMONTE DE CUBIERTA EN LÁMINA | C32: =+VLOOKUP(B32,[238]Hoja4!B$3:F$300,2,FALSE) -> M2 | D32: 58.93 | E32: 15306 | F32: 901982.58
C33: =+VLOOKUP(B33,[238]Hoja4!B$3:F$221,2,FALSE) -> #N/A | D33: 0
B35: CIMENTACIONES | F35: 41552481
B36: SOLADO CONCRETO f'c = 2000 psi (14 MPa), ESPESOR 0.05 M | C36: =+VLOOKUP(B36,[238]Hoja4!B$3:F$221,2,FALSE) -> M2 | D36: 3.75 | E36: 65698 | F36: 246367.5
B37: ZAPATA CUADRADA EN CONCRETO f'c = 3000 PSI (21MPa), Dimensiones 0,9x0,9x0,25 m | C37: =+VLOOKUP(B37,[238]Hoja4!B$3:F$221,2,FALSE) -> M3 | D37: 1.1 | E37: 1763453 | F37: 1939798.3
B38: PEDESTAL EN CONCRETO f'c = 3000 PSI (21MPa), Dimensiones 0,25x0,25x0,50 m | C38: =+VLOOKUP(B38,[238]Hoja4!B$3:F$221,2,FALSE) -> M3 | D38: 0.508 | E38: 1852166 | F38: 940900.33
B39: VIGA DE CIMENTACIÓN EN CONCRETO f'c = 3000 PSI (21MPa), Sección 0,20x0,30 m | C39: =+VLOOKUP(B39,[238]Hoja4!B$3:F$221,2,FALSE) -> M3 | D39: 16.2228 | E39: 1810313 | F39: 29368346
B40: SUMINISTRO E INSTALACIÓN DE CONCRETO CICLÓPEO 21 MPA (60C/40P) PARA BASES DE ESTRUCTURAS DE DRENAJE Y CONTENCIÓN | C40: =+VLOOKUP(B40,[238]Hoja4!B$3:F$221,2,FALSE) -> M3 | D40: 7.9966 | E40: 1132615 | F40: 9057069.1
B41: ESTRUCTURAS EN CONCRETO | F41: 1.360305e+08
B42: COLUMNA EN CONCRETO f'c = 3000 PSI (21MPa), Dimensiones 0,12x0,20 m | C42: =+VLOOKUP(B42,[238]Hoja4!B$3:F$221,2,FALSE) -> M3 | D42: 3.834 | E42: 2184805 | F42: 8376542.4
B43: COLUMNA EN CONCRETO f'c = 3000 PSI (21MPa), Dimensiones 0,15x0,20 m | C43: =+VLOOKUP(B43,[238]Hoja4!B$3:F$221,2,FALSE) -> M3 | D43: 2.2904 | E43: 2111861 | F43: 4837006.4
B44: VIGA DE AMARRE SOBRE MURO EN CONCRETO f'c = 3000 PSI (21MPa), Dimensiones 0,15X0,20 m | C44: =+VLOOKUP(B44,[238]Hoja4!B$3:F$221,2,FALSE) -> M3 | D44: 5.1264 | E44: 2159835 | F44: 11072178
B45: COLUMNA EN TUBO ESTRUCTURAL HR50 4mm, Dimensiones 0,10 X 0,10 M | C45: =+VLOOKUP(B45,[238]Hoja4!B$3:F$221,2,FALSE) -> M | D45: 46.4 | E45: 183956 | F45: 8535558.4
B46: PLACA BASE E= 8 CM EN CONCRETO f'c = 2500 PSI (17.5 Mpa), Incluye malla electrosoldada | C46: =+VLOOKUP(B46,[238]Hoja4!B$3:F$221,2,FALSE) -> M2 | D46: 181.6312 | E46: 167995 | F46: 30513133
B47: PLACA BASE E= 5 CM EN CONCRETO f'c = 2500 PSI (17.5 Mpa) | C47: =+VLOOKUP(B47,[238]Hoja4!B$3:F$221,2,FALSE) -> M2 | D47: 5.03 | E47: 116881 | F47: 587911.43
B48: MESONES EN CONCRETO A = 0.60 M. 17.5 MPa - (2500 PSI) INCLUYE REFUERZO, E = 0.05 M. | C48: =+VLOOKUP(B48,[238]Hoja4!B$3:F$221,2,FALSE) -> M2 | D48: 13.3 | E48: 318473 | F48: 4235690.9
B49: =+[238]Hoja4!B15 -> SUMINISTRO, FIGURADA Y AMARRE DE ACERO 60,000 PSI (420 Mpa) | C49: =+VLOOKUP(B49,[238]Hoja4!B$3:F$221,2,FALSE) -> KG | D49: 4888.1875 | E49: 13885 | F49: 67872483
B51: INSTALACIONES HIDRAHULICAS Y SANITARIAS | F51: 16119603
B52: SUMINISTRO E INSTALACIÓN DE TUBERÍA PVC DE 1/2" T.P, PARA RED DE SUMINISTRO INTERNA. | C52: =+VLOOKUP(B52,[238]Hoja4!B$3:F$221,2,FALSE) -> M | D52: 97.9 | E52: 24471 | F52: 2395710.9
B53: SUMINISTRO E INSTALACIÓN DE SALIDA DE AGUA FRÍA EN TUBERÍA PVC DE 1/2" T.P. | C53: =+VLOOKUP(B53,[238]Hoja4!B$3:F$221,2,FALSE) -> UND | D53: 30 | E53: 77838 | F53: 2335140
B54: SUMINISTRO E INSTALACIÓN DE TUBERÍA PVC SANITARIA D = 2" | C54: =+VLOOKUP(B54,[238]Hoja4!B$3:F$221,2,FALSE) -> M | D54: 21.6 | E54: 60892 | F54: 1315267.2
B55: SUMINISTRO E INSTALACIÓN DE SIFÓN SANITARIO DE 2" PVC | C55: =+VLOOKUP(B55,[238]Hoja4!B$3:F$221,2,FALSE) -> UND | D55: 18 | E55: 47432 | F55: 853776
B56: SUMINISTRO E INSTALACIÓN DE TUBERÍA PVC SANITARIA D = 3" | C56: =+VLOOKUP(B56,[238]Hoja4!B$3:F$221,2,FALSE) -> M | D56: 18 | E56: 63984 | F56: 1151712
B57: SUMINISTRO E INSTALACIÓN DE SIFÓN SANITARIO DE 3" PVC | C57: =+VLOOKUP(B57,[238]Hoja4!B$3:F$221,2,FALSE) -> UND | D57: 3 | E57: 51944 | F57: 155832
B58: SUMINISTRO E INSTALACIÓN DE TUBERÍA PVC SANITARIA DE Ø=4" | C58: =+VLOOKUP(B58,[238]Hoja4!B$3:F$221,2,FALSE) -> M | D58: 86 | E58: 83609 | F58: 7190374
B59: SUMINISTRO E INSTALACIÓN DE SIFÓN SANITARIO DE 4" PVC | C59: =+VLOOKUP(B59,[238]Hoja4!B$3:F$221,2,FALSE) -> UND | D59: 9 | E59: 80199 | F59: 721791
B60: INSTALACIONES ELECTRICAS | F60: 17371288
B61: SUMINISTRO E INSTALACIÓN DE ALIMENTADOR PARCIAL MONOFÁSICO EN CABLE DE COBRE No.12 AWG ( F,N,T). (INCLUYE TUBO PVC DE 1/2") | C61: =+VLOOKUP(B61,[238]Hoja4!B$3:F$221,2,FALSE) -> M | D61: 267.62 | E61: 50836 | F61: 13604730
B62: SUMINISTRO E INSTALACION DE INTERRUPTOR SENCILLO | C62: =+VLOOKUP(B62,[238]Hoja4!B$3:F$221,2,FALSE) -> UND | D62: 14 | E62: 29906 | F62: 418684
B63: SUMINISTRO E INSTALACION DE INTERRUPTOR DOBLE | C63: =+VLOOKUP(B63,[238]Hoja4!B$3:F$221,2,FALSE) -> UND | D63: 10 | E63: 36693 | F63: 366930
B64: SUMINISTRO E INSTALACION DE PLAFON Y BOMBILLO DE 40W | C64: =+VLOOKUP(B64,[238]Hoja4!B$3:F$221,2,FALSE) -> UND | D64: 34 | E64: 61619 | F64: 2095046
B65: SUMINISTRO E INSTALACIÓN DE TOMACORRIENTE DOBLE MONOFÁSICA | C65: =+VLOOKUP(B65,[238]Hoja4!B$3:F$221,2,FALSE) -> UND | D65: 26 | E65: 34073 | F65: 885898
B66: MAMPOSTERIA, ENCHAPES Y PISOS | F66: 1.8596835e+08
B67: MURO EN BLOQUE No 4 | C67: =+VLOOKUP(B67,[238]Hoja4!B$3:F$221,2,FALSE) -> M2 | D67: 351.1683 | E67: 110998 | F67: 38978979
B68: PAÑETE LISO SOBRE MURO E=1,5 CM | C68: =+VLOOKUP(B68,[238]Hoja4!B$3:F$221,2,FALSE) -> M2 | D68: 1246.3647 | E68: 55661 | F68: 69373906
B69: ENCHAPE EN CERÁMICA PARA MURO | C69: =+VLOOKUP(B69,[238]Hoja4!B$3:F$221,2,FALSE) -> M2 | D69: 173.715 | E69: 166700 | F69: 28958290
B70: SUMINISTRO E INSTALACIÓN DE VINILO TIPO I SOBRE PAÑETE O ESTUCO A TRES MANOS (INTERIORES) | C70: =+VLOOKUP(B70,[238]Hoja4!B$3:F$221,2,FALSE) -> M2 | D70: 552.2243 | E70: 23963 | F70: 13232951
B71: SUMINISTRO E INSTALACIÓN DE PINTURA KORAZA O SIMILAR PARA FACHADAS TRES MANOS (EXTERIORES) | C71: =+VLOOKUP(B71,[238]Hoja4!B$3:F$221,2,FALSE) -> M2 | D71: 354.8794 | E71: 29121 | F71: 10334443
B72: ENCHAPE EN CERÁMICA PARA PISO | C72: =+VLOOKUP(B72,[238]Hoja4!B$3:F$221,2,FALSE) -> M2 | D72: 134.949 | E72: 147896 | F72: 19958417
B73: ENCHAPE CERÁMICO EN MESÓN DE COCINA | C73: =+VLOOKUP(B73,[238]Hoja4!B$3:F$221,2,FALSE) -> M2 | D73: 16.05 | E73: 142204 | F73: 2282374.2
B74: GUARDA ESCOBA EN CERÁMICA E = 8.0 CM. | C74: =+VLOOKUP(B74,[238]Hoja4!B$3:F$221,2,FALSE) -> M | D74: 110.86 | E74: 25699 | F74: 2848991.1
B75: CUBIERTA | F75: 2.2011196e+08
B76: SUMINISTRO E INSTALACIÓN DE TUBO RECTANGULAR DE 3 X 1 1/2" CAL. 18 | C76: =+VLOOKUP(B76,[238]Hoja4!B$3:F$221,2,FALSE) -> M | D76: 1232.27 | E76: 67740 | F76: 83473970
B77: SUMINISTRO E INSTALACIÓN DE TUBO RECTANGULAR DE 4X 2" CAL. 14 | C77: =+VLOOKUP(B77,[238]Hoja4!B$3:F$221,2,FALSE) -> M | D77: 109.31 | E77: 79453 | F77: 8685007.4
B78: MANTENIMIENTO DE TUBO RECTANGULAR DE 3 X 1 1/2" CAL. 18 | D78: 63 | E78: 42000 | F78: 2646000
B79: SUMINISTRO E INSTALACIÓN DE CUBIERTA EN TEJA MASTER 1000 CAL.28 1,00 X 3,05 M | C79: =+VLOOKUP(B79,[238]Hoja4!B$3:F$221,2,FALSE) -> M2 | D79: 1318.47 | E79: 90128 | F79: 1.1883106e+08
B80: SUMINISTRO E INSTALACIÓN DE CABALLETE EN TEJA MASTER 1000 | C80: =+VLOOKUP(B80,[238]Hoja4!B$3:F$221,2,FALSE) -> M | D80: 87.49 | E80: 74019 | F80: 6475922.3
B81: APARATOS SANITARIOS Y DE COCINA | F81: 11730918
B82: SUMINISTRO E INSTALACIÓN DE SANITARIO SENCILLO BLANCO | C82: UND | D82: 10 | E82: 626441 | F82: 6264410
B83: SUMINISTRO E INSTALACIÓN DE LAVAMANOS COLOR BLANCO DE COLGAR INCLUYE ELEMENTOS DE FIJACIÓN | C83: UND | D83: 10 | E83: 241930 | F83: 2419300
B84: SUMINISTRO E INSTALACIÓN GRIFERÍA PARA DUCHA SENCILLA | C84: UND | D84: 10 | E84: 199044 | F84: 1990440
B85: SUMINISTRO E INSTALACIÓN LAVAPLATOS ACERO INOXIDABLE 0.6 X 0.40 M | C85: UND | D85: 4 | E85: 264192 | F85: 1056768
B86: CARPINTERIA METALICA | F86: 17950922
B87: SUMINISTRO E INSTALACIÓN DE PUERTA EN LÁMINA CAL. 18. | C87: M2 | D87: 26.71 | E87: 427691 | F87: 11423627
B88: SUMINISTRO E INSTALACIÓN DE VENTANA EN LÁMINA COLD ROLLED CAL.18 CON VIDRIO. (INCLUYE ANTICORROSIVO). | C88: M2 | D88: 12.558 | E88: 461393 | F88: 5794173.3
B89: CERRAMIENTO EN MALLA ESLABONADA CAL 10 (INCLUYE TUBO AGUA NEGRA DE 2" Y ANGULO 1" X 1" X1/8") | C89: M2 | D89: 0 | E89: 490368 | F89: 0
B90: SUMINISTRO E INSTALACIÓN DE CANAL EN LÁMINA GALVANIZADA CAL.20 DESARROLLO HASTA 0.50 M | C90: ML | D90: 11.7 | E90: 62660 | F90: 733122
F91: 5.1315441e+08
F92: 1.2315706e+08
F93: 10263088
F94: 35920808
F95: 6.8249536e+08
E97: TOTAL OBRA | F97: 8.3866084e+08
F100: CUPO POR VIVIENDA
F101: 20966521

Sheet Hoja2
A2: DATOS DEL PROYECTO
A3: ENTIDAD | B3: MUNICIPIO DE CUBARÁ
A4: FECHA | B4: DÍA | C4: MES | D4: AÑO | E4: 46239
B5: 5 | C5: 8 | D5: 2026
A6: VERSIÓN | B6: 1
A7: CÓDIGO | B7: CCE-EICP-FM-14
A8: TIPO DE FORMULARIO | B8: Análisis de Precios Unitarios- Secretaria de Planeación y Obras Publicas de Cubará, Boyacá.
A9: OBJETO | B9: MEJORAMIENTO DE VIVIENDA CON ENFOQUE DIFERENCIAL PARA POBLACIÓN VULNERABLE EN EL MUNICIPIO DE CUBARÁ, BOYACÁ (2026).
A10: A | B10: ADMINISTRACIÓN | E10: 0.24
A11: I | B11: IMPREVISTOS | E11: 0.02
A12: U | B12: UTILIDAD | E12: 0.07
A13: Proyectó: | B13: NOMBRE: | C13: HELMER EDUARDO BECERRA SANTANDER
B14: CARGO: | C14: APOYO SEC. DE PLANEACIÓN Y OBRAS PÚBLICAS
B15: MATRICULA P: | C15: 123769-0701671 NTS
A16: Aprobó: | B16: NOMBRE: | C16: JESÚS IVÁN QUIÑONES RUEDA
B17: CARGO: | C17: SECRETARIO DE PLANEACIÓN Y OBRAS PUBLICAS
B18: MATRICULA P: | C18: A21382020-1090480860

Sheet PRESUPUESTO GENERAL
